Workbook
Name asspa: #REF!
Name asspa: #REF!
Name ASSPAc: #REF!
Name ASSPAc: #REF!
Name asstot: #REF!
Name asstot: #REF!
Name crediti: #REF!
Name crediti: #REF!
Name dareavere: #REF!
Name dareavere: #REF!
Name DEBFLUT: #REF!
Name DEBFLUT: #REF!
Name debiti: #REF!
Name debiti: #REF!
Name ff: #REF!
Name ff: #REF!
Name fogl_q: #REF!
Name fogl_q: #REF!
Name hh: #REF!
Name hh: #REF!
Name MOD.21: #REF!
Name MOD.21: [1]INS.DATI!#REF!
Name MOD.48T: #REF!
Name MOD.48T: [1]INS.DATI!#REF!
Name MOD.61TER.T5.EE: #REF!
Name MOD.61TER.T5.EE: [1]INS.DATI!#REF!
Name NewTable0: #REF!
Name NewTable0: #REF!
Name NewTable1: #REF!
Name NewTable1: #REF!
Name NewTable4: #REF!
Name NewTable4: #REF!
Name NewTable6: #REF!
Name NewTable6: #REF!
Name PA: #REF!
Name PA: #REF!
Name PORTAFOGLIO: #REF!
Name PORTAFOGLIO: [1]INS.DATI!#REF!
Name ppp: #REF!
Name ppp: #REF!
Name pppp: #REF!
Name pppp: #REF!
Name pppppppp: #REF!
Name pppppppp: #REF!
Name pppppppppp: #REF!
Name pppppppppp: #REF!
Name prevpa: #REF!
Name prevpa: #REF!
Name prevpac: #REF!
Name prevpac: #REF!
Name prevtot: #REF!
Name prevtot: #REF!
Name prevtotcons: #REF!
Name prevtotcons: #REF!
Name Query6: #REF!
Name Query6: #REF!
Name sanpa: #REF!
Name sanpa: #REF!
Name sanpac: #REF!
Name sanpac: #REF!

Sheet 1 PdC DLGS 118_2011_PE e PP
A1: PIANO DEI CONTI INTEGRATO per gli enti pubblici territoriali ex Dlgs 118 del 2011 (aggiornamento del 2023) Allegato n. 6/2 al D.Lgs 118/2011 - PIANO ECONOMICO | E1: Voci del Piano dei conti unico, Segmento A, raccordate con le voci del Piano dei conti vigente | H1: Dati da inserire (ENTE) in corrispondenza delle righe popolate della colonna A)
A2: LIVELLO | B2: Descrizione | C2: CODICE | E2: Codice voce PdC unico | F2: Descrizione voce PdC unico | H2: SALDO CONTABILE 2025
A3: I | B3: Componenti positivi della gestione | C3: 1 | F3: =IF(E3="","",VLOOKUP(E3,'2 Pdc unico (segm A)'!F$3:H$629,3,FALSE))
A4: II | B4: Proventi di natura tributaria, contributiva e perequativa | C4: 1.1
A5: III | B5: Proventi da tributi | C5: 1.1.1 | F5: =IF(E5="","",VLOOKUP(E5,'2 Pdc unico (segm A)'!F$3:H$723,3,FALSE))
A6: IV | B6: Proventi da imposte, tasse e proventi assimilati | C6: 1.1.1.01 | F6: =IF(E6="","",VLOOKUP(E6,'2 Pdc unico (segm A)'!F$3:H$723,3,FALSE))
A7: V | B7: Imposta municipale propria | C7: 1.1.1.01.06 | F7: =IF(E7="","",VLOOKUP(E7,'2 Pdc unico (segm A)'!F$3:H$723,3,FALSE))
A8: VI | B8: Imposta municipale propria riscossa a seguito dell'attività ordinaria di gestione | C8: 1.1.1.01.06.001 | E8: 6.1.0.0.0 | F8: =IF(E8="","",VLOOKUP(E8,'2 Pdc unico (segm A)'!F$3:H$723,3,FALSE)) -> Proventi da tributi
A9: VI | B9: Imposte municipale propria riscosse a seguito di attività di verifica e controllo | C9: 1.1.1.01.06.002 | E9: 6.1.0.0.0 | F9: =IF(E9="","",VLOOKUP(E9,'2 Pdc unico (segm A)'!F$3:H$723,3,FALSE)) -> Proventi da tributi
A10: V | B10: Imposta comunale sugli immobili (ICI) | C10: 1.1.1.01.08 | F10: =IF(E10="","",VLOOKUP(E10,'2 Pdc unico (segm A)'!F$3:H$723,3,FALSE))
A11: VI | B11: Imposta comunale sugli immobili (ICI) riscossa a seguito dell'attività ordinaria di gestione | C11: 1.1.1.01.08.001 | E11: 6.1.0.0.0 | F11: =IF(E11="","",VLOOKUP(E11,'2 Pdc unico (segm A)'!F$3:H$723,3,FALSE)) -> Proventi da tributi
A12: VI | B12: Imposta comunale sugli immobili (ICI) riscossa a seguito di attività di verifica e controllo | C12: 1.1.1.01.08.002 | E12: 6.1.0.0.0 | F12: =IF(E12="","",VLOOKUP(E12,'2 Pdc unico (segm A)'!F$3:H$723,3,FALSE)) -> Proventi da tributi
A13: V | B13: Addizionale comunale IRPEF | C13: 1.1.1.01.16 | F13: =IF(E13="","",VLOOKUP(E13,'2 Pdc unico (segm A)'!F$3:H$723,3,FALSE))
A14: VI | B14: Addizionale comunale IRPEF riscossa a seguito dell'attività ordinaria di gestione | C14: 1.1.1.01.16.001 | E14: 6.1.0.0.0 | F14: =IF(E14="","",VLOOKUP(E14,'2 Pdc unico (segm A)'!F$3:H$723,3,FALSE)) -> Proventi da tributi
A15: VI | B15: Addizionale comunale IRPEF riscossa a seguito di attività di verifica e controllo | C15: 1.1.1.01.16.002 | E15: 6.1.0.0.0 | F15: =IF(E15="","",VLOOKUP(E15,'2 Pdc unico (segm A)'!F$3:H$723,3,FALSE)) -> Proventi da tributi
A16: V | B16: Addizionale regionale IRPEF non sanità | C16: 1.1.1.01.17 | F16: =IF(E16="","",VLOOKUP(E16,'2 Pdc unico (segm A)'!F$3:H$723,3,FALSE))
A17: VI | B17: Addizionale regionale IRPEF non sanità riscossa a seguito dell'attività ordinaria di gestione | C17: 1.1.1.01.17.001 | E17: 6.1.0.0.0 | F17: =IF(E17="","",VLOOKUP(E17,'2 Pdc unico (segm A)'!F$3:H$723,3,FALSE)) -> Proventi da tributi
A18: VI | B18: Addizionale regionale IRPEF non sanità riscossa a seguito di attività di verifica e controllo | C18: 1.1.1.01.17.002 | E18: 6.1.0.0.0 | F18: =IF(E18="","",VLOOKUP(E18,'2 Pdc unico (segm A)'!F$3:H$723,3,FALSE)) -> Proventi da tributi
A19: V | B19: Imposta regionale sulle attività produttive (IRAP) non Sanità | C19: 1.1.1.01.20 | F19: =IF(E19="","",VLOOKUP(E19,'2 Pdc unico (segm A)'!F$3:H$723,3,FALSE))
A20: VI | B20: Imposta regionale sulle attività produttive (IRAP) non Sanità riscossa a seguito dell'attività ordinaria di gestione | C20: 1.1.1.01.20.001 | E20: 6.1.0.0.0 | F20: =IF(E20="","",VLOOKUP(E20,'2 Pdc unico (segm A)'!F$3:H$723,3,FALSE)) -> Proventi da tributi
A21: VI | B21: Imposta regionale sulle attività produttive (IRAP) non Sanità riscossa a seguito di attività di verifica e controllo | C21: 1.1.1.01.20.002 | E21: 6.1.0.0.0 | F21: =IF(E21="","",VLOOKUP(E21,'2 Pdc unico (segm A)'!F$3:H$723,3,FALSE)) -> Proventi da tributi
A22: V | B22: Imposta regionale sulla benzina per autotrazione | C22: 1.1.1.01.31 | F22: =IF(E22="","",VLOOKUP(E22,'2 Pdc unico (segm A)'!F$3:H$723,3,FALSE))
A23: VI | B23: Imposta regionale sulla benzina per autotrazione riscossa a seguito dell'attività ordinaria di gestione | C23: 1.1.1.01.31.001 | E23: 6.1.0.0.0 | F23: =IF(E23="","",VLOOKUP(E23,'2 Pdc unico (segm A)'!F$3:H$723,3,FALSE)) -> Proventi da tributi
A24: VI | B24: Imposta regionale sulla benzina per autotrazione riscossi a seguito di attività di verifica e controllo | C24: 1.1.1.01.31.002 | E24: 6.1.0.0.0 | F24: =IF(E24="","",VLOOKUP(E24,'2 Pdc unico (segm A)'!F$3:H$723,3,FALSE)) -> Proventi da tributi
A25: V | B25: Imposta sulle assicurazioni RC auto | C25: 1.1.1.01.39 | F25: =IF(E25="","",VLOOKUP(E25,'2 Pdc unico (segm A)'!F$3:H$723,3,FALSE))
A26: VI | B26: Imposta sulle assicurazioni RC auto riscossa a seguito dell'attività ordinaria di gestione | C26: 1.1.1.01.39.001 | E26: 6.1.0.0.0 | F26: =IF(E26="","",VLOOKUP(E26,'2 Pdc unico (segm A)'!F$3:H$723,3,FALSE)) -> Proventi da tributi
A27: VI | B27: Imposta sulle assicurazioni RC auto riscossa a seguito di attività di verifica e controllo | C27: 1.1.1.01.39.002 | E27: 6.1.0.0.0 | F27: =IF(E27="","",VLOOKUP(E27,'2 Pdc unico (segm A)'!F$3:H$723,3,FALSE)) -> Proventi da tributi
A28: V | B28: Imposta di iscrizione al pubblico registro automobilistico (PRA) | C28: 1.1.1.01.40 | F28: =IF(E28="","",VLOOKUP(E28,'2 Pdc unico (segm A)'!F$3:H$723,3,FALSE))
A29: VI | B29: Imposta di iscrizione al pubblico registro automobilistico (PRA) riscossa a seguito dell'attività ordinaria di gestione | C29: 1.1.1.01.40.001 | E29: 6.1.0.0.0 | F29: =IF(E29="","",VLOOKUP(E29,'2 Pdc unico (segm A)'!F$3:H$723,3,FALSE)) -> Proventi da tributi
A30: VI | B30: Imposta di iscrizione al pubblico registro automobilistico (PRA) riscossa a seguito di attività di verifica e controllo | C30: 1.1.1.01.40.002 | E30: 6.1.0.0.0 | F30: =IF(E30="","",VLOOKUP(E30,'2 Pdc unico (segm A)'!F$3:H$723,3,FALSE)) -> Proventi da tributi
A31: V | B31: Imposta di soggiorno | C31: 1.1.1.01.41 | F31: =IF(E31="","",VLOOKUP(E31,'2 Pdc unico (segm A)'!F$3:H$723,3,FALSE))
A32: VI | B32: Imposta di soggiorno riscossa a seguito dell'attività ordinaria di gestione | C32: 1.1.1.01.41.001 | E32: 6.1.0.0.0 | F32: =IF(E32="","",VLOOKUP(E32,'2 Pdc unico (segm A)'!F$3:H$723,3,FALSE)) -> Proventi da tributi
A33: VI | B33: Imposta di soggiorno riscossa a seguito di attività di verifica e controllo | C33: 1.1.1.01.41.002 | E33: 6.1.0.0.0 | F33: =IF(E33="","",VLOOKUP(E33,'2 Pdc unico (segm A)'!F$3:H$723,3,FALSE)) -> Proventi da tributi
A34: V | B34: Imposta regionale sulle concessioni statali sui beni del demanio marittimo | C34: 1.1.1.01.42 | F34: =IF(E34="","",VLOOKUP(E34,'2 Pdc unico (segm A)'!F$3:H$723,3,FALSE))
A35: VI | B35: Imposta regionale sulle concessioni statali sui beni del demanio marittimo riscossa a seguito dell'attività ordinaria di gestione | C35: 1.1.1.01.42.001 | E35: 6.1.0.0.0 | F35: =IF(E35="","",VLOOKUP(E35,'2 Pdc unico (segm A)'!F$3:H$723,3,FALSE)) -> Proventi da tributi
A36: VI | B36: Imposta regionale sulle concessioni statali sui beni del demanio marittimo riscossa a seguito di attività di verifica e controllo | C36: 1.1.1.01.42.002 | E36: 6.1.0.0.0 | F36: =IF(E36="","",VLOOKUP(E36,'2 Pdc unico (segm A)'!F$3:H$723,3,FALSE)) -> Proventi da tributi
A37: V | B37: Imposta regionale sulle concessioni statali sui beni del patrimonio indisponibile | C37: 1.1.1.01.43 | F37: =IF(E37="","",VLOOKUP(E37,'2 Pdc unico (segm A)'!F$3:H$723,3,FALSE))
A38: VI | B38: Imposta regionale sulle concessioni statali sui beni del patrimonio indisponibile riscossa a seguito dell'attività ordinaria di gestione | C38: 1.1.1.01.43.001 | E38: 6.1.0.0.0 | F38: =IF(E38="","",VLOOKUP(E38,'2 Pdc unico (segm A)'!F$3:H$723,3,FALSE)) -> Proventi da tributi
A39: VI | B39: Imposta regionale sulle concessioni statali sui beni del patrimonio indisponibile riscossa a seguito di attività di verifica e controllo | C39: 1.1.1.01.43.002 | E39: 6.1.0.0.0 | F39: =IF(E39="","",VLOOKUP(E39,'2 Pdc unico (segm A)'!F$3:H$723,3,FALSE)) -> Proventi da tributi
A40: V | B40: Imposta regionale per le emissioni sonore degli aeromobili | C40: 1.1.1.01.44 | F40: =IF(E40="","",VLOOKUP(E40,'2 Pdc unico (segm A)'!F$3:H$723,3,FALSE))
A41: VI | B41: Imposta regionale per le emissioni sonore degli aeromobili riscossa a seguito dell'attività ordinaria di gestione | C41: 1.1.1.01.44.001 | E41: 6.1.0.0.0 | F41: =IF(E41="","",VLOOKUP(E41,'2 Pdc unico (segm A)'!F$3:H$723,3,FALSE)) -> Proventi da tributi
A42: VI | B42: Imposta regionale per le emissioni sonore degli aeromobili riscossa a seguito di attività di verifica e controllo | C42: 1.1.1.01.44.002 | E42: 6.1.0.0.0 | F42: =IF(E42="","",VLOOKUP(E42,'2 Pdc unico (segm A)'!F$3:H$723,3,FALSE)) -> Proventi da tributi
A43: V | B43: Tassa regionale per il diritto allo studio universitario | C43: 1.1.1.01.46 | F43: =IF(E43="","",VLOOKUP(E43,'2 Pdc unico (segm A)'!F$3:H$723,3,FALSE))
A44: VI | B44: Tassa regionale per il diritto allo studio universitario riscossa a seguito dell'attività ordinaria di gestione | C44: 1.1.1.01.46.001 | E44: 6.1.0.0.0 | F44: =IF(E44="","",VLOOKUP(E44,'2 Pdc unico (segm A)'!F$3:H$723,3,FALSE)) -> Proventi da tributi
A45: VI | B45: Tassa regionale per il diritto allo studio universitario riscossa a seguito di attività di verifica e controllo | C45: 1.1.1.01.46.002 | E45: 6.1.0.0.0 | F45: =IF(E45="","",VLOOKUP(E45,'2 Pdc unico (segm A)'!F$3:H$723,3,FALSE)) -> Proventi da tributi
A46: V | B46: Tassa sulla concessione per la caccia e per la pesca | C46: 1.1.1.01.47 | F46: =IF(E46="","",VLOOKUP(E46,'2 Pdc unico (segm A)'!F$3:H$723,3,FALSE))
A47: VI | B47: Tassa sulla concessione per la caccia e per la pesca riscossa a seguito dell'attività ordinaria di gestione | C47: 1.1.1.01.47.001 | E47: 6.1.0.0.0 | F47: =IF(E47="","",VLOOKUP(E47,'2 Pdc unico (segm A)'!F$3:H$723,3,FALSE)) -> Proventi da tributi
A48: VI | B48: Tassa sulla concessione per la caccia e per la pesca riscosse a seguito di attività di verifica e controllo | C48: 1.1.1.01.47.002 | E48: 6.1.0.0.0 | F48: =IF(E48="","",VLOOKUP(E48,'2 Pdc unico (segm A)'!F$3:H$723,3,FALSE)) -> Proventi da tributi
A49: V | B49: Tasse sulle concessioni regionali | C49: 1.1.1.01.48 | F49: =IF(E49="","",VLOOKUP(E49,'2 Pdc unico (segm A)'!F$3:H$723,3,FALSE))
A50: VI | B50: Tasse sulle concessioni regionali riscosse a seguito dell'attività ordinaria di gestione | C50: 1.1.1.01.48.001 | E50: 6.1.0.0.0 | F50: =IF(E50="","",VLOOKUP(E50,'2 Pdc unico (segm A)'!F$3:H$723,3,FALSE)) -> Proventi da tributi
A51: VI | B51: Tasse sulle concessioni regionali riscosse a seguito di attività di verifica e controllo | C51: 1.1.1.01.48.002 | E51: 6.1.0.0.0 | F51: =IF(E51="","",VLOOKUP(E51,'2 Pdc unico (segm A)'!F$3:H$723,3,FALSE)) -> Proventi da tributi
A52: V | B52: Tasse sulle concessioni comunali | C52: 1.1.1.01.49 | F52: =IF(E52="","",VLOOKUP(E52,'2 Pdc unico (segm A)'!F$3:H$723,3,FALSE))
A53: VI | B53: Tasse sulle concessioni comunali riscosse a seguito dell'attività ordinaria di gestione | C53: 1.1.1.01.49.001 | E53: 6.1.0.0.0 | F53: =IF(E53="","",VLOOKUP(E53,'2 Pdc unico (segm A)'!F$3:H$723,3,FALSE)) -> Proventi da tributi
A54: VI | B54: Tasse sulle concessioni comunali riscosse a seguito di attività di verifica e controllo | C54: 1.1.1.01.49.002 | E54: 6.1.0.0.0 | F54: =IF(E54="","",VLOOKUP(E54,'2 Pdc unico (segm A)'!F$3:H$723,3,FALSE)) -> Proventi da tributi
A55: V | B55: Tassa di circolazione dei veicoli a motore (tassa automobilistica) | C55: 1.1.1.01.50 | F55: =IF(E55="","",VLOOKUP(E55,'2 Pdc unico (segm A)'!F$3:H$723,3,FALSE))
A56: VI | B56: Tassa di circolazione dei veicoli a motore (tassa automobilistica) riscosse a seguito dell'attività ordinaria di gestione | C56: 1.1.1.01.50.001 | E56: 6.1.0.0.0 | F56: =IF(E56="","",VLOOKUP(E56,'2 Pdc unico (segm A)'!F$3:H$723,3,FALSE)) -> Proventi da tributi
A57: VI | B57: Tassa di circolazione dei veicoli a motore (tassa automobilistica) riscosse a seguito di attività di verifica e controllo | C57: 1.1.1.01.50.002 | E57: 6.1.0.0.0 | F57: =IF(E57="","",VLOOKUP(E57,'2 Pdc unico (segm A)'!F$3:H$723,3,FALSE)) -> Proventi da tributi
A58: V | B58: Tassa smaltimento rifiuti solidi urbani | C58: 1.1.1.01.51 | F58: =IF(E58="","",VLOOKUP(E58,'2 Pdc unico (segm A)'!F$3:H$723,3,FALSE))
A59: VI | B59: Tassa smaltimento rifiuti solidi urbani riscossa a seguito dell'attività ordinaria di gestione | C59: 1.1.1.01.51.001 | E59: 6.1.0.0.0 | F59: =IF(E59="","",VLOOKUP(E59,'2 Pdc unico (segm A)'!F$3:H$723,3,FALSE)) -> Proventi da tributi
A60: VI | B60: Tassa smaltimento rifiuti solidi urbani riscossa a seguito di attività di verifica e controllo | C60: 1.1.1.01.51.002 | E60: 6.1.0.0.0 | F60: =IF(E60="","",VLOOKUP(E60,'2 Pdc unico (segm A)'!F$3:H$723,3,FALSE)) -> Proventi da tributi
A61: V | B61: Tassa occupazione spazi e aree pubbliche | C61: 1.1.1.01.52 | F61: =IF(E61="","",VLOOKUP(E61,'2 Pdc unico (segm A)'!F$3:H$723,3,FALSE))
A62: VI | B62: Tassa occupazione spazi e aree pubbliche riscossa a seguito dell'attività ordinaria di gestione | C62: 1.1.1.01.52.001 | E62: 6.1.0.0.0 | F62: =IF(E62="","",VLOOKUP(E62,'2 Pdc unico (segm A)'!F$3:H$723,3,FALSE)) -> Proventi da tributi
A63: VI | B63: Tassa occupazione spazi e aree pubbliche riscossa a seguito di attività di verifica e controllo | C63: 1.1.1.01.52.002 | E63: 6.1.0.0.0 | F63: =IF(E63="","",VLOOKUP(E63,'2 Pdc unico (segm A)'!F$3:H$723,3,FALSE)) -> Proventi da tributi
A64: V | B64: Imposta comunale sulla pubblicità e diritto sulle pubbliche affissioni | C64: 1.1.1.01.53 | F64: =IF(E64="","",VLOOKUP(E64,'2 Pdc unico (segm A)'!F$3:H$723,3,FALSE))
A65: VI | B65: Imposta comunale sulla pubblicità e diritto sulle pubbliche affissioni riscossa a seguito dell'attività ordinaria di gestione | C65: 1.1.1.01.53.001 | E65: 6.1.0.0.0 | F65: =IF(E65="","",VLOOKUP(E65,'2 Pdc unico (segm A)'!F$3:H$723,3,FALSE)) -> Proventi da tributi
A66: VI | B66: Imposta comunale sulla pubblicità e diritto sulle pubbliche affissioni riscossa a seguito di attività di verifica e controllo | C66: 1.1.1.01.53.002 | E66: 6.1.0.0.0 | F66: =IF(E66="","",VLOOKUP(E66,'2 Pdc unico (segm A)'!F$3:H$723,3,FALSE)) -> Proventi da tributi
A67: V | B67: Imposta municipale secondaria | C67: 1.1.1.01.54 | F67: =IF(E67="","",VLOOKUP(E67,'2 Pdc unico (segm A)'!F$3:H$723,3,FALSE))
A68: VI | B68: Imposta municipale secondaria riscossa a seguito dell'attività ordinaria di gestione | C68: 1.1.1.01.54.001 | E68: 6.1.0.0.0 | F68: =IF(E68="","",VLOOKUP(E68,'2 Pdc unico (segm A)'!F$3:H$723,3,FALSE)) -> Proventi da tributi
A69: VI | B69: Imposta municipale secondaria riscossa a seguito di attività di verifica e controllo | C69: 1.1.1.01.54.002 | E69: 6.1.0.0.0 | F69: =IF(E69="","",VLOOKUP(E69,'2 Pdc unico (segm A)'!F$3:H$723,3,FALSE)) -> Proventi da tributi
A70: V | B70: Tassa di abilitazione all'esercizio professionale | C70: 1.1.1.01.55 | F70: =IF(E70="","",VLOOKUP(E70,'2 Pdc unico (segm A)'!F$3:H$723,3,FALSE))
A71: VI | B71: Tassa di abilitazione all'esercizio professionale riscossa a seguito dell'attività ordinaria di gestione | C71: 1.1.1.01.55.001 | E71: 6.1.0.0.0 | F71: =IF(E71="","",VLOOKUP(E71,'2 Pdc unico (segm A)'!F$3:H$723,3,FALSE)) -> Proventi da tributi
A72: VI | B72: Tassa di abilitazione all'esercizio professionale riscossa a seguito di attività di verifica e controllo | C72: 1.1.1.01.55.002 | E72: 6.1.0.0.0 | F72: =IF(E72="","",VLOOKUP(E72,'2 Pdc unico (segm A)'!F$3:H$723,3,FALSE)) -> Proventi da tributi
A73: V | B73: Tributo speciale per il deposito in discarica dei rifiuti solidi | C73: 1.1.1.01.59 | F73: =IF(E73="","",VLOOKUP(E73,'2 Pdc unico (segm A)'!F$3:H$723,3,FALSE))
A74: VI | B74: Tributo speciale per il deposito in discarica dei rifiuti solidi riscosso a seguito dell'attività ordinaria di gestione | C74: 1.1.1.01.59.001 | E74: 6.1.0.0.0 | F74: =IF(E74="","",VLOOKUP(E74,'2 Pdc unico (segm A)'!F$3:H$723,3,FALSE)) -> Proventi da tributi
A75: VI | B75: Tributo speciale per il deposito in discarica dei rifiuti solidi riscosso a seguito di attività di verifica e controllo | C75: 1.1.1.01.59.002 | E75: 6.1.0.0.0 | F75: =IF(E75="","",VLOOKUP(E75,'2 Pdc unico (segm A)'!F$3:H$723,3,FALSE)) -> Proventi da tributi
A76: V | B76: Tributo per l'esercizio delle funzioni di tutela, protezione e igiene dell'ambiente | C76: 1.1.1.01.60 | F76: =IF(E76="","",VLOOKUP(E76,'2 Pdc unico (segm A)'!F$3:H$723,3,FALSE))
A77: VI | B77: Tributo per l'esercizio delle funzioni di tutela, protezione e igiene dell'ambiente riscosso a seguito dell'attività ordinaria di gestione | C77: 1.1.1.01.60.001 | E77: 6.1.0.0.0 | F77: =IF(E77="","",VLOOKUP(E77,'2 Pdc unico (segm A)'!F$3:H$723,3,FALSE)) -> Proventi da tributi
A78: VI | B78: Tributo per l'esercizio delle funzioni di tutela, protezione e igiene dell'ambiente riscosso a seguito di attività di verifica e controllo | C78: 1.1.1.01.60.002 | E78: 6.1.0.0.0 | F78: =IF(E78="","",VLOOKUP(E78,'2 Pdc unico (segm A)'!F$3:H$723,3,FALSE)) -> Proventi da tributi
A79: V | B79: Tributo comunale sui rifiuti e sui servizi | C79: 1.1.1.01.61 | F79: =IF(E79="","",VLOOKUP(E79,'2 Pdc unico (segm A)'!F$3:H$723,3,FALSE))
A80: VI | B80: Tributo comunale sui rifiuti e sui servizi riscosso a seguito dell'attività ordinaria di gestione | C80: 1.1.1.01.61.001 | E80: 6.1.0.0.0 | F80: =IF(E80="","",VLOOKUP(E80,'2 Pdc unico (segm A)'!F$3:H$723,3,FALSE)) -> Proventi da tributi
A81: VI | B81: Tributo comunale sui rifiuti e sui servizi riscosso a seguito di attività di verifica e controllo | C81: 1.1.1.01.61.002 | E81: 6.1.0.0.0 | F81: =IF(E81="","",VLOOKUP(E81,'2 Pdc unico (segm A)'!F$3:H$723,3,FALSE)) -> Proventi da tributi
A82: V | B82: Diritti mattatoi | C82: 1.1.1.01.64 | F82: =IF(E82="","",VLOOKUP(E82,'2 Pdc unico (segm A)'!F$3:H$723,3,FALSE))
A83: VI | B83: Diritti mattatoi riscossa a seguito dell'attività ordinaria di gestione | C83: 1.1.1.01.64.001 | E83: 6.1.0.0.0 | F83: =IF(E83="","",VLOOKUP(E83,'2 Pdc unico (segm A)'!F$3:H$723,3,FALSE)) -> Proventi da tributi
A84: VI | B84: Diritti mattatoi riscossi a seguito di attività di verifica e controllo | C84: 1.1.1.01.64.002 | E84: 6.1.0.0.0 | F84: =IF(E84="","",VLOOKUP(E84,'2 Pdc unico (segm A)'!F$3:H$723,3,FALSE)) -> Proventi da tributi
A85: V | B85: Diritti degli Enti provinciali turismo | C85: 1.1.1.01.65 | F85: =IF(E85="","",VLOOKUP(E85,'2 Pdc unico (segm A)'!F$3:H$723,3,FALSE))
A86: VI | B86: Diritti degli Enti provinciali turismo riscossi a seguito dell'attività ordinaria di gestione | C86: 1.1.1.01.65.001 | E86: 6.1.0.0.0 | F86: =IF(E86="","",VLOOKUP(E86,'2 Pdc unico (segm A)'!F$3:H$723,3,FALSE)) -> Proventi da tributi
A87: VI | B87: Diritti degli Enti provinciali turismo riscossi a seguito di attività di verifica e controllo | C87: 1.1.1.01.65.002 | E87: 6.1.0.0.0 | F87: =IF(E87="","",VLOOKUP(E87,'2 Pdc unico (segm A)'!F$3:H$723,3,FALSE)) -> Proventi da tributi
A88: V | B88: Addizionale regionale sui canoni per le utenze di acque pubbliche | C88: 1.1.1.01.68 | F88: =IF(E88="","",VLOOKUP(E88,'2 Pdc unico (segm A)'!F$3:H$723,3,FALSE))
A89: VI | B89: Addizionale regionale sui canoni per le utenze di acque pubbliche riscossa a seguito dell'attività ordinaria di gestione | C89: 1.1.1.01.68.001 | E89: 6.1.0.0.0 | F89: =IF(E89="","",VLOOKUP(E89,'2 Pdc unico (segm A)'!F$3:H$723,3,FALSE)) -> Proventi da tributi
A90: VI | B90: Addizionale regionale sui canoni per le utenze di acque pubbliche riscossa a seguito di attività di verifica e controllo | C90: 1.1.1.01.68.002 | E90: 6.1.0.0.0 | F90: =IF(E90="","",VLOOKUP(E90,'2 Pdc unico (segm A)'!F$3:H$723,3,FALSE)) -> Proventi da tributi
A91: V | B91: Proventi dei Casinò | C91: 1.1.1.01.70 | F91: =IF(E91="","",VLOOKUP(E91,'2 Pdc unico (segm A)'!F$3:H$723,3,FALSE))
A92: VI | B92: Proventi dei Casinò riscossi a seguito dell'attività ordinaria di gestione | C92: 1.1.1.01.70.001 | E92: 6.6.0.0.0 | F92: =IF(E92="","",VLOOKUP(E92,'2 Pdc unico (segm A)'!F$3:H$723,3,FALSE)) -> Altri proventi e ricavi diversi
A93: VI | B93: Proventi dei Casinò riscossi a seguito di attività di verifica e controllo | C93: 1.1.1.01.70.002 | E93: 6.6.0.0.0 | F93: =IF(E93="","",VLOOKUP(E93,'2 Pdc unico (segm A)'!F$3:H$723,3,FALSE)) -> Altri proventi e ricavi diversi
A94: V | B94: Tributo per i servizi indivisibili (TASI) | C94: 1.1.1.01.76 | F94: =IF(E94="","",VLOOKUP(E94,'2 Pdc unico (segm A)'!F$3:H$723,3,FALSE))
A95: VI | B95: Tributo per i servizi indivisibili (TASI) riscosso a seguito dell'attività ordinaria di gestione | C95: 1.1.1.01.76.001 | E95: 6.1.0.0.0 | F95: =IF(E95="","",VLOOKUP(E95,'2 Pdc unico (segm A)'!F$3:H$723,3,FALSE)) -> Proventi da tributi
A96: VI | B96: Tributo per i servizi indivisibili (TASI) riscosso a seguito di attività di verifica e controllo | C96: 1.1.1.01.76.002 | E96: 6.1.0.0.0 | F96: =IF(E96="","",VLOOKUP(E96,'2 Pdc unico (segm A)'!F$3:H$723,3,FALSE)) -> Proventi da tributi
A97: V | B97: Addizionale regionale sul gas naturale | C97: 1.1.1.01.77 | F97: =IF(E97="","",VLOOKUP(E97,'2 Pdc unico (segm A)'!F$3:H$723,3,FALSE))
A98: VI | B98: Addizionale regionale sul gas naturale riscossa a seguito dell'attività ordinaria di gestione | C98: 1.1.1.01.77.001 | E98: 6.1.0.0.0 | F98: =IF(E98="","",VLOOKUP(E98,'2 Pdc unico (segm A)'!F$3:H$723,3,FALSE)) -> Proventi da tributi
A99: VI | B99: Addizionale regionale sul gas naturale riscossa a seguito di attività di verifica e controllo | C99: 1.1.1.01.77.002 | E99: 6.1.0.0.0 | F99: =IF(E99="","",VLOOKUP(E99,'2 Pdc unico (segm A)'!F$3:H$723,3,FALSE)) -> Proventi da tributi
A100: V | B100: Altre ritenute n.a.c. | C100: 1.1.1.01.95 | F100: =IF(E100="","",VLOOKUP(E100,'2 Pdc unico (segm A)'!F$3:H$723,3,FALSE))
...

Sheet 2 Pdc unico (segm A)
A1: Piano dei conti unico (Aggiornamento, approvato il 17 aprile 2025, del Piano dei conti adottato con Determina del RGS n. 176775 del 27 giugno 2024 ) | I1: Dati fissi NON MODIFICABILI | J1: Importi calcolati dal foglio 1) NON MODIFICABILI | L1: Importi da inserire | N1: Importi calcolati (formula) NON MODIFICABILI
A2: Codice delle voci | G2: Voci del SEGMENTO A (ITAS) | J2: B) | L2: C) | N2: D) = B) + C)
A3: Cod Liv I | B3: Cod Liv II | C3: Cod Liv III | D3: Cod Liv IV | E3: Cod Liv V | F3: Codice puntato completo v0325 | G3: Livello voce Segm A | H3: Descrizione voce Segmento A | I3: Collegamento delle voci del segmento A con le voci degli schemi di bilancio ITAS1 | J3: IMPORTO 2025 RICLASSIFICATO SU VOCI SEGMENTO A | L3: EVENTUALI RETTIFICHE/INTEGRAZIONI (+/-) | N3: IMPORTO 2025 DA RIALLOCARE SUGLI SCHEMI DI CE e SP
A4: 1 | B4: 0 | C4: 0 | D4: 0 | E4: 0 | F4: =CONCATENATE(A4,".",B4,".",C4,".",D4,".",E4) -> 1.0.0.0.0 | G4: I | H4: ATTIVITA' NON CORRENTI | J4: =+J5+J27+J146+J156 -> 0 | L4: =+L5+L27+L146+L156 -> 0 | N4: =+N5+N27+N146+N156 -> 0
A5: 1 | B5: 1 | C5: 0 | D5: 0 | E5: 0 | F5: =CONCATENATE(A5,".",B5,".",C5,".",D5,".",E5) -> 1.1.0.0.0 | G5: II | H5: Immobilizzazioni immateriali e avviamento | J5: =+J6+J10+J14+J18+J22+J23 -> 0 | L5: =+L6+L10+L14+L18+L22+L23 -> 0 | N5: =+N6+N10+N14+N18+N22+N23 -> 0
A6: 1 | B6: 1 | C6: 1 | D6: 0 | E6: 0 | F6: =CONCATENATE(A6,".",B6,".",C6,".",D6,".",E6) -> 1.1.1.0.0 | G6: III | H6: Diritti di brevetto industriale e diritti di utilizzazione di opere dell'ingegno | I6: SP-ATT-A.1_L | J6: =SUM(J7:J9) -> 0 | L6: =SUM(L7:L9) -> 0 | N6: =SUM(N7:N9) -> 0
A7: 1 | B7: 1 | C7: 1 | D7: 1 | E7: 0 | F7: =CONCATENATE(A7,".",B7,".",C7,".",D7,".",E7) -> 1.1.1.1.0 | G7: IV | H7: Diritti di brevetto industriale e diritti di utilizzazione di opere dell'ingegno acquisiti con leasing finanziario | I7: SP-ATT-A.1_L_leas | J7: =SUMIF('1 PdC DLGS 118_2011_PE e PP'!$E$4:$E$5622,'2 Pdc unico (segm A)'!F7,'1 PdC DLGS 118_2011_PE e PP'!$H$4:$H$5622) -> 0 | L7: 0 | N7: =+J7+L7 -> 0
A8: 1 | B8: 1 | C8: 1 | D8: 2 | E8: 0 | F8: =CONCATENATE(A8,".",B8,".",C8,".",D8,".",E8) -> 1.1.1.2.0 | G8: IV | H8: Diritti di brevetto industriale e diritti di utilizzazione di opere dell'ingegno in concessione a terzi | I8: SP-ATT-A.1_L_conc | J8: =SUMIF('1 PdC DLGS 118_2011_PE e PP'!$E$4:$E$5622,'2 Pdc unico (segm A)'!F8,'1 PdC DLGS 118_2011_PE e PP'!$H$4:$H$5622) -> 0 | L8: 0 | N8: =+J8+L8 -> 0
A9: 1 | B9: 1 | C9: 1 | D9: 3 | E9: 0 | F9: =CONCATENATE(A9,".",B9,".",C9,".",D9,".",E9) -> 1.1.1.3.0 | G9: IV | H9: Diritti di brevetto industriale e diritti di utilizzazione di opere dell'ingegno non in concessione e non acquisiti con leasing finanziario | I9: SP-ATT-A.1_L_Noleasconc | J9: =SUMIF('1 PdC DLGS 118_2011_PE e PP'!$E$4:$E$5622,'2 Pdc unico (segm A)'!F9,'1 PdC DLGS 118_2011_PE e PP'!$H$4:$H$5622) -> 0 | L9: 0 | N9: =+J9+L9 -> 0
A10: 1 | B10: 1 | C10: 2 | D10: 0 | E10: 0 | F10: =CONCATENATE(A10,".",B10,".",C10,".",D10,".",E10) -> 1.1.2.0.0 | G10: III | H10: Concessioni, licenze, marchi | I10: SP-ATT-A.2_L | J10: =SUM(J11:J13) -> 0 | L10: =SUM(L11:L13) -> 0 | N10: =SUM(N11:N13) -> 0
A11: 1 | B11: 1 | C11: 2 | D11: 1 | E11: 0 | F11: =CONCATENATE(A11,".",B11,".",C11,".",D11,".",E11) -> 1.1.2.1.0 | G11: IV | H11: Concessioni, licenze, marchi acquisiti con leasing finanziario | I11: SP-ATT-A.2_L_leas | J11: =SUMIF('1 PdC DLGS 118_2011_PE e PP'!$E$4:$E$5622,'2 Pdc unico (segm A)'!F11,'1 PdC DLGS 118_2011_PE e PP'!$H$4:$H$5622) -> 0 | L11: 0 | N11: =+J11+L11 -> 0
A12: 1 | B12: 1 | C12: 2 | D12: 2 | E12: 0 | F12: =CONCATENATE(A12,".",B12,".",C12,".",D12,".",E12) -> 1.1.2.2.0 | G12: IV | H12: Concessioni, licenze, marchi in concessione a terzi | I12: SP-ATT-A.2_L_conc | J12: =SUMIF('1 PdC DLGS 118_2011_PE e PP'!$E$4:$E$5622,'2 Pdc unico (segm A)'!F12,'1 PdC DLGS 118_2011_PE e PP'!$H$4:$H$5622) -> 0 | L12: 0 | N12: =+J12+L12 -> 0
A13: 1 | B13: 1 | C13: 2 | D13: 3 | E13: 0 | F13: =CONCATENATE(A13,".",B13,".",C13,".",D13,".",E13) -> 1.1.2.3.0 | G13: IV | H13: Concessioni, licenze, marchi non in concessione e non acquisiti con leasing finanziario | I13: SP-ATT-A.2_L_Noleasconc | J13: =SUMIF('1 PdC DLGS 118_2011_PE e PP'!$E$4:$E$5622,'2 Pdc unico (segm A)'!F13,'1 PdC DLGS 118_2011_PE e PP'!$H$4:$H$5622) -> 0 | L13: 0 | N13: =+J13+L13 -> 0
A14: 1 | B14: 1 | C14: 3 | D14: 0 | E14: 0 | F14: =CONCATENATE(A14,".",B14,".",C14,".",D14,".",E14) -> 1.1.3.0.0 | G14: III | H14: Altri diritti | I14: SP-ATT-A.3_L | J14: =SUM(J15:J17) -> 0 | L14: =SUM(L15:L17) -> 0 | N14: =SUM(N15:N17) -> 0
A15: 1 | B15: 1 | C15: 3 | D15: 1 | E15: 0 | F15: =CONCATENATE(A15,".",B15,".",C15,".",D15,".",E15) -> 1.1.3.1.0 | G15: IV | H15: Altri diritti acquisiti con leasing finanziario | I15: SP-ATT-A.3_L_leas | J15: =SUMIF('1 PdC DLGS 118_2011_PE e PP'!$E$4:$E$5622,'2 Pdc unico (segm A)'!F15,'1 PdC DLGS 118_2011_PE e PP'!$H$4:$H$5622) -> 0 | L15: 0 | N15: =+J15+L15 -> 0
A16: 1 | B16: 1 | C16: 3 | D16: 2 | E16: 0 | F16: =CONCATENATE(A16,".",B16,".",C16,".",D16,".",E16) -> 1.1.3.2.0 | G16: IV | H16: Altri diritti in concessione a terzi | I16: SP-ATT-A.3_L_conc | J16: =SUMIF('1 PdC DLGS 118_2011_PE e PP'!$E$4:$E$5622,'2 Pdc unico (segm A)'!F16,'1 PdC DLGS 118_2011_PE e PP'!$H$4:$H$5622) -> 0 | L16: 0 | N16: =+J16+L16 -> 0
A17: 1 | B17: 1 | C17: 3 | D17: 3 | E17: 0 | F17: =CONCATENATE(A17,".",B17,".",C17,".",D17,".",E17) -> 1.1.3.3.0 | G17: IV | H17: Altri diritti non in concessione e non acquisiti con leasing finanziario | I17: SP-ATT-A.3_L_Noleasconc | J17: =SUMIF('1 PdC DLGS 118_2011_PE e PP'!$E$4:$E$5622,'2 Pdc unico (segm A)'!F17,'1 PdC DLGS 118_2011_PE e PP'!$H$4:$H$5622) -> 0 | L17: 0 | N17: =+J17+L17 -> 0
A18: 1 | B18: 1 | C18: 4 | D18: 0 | E18: 0 | F18: =CONCATENATE(A18,".",B18,".",C18,".",D18,".",E18) -> 1.1.4.0.0 | G18: III | H18: Avviamento | I18: SP-ATT-A.4_L | J18: =SUM(J19:J21) -> 0 | L18: =SUM(L19:L21) -> 0 | N18: =SUM(N19:N21) -> 0
A19: 1 | B19: 1 | C19: 4 | D19: 1 | E19: 0 | F19: =CONCATENATE(A19,".",B19,".",C19,".",D19,".",E19) -> 1.1.4.1.0 | G19: IV | H19: Avviamento acquisito con leasing finanziario | I19: SP-ATT-A.4_L_leas | J19: =SUMIF('1 PdC DLGS 118_2011_PE e PP'!$E$4:$E$5622,'2 Pdc unico (segm A)'!F19,'1 PdC DLGS 118_2011_PE e PP'!$H$4:$H$5622) -> 0 | L19: 0 | N19: =+J19+L19 -> 0
A20: 1 | B20: 1 | C20: 4 | D20: 2 | E20: 0 | F20: =CONCATENATE(A20,".",B20,".",C20,".",D20,".",E20) -> 1.1.4.2.0 | G20: IV | H20: Avviamento in concessione a terzi | I20: SP-ATT-A.4_L_conc | J20: =SUMIF('1 PdC DLGS 118_2011_PE e PP'!$E$4:$E$5622,'2 Pdc unico (segm A)'!F20,'1 PdC DLGS 118_2011_PE e PP'!$H$4:$H$5622) -> 0 | L20: 0 | N20: =+J20+L20 -> 0
A21: 1 | B21: 1 | C21: 4 | D21: 3 | E21: 0 | F21: =CONCATENATE(A21,".",B21,".",C21,".",D21,".",E21) -> 1.1.4.3.0 | G21: IV | H21: Avviamento non in concessione e non acquisito con leasing finanziario | I21: SP-ATT-A.4_L_Noleasconc | J21: =SUMIF('1 PdC DLGS 118_2011_PE e PP'!$E$4:$E$5622,'2 Pdc unico (segm A)'!F21,'1 PdC DLGS 118_2011_PE e PP'!$H$4:$H$5622) -> 0 | L21: 0 | N21: =+J21+L21 -> 0
A22: 1 | B22: 1 | C22: 5 | D22: 0 | E22: 0 | F22: =CONCATENATE(A22,".",B22,".",C22,".",D22,".",E22) -> 1.1.5.0.0 | G22: III | H22: Immobilizzazioni immateriali in corso e acconti | I22: SP-ATT-A.5_L | J22: =SUMIF('1 PdC DLGS 118_2011_PE e PP'!$E$4:$E$5622,'2 Pdc unico (segm A)'!F22,'1 PdC DLGS 118_2011_PE e PP'!$H$4:$H$5622) -> 0 | L22: 0 | N22: =+J22+L22 -> 0
A23: 1 | B23: 1 | C23: 6 | D23: 0 | E23: 0 | F23: =CONCATENATE(A23,".",B23,".",C23,".",D23,".",E23) -> 1.1.6.0.0 | G23: III | H23: Altre immobilizzazioni immateriali | I23: SP-ATT-A.6_L | J23: =SUM(J24:J26) -> 0 | L23: =SUM(L24:L26) -> 0 | N23: =SUM(N24:N26) -> 0
A24: 1 | B24: 1 | C24: 6 | D24: 1 | E24: 0 | F24: =CONCATENATE(A24,".",B24,".",C24,".",D24,".",E24) -> 1.1.6.1.0 | G24: IV | H24: Altre immobilizzazioni immateriali acquisiti con leasing finanziario | I24: SP-ATT-A.6_L_leas | J24: =SUMIF('1 PdC DLGS 118_2011_PE e PP'!$E$4:$E$5622,'2 Pdc unico (segm A)'!F24,'1 PdC DLGS 118_2011_PE e PP'!$H$4:$H$5622) -> 0 | L24: 0 | N24: =+J24+L24 -> 0
A25: 1 | B25: 1 | C25: 6 | D25: 2 | E25: 0 | F25: =CONCATENATE(A25,".",B25,".",C25,".",D25,".",E25) -> 1.1.6.2.0 | G25: IV | H25: Altre immobilizzazioni immateriali in concessione a terzi | I25: SP-ATT-A.6_L_conc | J25: =SUMIF('1 PdC DLGS 118_2011_PE e PP'!$E$4:$E$5622,'2 Pdc unico (segm A)'!F25,'1 PdC DLGS 118_2011_PE e PP'!$H$4:$H$5622) -> 0 | L25: 0 | N25: =+J25+L25 -> 0
A26: 1 | B26: 1 | C26: 6 | D26: 3 | E26: 0 | F26: =CONCATENATE(A26,".",B26,".",C26,".",D26,".",E26) -> 1.1.6.3.0 | G26: IV | H26: Altre immobilizzazioni immateriali non in concessione e non acquisiti con leasing finanziario | I26: SP-ATT-A.6_L_Noleasconc | J26: =SUMIF('1 PdC DLGS 118_2011_PE e PP'!$E$4:$E$5622,'2 Pdc unico (segm A)'!F26,'1 PdC DLGS 118_2011_PE e PP'!$H$4:$H$5622) -> 0 | L26: 0 | N26: =+J26+L26 -> 0
A27: 1 | B27: 2 | C27: 0 | D27: 0 | E27: 0 | F27: =CONCATENATE(A27,".",B27,".",C27,".",D27,".",E27) -> 1.2.0.0.0 | G27: II | H27: Immobilizzazioni materiali | J27: =+J28+J74+J114+J145 -> 0 | L27: =+L28+L74+L114+L145 -> 0 | N27: =+N28+N74+N114+N145 -> 0
A28: 1 | B28: 2 | C28: 1 | D28: 0 | E28: 0 | F28: =CONCATENATE(A28,".",B28,".",C28,".",D28,".",E28) -> 1.2.1.0.0 | G28: III | H28: Beni demaniali | J28: =+J29+J32+J35+J38+J41+J46+J49+J52+J55+J58+J61+J64+J67 -> 0 | L28: =+L29+L32+L35+L38+L41+L46+L49+L52+L55+L58+L61+L64+L67 -> 0 | N28: =+N29+N32+N35+N38+N41+N46+N49+N52+N55+N58+N61+N64+N67 -> 0
A29: 1 | B29: 2 | C29: 1 | D29: 1 | E29: 0 | F29: =CONCATENATE(A29,".",B29,".",C29,".",D29,".",E29) -> 1.2.1.1.0 | G29: IV | H29: Terreni demaniali | I29: SP-ATT-B.1.1_L | J29: =SUM(J30:J31) -> 0 | L29: =SUM(L30:L31) -> 0 | N29: =SUM(N30:N31) -> 0
A30: 1 | B30: 2 | C30: 1 | D30: 1 | E30: 1 | F30: =CONCATENATE(A30,".",B30,".",C30,".",D30,".",E30) -> 1.2.1.1.1 | G30: V | H30: Terreni demaniali in concessione | I30: SP-ATT-B.1.1_L_conc | J30: =SUMIF('1 PdC DLGS 118_2011_PE e PP'!$E$4:$E$5622,'2 Pdc unico (segm A)'!F30,'1 PdC DLGS 118_2011_PE e PP'!$H$4:$H$5622) -> 0 | L30: 0 | N30: =+J30+L30 -> 0
A31: 1 | B31: 2 | C31: 1 | D31: 1 | E31: 2 | F31: =CONCATENATE(A31,".",B31,".",C31,".",D31,".",E31) -> 1.2.1.1.2 | G31: V | H31: Terreni demaniali non in concessione | I31: SP-ATT-B.1.1_L_NOconc | J31: =SUMIF('1 PdC DLGS 118_2011_PE e PP'!$E$4:$E$5622,'2 Pdc unico (segm A)'!F31,'1 PdC DLGS 118_2011_PE e PP'!$H$4:$H$5622) -> 0 | L31: 0 | N31: =+J31+L31 -> 0
A32: 1 | B32: 2 | C32: 1 | D32: 2 | E32: 0 | F32: =CONCATENATE(A32,".",B32,".",C32,".",D32,".",E32) -> 1.2.1.2.0 | G32: IV | H32: Fabbricati demaniali | I32: SP-ATT-B.1.2_L | J32: =SUM(J33:J34) -> 0 | L32: =SUM(L33:L34) -> 0 | N32: =SUM(N33:N34) -> 0
A33: 1 | B33: 2 | C33: 1 | D33: 2 | E33: 1 | F33: =CONCATENATE(A33,".",B33,".",C33,".",D33,".",E33) -> 1.2.1.2.1 | G33: V | H33: Fabbricati demaniali in concessione | I33: SP-ATT-B.1.2_L_conc | J33: =SUMIF('1 PdC DLGS 118_2011_PE e PP'!$E$4:$E$5622,'2 Pdc unico (segm A)'!F33,'1 PdC DLGS 118_2011_PE e PP'!$H$4:$H$5622) -> 0 | L33: 0 | N33: =+J33+L33 -> 0
A34: 1 | B34: 2 | C34: 1 | D34: 2 | E34: 2 | F34: =CONCATENATE(A34,".",B34,".",C34,".",D34,".",E34) -> 1.2.1.2.2 | G34: V | H34: Fabbricati demaniali non in concessione | I34: SP-ATT-B.1.2_L_NOconc | J34: =SUMIF('1 PdC DLGS 118_2011_PE e PP'!$E$4:$E$5622,'2 Pdc unico (segm A)'!F34,'1 PdC DLGS 118_2011_PE e PP'!$H$4:$H$5622) -> 0 | L34: 0 | N34: =+J34+L34 -> 0
A35: 1 | B35: 2 | C35: 1 | D35: 3 | E35: 0 | F35: =CONCATENATE(A35,".",B35,".",C35,".",D35,".",E35) -> 1.2.1.3.0 | G35: IV | H35: Strade e autostrade (demanio stradale) | I35: SP-ATT-B.1.3_L | J35: =SUM(J36:J37) -> 0 | L35: =SUM(L36:L37) -> 0 | N35: =SUM(N36:N37) -> 0
A36: 1 | B36: 2 | C36: 1 | D36: 3 | E36: 1 | F36: =CONCATENATE(A36,".",B36,".",C36,".",D36,".",E36) -> 1.2.1.3.1 | G36: V | H36: Strade e autostrade (demanio stradale) in concessione | I36: SP-ATT-B.1.3_L_conc | J36: =SUMIF('1 PdC DLGS 118_2011_PE e PP'!$E$4:$E$5622,'2 Pdc unico (segm A)'!F36,'1 PdC DLGS 118_2011_PE e PP'!$H$4:$H$5622) -> 0 | L36: 0 | N36: =+J36+L36 -> 0
A37: 1 | B37: 2 | C37: 1 | D37: 3 | E37: 2 | F37: =CONCATENATE(A37,".",B37,".",C37,".",D37,".",E37) -> 1.2.1.3.2 | G37: V | H37: Strade e autostrade (demanio stradale) non in concessione | I37: SP-ATT-B.1.3_L_NOconc | J37: =SUMIF('1 PdC DLGS 118_2011_PE e PP'!$E$4:$E$5622,'2 Pdc unico (segm A)'!F37,'1 PdC DLGS 118_2011_PE e PP'!$H$4:$H$5622) -> 0 | L37: 0 | N37: =+J37+L37 -> 0
A38: 1 | B38: 2 | C38: 1 | D38: 4 | E38: 0 | F38: =CONCATENATE(A38,".",B38,".",C38,".",D38,".",E38) -> 1.2.1.4.0 | G38: IV | H38: Strade ferrate non militari (demanio ferroviario) | I38: SP-ATT-B.1.4_L | J38: =SUM(J39:J40) -> 0 | L38: =SUM(L39:L40) -> 0 | N38: =SUM(N39:N40) -> 0
A39: 1 | B39: 2 | C39: 1 | D39: 4 | E39: 1 | F39: =CONCATENATE(A39,".",B39,".",C39,".",D39,".",E39) -> 1.2.1.4.1 | G39: V | H39: Strade ferrate non militari (demanio ferroviario) in concessione | I39: SP-ATT-B.1.4_L_conc | J39: =SUMIF('1 PdC DLGS 118_2011_PE e PP'!$E$4:$E$5622,'2 Pdc unico (segm A)'!F39,'1 PdC DLGS 118_2011_PE e PP'!$H$4:$H$5622) -> 0 | L39: 0 | N39: =+J39+L39 -> 0
A40: 1 | B40: 2 | C40: 1 | D40: 4 | E40: 2 | F40: =CONCATENATE(A40,".",B40,".",C40,".",D40,".",E40) -> 1.2.1.4.2 | G40: V | H40: Strade ferrate non militari (demanio ferroviario) non in concessione | I40: SP-ATT-B.1.4_L_NOconc | J40: =SUMIF('1 PdC DLGS 118_2011_PE e PP'!$E$4:$E$5622,'2 Pdc unico (segm A)'!F40,'1 PdC DLGS 118_2011_PE e PP'!$H$4:$H$5622) -> 0 | L40: 0 | N40: =+J40+L40 -> 0
A41: 1 | B41: 2 | C41: 1 | D41: 5 | E41: 0 | F41: =CONCATENATE(A41,".",B41,".",C41,".",D41,".",E41) -> 1.2.1.5.0 | G41: IV | H41: Opere destinate alla difesa nazionale (Demanio militare) | I41: SP-ATT-B.1.5_L | J41: =SUM(J42:J45) -> 0 | L41: =SUM(L42:L45) -> 0 | N41: =SUM(N42:N45) -> 0
A42: 1 | B42: 2 | C42: 1 | D42: 5 | E42: 1 | F42: =CONCATENATE(A42,".",B42,".",C42,".",D42,".",E42) -> 1.2.1.5.1 | G42: V | H42: Opere destinate alla difesa nazionale - porti, aerodromi e strade ferrate militari in concessione | I42: SP-ATT-B.1.5_L_conc | J42: =SUMIF('1 PdC DLGS 118_2011_PE e PP'!$E$4:$E$5622,'2 Pdc unico (segm A)'!F42,'1 PdC DLGS 118_2011_PE e PP'!$H$4:$H$5622) -> 0 | L42: 0 | N42: =+J42+L42 -> 0
A43: 1 | B43: 2 | C43: 1 | D43: 5 | E43: 2 | F43: =CONCATENATE(A43,".",B43,".",C43,".",D43,".",E43) -> 1.2.1.5.2 | G43: V | H43: Opere destinate alla difesa nazionale - porti, aerodromi e strade ferrate militari non in concessione | I43: SP-ATT-B.1.5_L_NOconc | J43: =SUMIF('1 PdC DLGS 118_2011_PE e PP'!$E$4:$E$5622,'2 Pdc unico (segm A)'!F43,'1 PdC DLGS 118_2011_PE e PP'!$H$4:$H$5622) -> 0 | L43: 0 | N43: =+J43+L43 -> 0
A44: 1 | B44: 2 | C44: 1 | D44: 5 | E44: 3 | F44: =CONCATENATE(A44,".",B44,".",C44,".",D44,".",E44) -> 1.2.1.5.3 | G44: V | H44: Altre opere permanenti per la difesa nazionale in concessione | I44: SP-ATT-B.1.5_L_conc | J44: =SUMIF('1 PdC DLGS 118_2011_PE e PP'!$E$4:$E$5622,'2 Pdc unico (segm A)'!F44,'1 PdC DLGS 118_2011_PE e PP'!$H$4:$H$5622) -> 0 | L44: 0 | N44: =+J44+L44 -> 0
A45: 1 | B45: 2 | C45: 1 | D45: 5 | E45: 4 | F45: =CONCATENATE(A45,".",B45,".",C45,".",D45,".",E45) -> 1.2.1.5.4 | G45: V | H45: Altre opere permanenti per la difesa nazionale non in concessione | I45: SP-ATT-B.1.5_L_NOconc | J45: =SUMIF('1 PdC DLGS 118_2011_PE e PP'!$E$4:$E$5622,'2 Pdc unico (segm A)'!F45,'1 PdC DLGS 118_2011_PE e PP'!$H$4:$H$5622) -> 0 | L45: 0 | N45: =+J45+L45 -> 0
A46: 1 | B46: 2 | C46: 1 | D46: 6 | E46: 0 | F46: =CONCATENATE(A46,".",B46,".",C46,".",D46,".",E46) -> 1.2.1.6.0 | G46: IV | H46: Aerodromi non militari (demanio aeronautico) | I46: SP-ATT-B.1.6_L | J46: =SUM(J47:J48) -> 0 | L46: =SUM(L47:L48) -> 0 | N46: =SUM(N47:N48) -> 0
A47: 1 | B47: 2 | C47: 1 | D47: 6 | E47: 1 | F47: =CONCATENATE(A47,".",B47,".",C47,".",D47,".",E47) -> 1.2.1.6.1 | G47: V | H47: Aerodromi non militari (demanio aeronautico) in concessione | I47: SP-ATT-B.1.6_L_conc | J47: =SUMIF('1 PdC DLGS 118_2011_PE e PP'!$E$4:$E$5622,'2 Pdc unico (segm A)'!F47,'1 PdC DLGS 118_2011_PE e PP'!$H$4:$H$5622) -> 0 | L47: 0 | N47: =+J47+L47 -> 0
A48: 1 | B48: 2 | C48: 1 | D48: 6 | E48: 2 | F48: =CONCATENATE(A48,".",B48,".",C48,".",D48,".",E48) -> 1.2.1.6.2 | G48: V | H48: Aerodromi non militari (demanio aeronautico) non in concessione | I48: SP-ATT-B.1.6_L_NOconc | J48: =SUMIF('1 PdC DLGS 118_2011_PE e PP'!$E$4:$E$5622,'2 Pdc unico (segm A)'!F48,'1 PdC DLGS 118_2011_PE e PP'!$H$4:$H$5622) -> 0 | L48: 0 | N48: =+J48+L48 -> 0
A49: 1 | B49: 2 | C49: 1 | D49: 7 | E49: 0 | F49: =CONCATENATE(A49,".",B49,".",C49,".",D49,".",E49) -> 1.2.1.7.0 | G49: IV | H49: Porti non militari (parte del demanio marittimo) | I49: SP-ATT-B.1.6_L | J49: =SUM(J50:J51) -> 0 | L49: =SUM(L50:L51) -> 0 | N49: =SUM(N50:N51) -> 0
A50: 1 | B50: 2 | C50: 1 | D50: 7 | E50: 1 | F50: =CONCATENATE(A50,".",B50,".",C50,".",D50,".",E50) -> 1.2.1.7.1 | G50: V | H50: Porti non militari in concessione | I50: SP-ATT-B.1.6_L_conc | J50: =SUMIF('1 PdC DLGS 118_2011_PE e PP'!$E$4:$E$5622,'2 Pdc unico (segm A)'!F50,'1 PdC DLGS 118_2011_PE e PP'!$H$4:$H$5622) -> 0 | L50: 0 | N50: =+J50+L50 -> 0
A51: 1 | B51: 2 | C51: 1 | D51: 7 | E51: 2 | F51: =CONCATENATE(A51,".",B51,".",C51,".",D51,".",E51) -> 1.2.1.7.2 | G51: V | H51: Porti non militari non in concessione | I51: SP-ATT-B.1.6_L_NOconc | J51: =SUMIF('1 PdC DLGS 118_2011_PE e PP'!$E$4:$E$5622,'2 Pdc unico (segm A)'!F51,'1 PdC DLGS 118_2011_PE e PP'!$H$4:$H$5622) -> 0 | L51: 0 | N51: =+J51+L51 -> 0
A52: 1 | B52: 2 | C52: 1 | D52: 8 | E52: 0 | F52: =CONCATENATE(A52,".",B52,".",C52,".",D52,".",E52) -> 1.2.1.8.0 | G52: IV | H52: Acquedotti pubblici e infrastrutture idrauliche | I52: SP-ATT-B.1.7_L | J52: =SUM(J53:J54) -> 0 | L52: =SUM(L53:L54) -> 0 | N52: =SUM(N53:N54) -> 0
A53: 1 | B53: 2 | C53: 1 | D53: 8 | E53: 1 | F53: =CONCATENATE(A53,".",B53,".",C53,".",D53,".",E53) -> 1.2.1.8.1 | G53: V | H53: Acquedotti pubblici e infrastrutture idrauliche in concessione | I53: SP-ATT-B.1.7_L_conc | J53: =SUMIF('1 PdC DLGS 118_2011_PE e PP'!$E$4:$E$5622,'2 Pdc unico (segm A)'!F53,'1 PdC DLGS 118_2011_PE e PP'!$H$4:$H$5622) -> 0 | L53: 0 | N53: =+J53+L53 -> 0
A54: 1 | B54: 2 | C54: 1 | D54: 8 | E54: 2 | F54: =CONCATENATE(A54,".",B54,".",C54,".",D54,".",E54) -> 1.2.1.8.2 | G54: V | H54: Acquedotti pubblici e infrastrutture idrauliche non in concessione | I54: SP-ATT-B.1.7_L_NOconc | J54: =SUMIF('1 PdC DLGS 118_2011_PE e PP'!$E$4:$E$5622,'2 Pdc unico (segm A)'!F54,'1 PdC DLGS 118_2011_PE e PP'!$H$4:$H$5622) -> 0 | L54: 0 | N54: =+J54+L54 -> 0
A55: 1 | B55: 2 | C55: 1 | D55: 9 | E55: 0 | F55: =CONCATENATE(A55,".",B55,".",C55,".",D55,".",E55) -> 1.2.1.9.0 | G55: IV | H55: Beni immobili del demanio culturale | I55: SP-ATT-B.1.8_L | J55: =SUM(J56:J57) -> 0 | L55: =SUM(L56:L57) -> 0 | N55: =SUM(N56:N57) -> 0
A56: 1 | B56: 2 | C56: 1 | D56: 9 | E56: 1 | F56: =CONCATENATE(A56,".",B56,".",C56,".",D56,".",E56) -> 1.2.1.9.1 | G56: V | H56: Beni immobili del demanio culturale in concessione | I56: SP-ATT-B.1.8_L_conc | J56: =SUMIF('1 PdC DLGS 118_2011_PE e PP'!$E$4:$E$5622,'2 Pdc unico (segm A)'!F56,'1 PdC DLGS 118_2011_PE e PP'!$H$4:$H$5622) -> 0 | L56: 0 | N56: =+J56+L56 -> 0
A57: 1 | B57: 2 | C57: 1 | D57: 9 | E57: 2 | F57: =CONCATENATE(A57,".",B57,".",C57,".",D57,".",E57) -> 1.2.1.9.2 | G57: V | H57: Beni immobili del demanio culturale non in concessione | I57: SP-ATT-B.1.8_L_NOconc | J57: =SUMIF('1 PdC DLGS 118_2011_PE e PP'!$E$4:$E$5622,'2 Pdc unico (segm A)'!F57,'1 PdC DLGS 118_2011_PE e PP'!$H$4:$H$5622) -> 0 | L57: 0 | N57: =+J57+L57 -> 0
A58: 1 | B58: 2 | C58: 1 | D58: 10 | E58: 0 | F58: =CONCATENATE(A58,".",B58,".",C58,".",D58,".",E58) -> 1.2.1.10.0 | G58: IV | H58: Beni mobili del demanio culturale (collezioni di valore storico artistico e culturale) | I58: SP-ATT-B.1.9_L | J58: =SUM(J59:J60) -> 0 | L58: =SUM(L59:L60) -> 0 | N58: =SUM(N59:N60) -> 0
A59: 1 | B59: 2 | C59: 1 | D59: 10 | E59: 1 | F59: =CONCATENATE(A59,".",B59,".",C59,".",D59,".",E59) -> 1.2.1.10.1 | G59: V | H59: Beni mobili del demanio culturale - collezioni di valore storico artistico e culturale in concessione | I59: SP-ATT-B.1.9_L_conc | J59: =SUMIF('1 PdC DLGS 118_2011_PE e PP'!$E$4:$E$5622,'2 Pdc unico (segm A)'!F59,'1 PdC DLGS 118_2011_PE e PP'!$H$4:$H$5622) -> 0 | L59: 0 | N59: =+J59+L59 -> 0
A60: 1 | B60: 2 | C60: 1 | D60: 10 | E60: 2 | F60: =CONCATENATE(A60,".",B60,".",C60,".",D60,".",E60) -> 1.2.1.10.2 | G60: V | H60: Beni mobili del demanio culturale - collezioni di valore storico artistico e culturale non in concessione | I60: SP-ATT-B.1.9_L_NOconc | J60: =SUMIF('1 PdC DLGS 118_2011_PE e PP'!$E$4:$E$5622,'2 Pdc unico (segm A)'!F60,'1 PdC DLGS 118_2011_PE e PP'!$H$4:$H$5622) -> 0 | L60: 0 | N60: =+J60+L60 -> 0
A61: 1 | B61: 2 | C61: 1 | D61: 11 | E61: 0 | F61: =CONCATENATE(A61,".",B61,".",C61,".",D61,".",E61) -> 1.2.1.11.0 | G61: IV | H61: Cimiteri comunali | I61: SP-ATT-B.1.10_L | J61: =SUM(J62:J63) -> 0 | L61: 0 | N61: =+J61+L61 -> 0
A62: 1 | B62: 2 | C62: 1 | D62: 11 | E62: 1 | F62: =CONCATENATE(A62,".",B62,".",C62,".",D62,".",E62) -> 1.2.1.11.1 | G62: V | H62: Cimiteri comunali in concessione | I62: SP-ATT-B.1.10_L_conc | J62: =SUMIF('1 PdC DLGS 118_2011_PE e PP'!$E$4:$E$5622,'2 Pdc unico (segm A)'!F62,'1 PdC DLGS 118_2011_PE e PP'!$H$4:$H$5622) -> 0 | L62: 0 | N62: =+J62+L62 -> 0
A63: 1 | B63: 2 | C63: 1 | D63: 11 | E63: 2 | F63: =CONCATENATE(A63,".",B63,".",C63,".",D63,".",E63) -> 1.2.1.11.2 | G63: V | H63: Cimiteri comunali non in concessione | I63: SP-ATT-B.1.10_L_NOconc | J63: =SUMIF('1 PdC DLGS 118_2011_PE e PP'!$E$4:$E$5622,'2 Pdc unico (segm A)'!F63,'1 PdC DLGS 118_2011_PE e PP'!$H$4:$H$5622) -> 0 | L63: 0 | N63: =+J63+L63 -> 0
A64: 1 | B64: 2 | C64: 1 | D64: 12 | E64: 0 | F64: =CONCATENATE(A64,".",B64,".",C64,".",D64,".",E64) -> 1.2.1.12.0 | G64: IV | H64: Mercati comunali | I64: SP-ATT-B.1.11_L | J64: =SUM(J65:J66) -> 0 | L64: =SUM(L65:L66) -> 0 | N64: =SUM(N65:N66) -> 0
A65: 1 | B65: 2 | C65: 1 | D65: 12 | E65: 1 | F65: =CONCATENATE(A65,".",B65,".",C65,".",D65,".",E65) -> 1.2.1.12.1 | G65: V | H65: Mercati comunali in concessione | I65: SP-ATT-B.1.11_L_conc | J65: =SUMIF('1 PdC DLGS 118_2011_PE e PP'!$E$4:$E$5622,'2 Pdc unico (segm A)'!F65,'1 PdC DLGS 118_2011_PE e PP'!$H$4:$H$5622) -> 0 | L65: 0 | N65: =+J65+L65 -> 0
A66: 1 | B66: 2 | C66: 1 | D66: 12 | E66: 2 | F66: =CONCATENATE(A66,".",B66,".",C66,".",D66,".",E66) -> 1.2.1.12.2 | G66: V | H66: Mercati comunali non in concessione | I66: SP-ATT-B.1.11_L_NOconc | J66: =SUMIF('1 PdC DLGS 118_2011_PE e PP'!$E$4:$E$5622,'2 Pdc unico (segm A)'!F66,'1 PdC DLGS 118_2011_PE e PP'!$H$4:$H$5622) -> 0 | L66: 0 | N66: =+J66+L66 -> 0
A67: 1 | B67: 2 | C67: 1 | D67: 13 | E67: 0 | F67: =CONCATENATE(A67,".",B67,".",C67,".",D67,".",E67) -> 1.2.1.13.0 | G67: IV | H67: Altri beni demaniali | I67: SP-ATT-B.1.12_L | J67: =SUM(J68:J73) -> 0 | L67: =SUM(L68:L73) -> 0 | N67: =SUM(N68:N73) -> 0
A68: 1 | B68: 2 | C68: 1 | D68: 13 | E68: 1 | F68: =CONCATENATE(A68,".",B68,".",C68,".",D68,".",E68) -> 1.2.1.13.1 | G68: V | H68: Altri beni del demanio marittimo in concessione | I68: SP-ATT-B.1.12_L_conc | J68: =SUMIF('1 PdC DLGS 118_2011_PE e PP'!$E$4:$E$5622,'2 Pdc unico (segm A)'!F68,'1 PdC DLGS 118_2011_PE e PP'!$H$4:$H$5622) -> 0 | L68: 0 | N68: =+J68+L68 -> 0
A69: 1 | B69: 2 | C69: 1 | D69: 13 | E69: 2 | F69: =CONCATENATE(A69,".",B69,".",C69,".",D69,".",E69) -> 1.2.1.13.2 | G69: V | H69: Altri beni del demanio marittimo non in concessione | I69: SP-ATT-B.1.12_L_NOconc | J69: =SUMIF('1 PdC DLGS 118_2011_PE e PP'!$E$4:$E$5622,'2 Pdc unico (segm A)'!F69,'1 PdC DLGS 118_2011_PE e PP'!$H$4:$H$5622) -> 0 | L69: 0 | N69: =+J69+L69 -> 0
A70: 1 | B70: 2 | C70: 1 | D70: 13 | E70: 3 | F70: =CONCATENATE(A70,".",B70,".",C70,".",D70,".",E70) -> 1.2.1.13.3 | G70: V | H70: Beni del demanio idrico in concessione | I70: SP-ATT-B.1.12_L_conc | J70: =SUMIF('1 PdC DLGS 118_2011_PE e PP'!$E$4:$E$5622,'2 Pdc unico (segm A)'!F70,'1 PdC DLGS 118_2011_PE e PP'!$H$4:$H$5622) -> 0 | L70: 0 | N70: =+J70+L70 -> 0
A71: 1 | B71: 2 | C71: 1 | D71: 13 | E71: 4 | F71: =CONCATENATE(A71,".",B71,".",C71,".",D71,".",E71) -> 1.2.1.13.4 | G71: V | H71: Beni del demanio idrico non in concessione | I71: SP-ATT-B.1.12_L_NOconc | J71: =SUMIF('1 PdC DLGS 118_2011_PE e PP'!$E$4:$E$5622,'2 Pdc unico (segm A)'!F71,'1 PdC DLGS 118_2011_PE e PP'!$H$4:$H$5622) -> 0 | L71: 0 | N71: =+J71+L71 -> 0
A72: 1 | B72: 2 | C72: 1 | D72: 13 | E72: 5 | F72: =CONCATENATE(A72,".",B72,".",C72,".",D72,".",E72) -> 1.2.1.13.5 | G72: V | H72: Altri beni demaniali in concessione | I72: SP-ATT-B.1.12_L_conc | J72: =SUMIF('1 PdC DLGS 118_2011_PE e PP'!$E$4:$E$5622,'2 Pdc unico (segm A)'!F72,'1 PdC DLGS 118_2011_PE e PP'!$H$4:$H$5622) -> 0 | L72: 0 | N72: =+J72+L72 -> 0
A73: 1 | B73: 2 | C73: 1 | D73: 13 | E73: 6 | F73: =CONCATENATE(A73,".",B73,".",C73,".",D73,".",E73) -> 1.2.1.13.6 | G73: V | H73: Altri beni demaniali non in concessione | I73: SP-ATT-B.1.12_L_NOconc | J73: =SUMIF('1 PdC DLGS 118_2011_PE e PP'!$E$4:$E$5622,'2 Pdc unico (segm A)'!F73,'1 PdC DLGS 118_2011_PE e PP'!$H$4:$H$5622) -> 0 | L73: 0 | N73: =+J73+L73 -> 0
A74: 1 | B74: 2 | C74: 2 | D74: 0 | E74: 0 | F74: =CONCATENATE(A74,".",B74,".",C74,".",D74,".",E74) -> 1.2.2.0.0 | G74: III | H74: Beni del patrimonio indisponibile | J74: =+J75+J78+J81+J84+J87+J87+J90+J90+J93+J96+J99+J102+J105+J108+J111 -> 0 | L74: =+L75+L78+L81+L84+L87+L87+L90+L90+L93+L96+L99+L102+L105+L108+L111 -> 0 | N74: =+N75+N78+N81+N84+N87+N87+N90+N90+N93+N96+N99+N102+N105+N108+N111 -> 0
A75: 1 | B75: 2 | C75: 2 | D75: 1 | E75: 0 | F75: =CONCATENATE(A75,".",B75,".",C75,".",D75,".",E75) -> 1.2.2.1.0 | G75: IV | H75: Terreni del patrimonio indisponibile | I75: SP-ATT-B.2.1_L | J75: =SUM(J76:J77) -> 0 | L75: =SUM(L76:L77) -> 0 | N75: =SUM(N76:N77) -> 0
A76: 1 | B76: 2 | C76: 2 | D76: 1 | E76: 1 | F76: =CONCATENATE(A76,".",B76,".",C76,".",D76,".",E76) -> 1.2.2.1.1 | G76: V | H76: Terreni del patrimonio indisponibile in concessione | I76: SP-ATT-B.2.1_L_conc | J76: =SUMIF('1 PdC DLGS 118_2011_PE e PP'!$E$4:$E$5622,'2 Pdc unico (segm A)'!F76,'1 PdC DLGS 118_2011_PE e PP'!$H$4:$H$5622) -> 0 | L76: 0 | N76: =+J76+L76 -> 0
A77: 1 | B77: 2 | C77: 2 | D77: 1 | E77: 2 | F77: =CONCATENATE(A77,".",B77,".",C77,".",D77,".",E77) -> 1.2.2.1.2 | G77: V | H77: Terreni del patrimonio indisponibile non in concessione | I77: SP-ATT-B.2.1_L_NOconc | J77: =SUMIF('1 PdC DLGS 118_2011_PE e PP'!$E$4:$E$5622,'2 Pdc unico (segm A)'!F77,'1 PdC DLGS 118_2011_PE e PP'!$H$4:$H$5622) -> 0 | L77: 0 | N77: =+J77+L77 -> 0
A78: 1 | B78: 2 | C78: 2 | D78: 2 | E78: 0 | F78: =CONCATENATE(A78,".",B78,".",C78,".",D78,".",E78) -> 1.2.2.2.0 | G78: IV | H78: Mobili e arredi di fabbricati destinati a pubblici uffici o all'erogazione di servizi pubblici | I78: SP-ATT-B.2.2_L | J78: =SUM(J79:J80) -> 0 | L78: =SUM(L79:L80) -> 0 | N78: =SUM(N79:N80) -> 0
A79: 1 | B79: 2 | C79: 2 | D79: 2 | E79: 1 | F79: =CONCATENATE(A79,".",B79,".",C79,".",D79,".",E79) -> 1.2.2.2.1 | G79: V | H79: Mobili e arredi di fabbricati destinati a pubblici uffici o all'erogazione di servizi pubblici in concessione | I79: SP-ATT-B.2.2_L_conc | J79: =SUMIF('1 PdC DLGS 118_2011_PE e PP'!$E$4:$E$5622,'2 Pdc unico (segm A)'!F79,'1 PdC DLGS 118_2011_PE e PP'!$H$4:$H$5622) -> 0 | L79: 0 | N79: =+J79+L79 -> 0
A80: 1 | B80: 2 | C80: 2 | D80: 2 | E80: 2 | F80: =CONCATENATE(A80,".",B80,".",C80,".",D80,".",E80) -> 1.2.2.2.2 | G80: V | H80: Mobili e arredi di fabbricati destinati a pubblici uffici o all'erogazione di servizi pubblici non in concessione | I80: SP-ATT-B.2.2_L_NOconc | J80: =SUMIF('1 PdC DLGS 118_2011_PE e PP'!$E$4:$E$5622,'2 Pdc unico (segm A)'!F80,'1 PdC DLGS 118_2011_PE e PP'!$H$4:$H$5622) -> 0 | L80: 0 | N80: =+J80+L80 -> 0
A81: 1 | B81: 2 | C81: 2 | D81: 3 | E81: 0 | F81: =CONCATENATE(A81,".",B81,".",C81,".",D81,".",E81) -> 1.2.2.3.0 | G81: IV | H81: Fabbricati destinati a sede di pubblici uffici o all'erogazione di servizi pubblici (non militari) | I81: SP-ATT-B.2.3_L | J81: =SUM(J82:J83) -> 0 | L81: =SUM(L82:L83) -> 0 | N81: =SUM(N82:N83) -> 0
A82: 1 | B82: 2 | C82: 2 | D82: 3 | E82: 1 | F82: =CONCATENATE(A82,".",B82,".",C82,".",D82,".",E82) -> 1.2.2.3.1 | G82: V | H82: Fabbricati destinati a sede di pubblici uffici o all'erogazione di servizi pubblici (non militari) in concessione | I82: SP-ATT-B.2.3_L_conc | J82: =SUMIF('1 PdC DLGS 118_2011_PE e PP'!$E$4:$E$5622,'2 Pdc unico (segm A)'!F82,'1 PdC DLGS 118_2011_PE e PP'!$H$4:$H$5622) -> 0 | L82: 0 | N82: =+J82+L82 -> 0
A83: 1 | B83: 2 | C83: 2 | D83: 3 | E83: 2 | F83: =CONCATENATE(A83,".",B83,".",C83,".",D83,".",E83) -> 1.2.2.3.2 | G83: V | H83: Fabbricati destinati a sede di pubblici uffici o all'erogazione di servizi pubblici (non militari) non in concessione | I83: SP-ATT-B.2.3_L_NOconc | J83: =SUMIF('1 PdC DLGS 118_2011_PE e PP'!$E$4:$E$5622,'2 Pdc unico (segm A)'!F83,'1 PdC DLGS 118_2011_PE e PP'!$H$4:$H$5622) -> 0 | L83: 0 | N83: =+J83+L83 -> 0
A84: 1 | B84: 2 | C84: 2 | D84: 4 | E84: 0 | F84: =CONCATENATE(A84,".",B84,".",C84,".",D84,".",E84) -> 1.2.2.4.0 | G84: IV | H84: Impianti e macchinari del patrimonio indisponibile | I84: SP-ATT-B.2.4_L | J84: =SUM(J85:J86) -> 0 | L84: =SUM(L85:L86) -> 0 | N84: =SUM(N85:N86) -> 0
A85: 1 | B85: 2 | C85: 2 | D85: 4 | E85: 1 | F85: =CONCATENATE(A85,".",B85,".",C85,".",D85,".",E85) -> 1.2.2.4.1 | G85: V | H85: Impianti e macchinari del patrimonio indisponibile in concessione | I85: SP-ATT-B.2.4_L_conc | J85: =SUMIF('1 PdC DLGS 118_2011_PE e PP'!$E$4:$E$5622,'2 Pdc unico (segm A)'!F85,'1 PdC DLGS 118_2011_PE e PP'!$H$4:$H$5622) -> 0 | L85: 0 | N85: =+J85+L85 -> 0
A86: 1 | B86: 2 | C86: 2 | D86: 4 | E86: 2 | F86: =CONCATENATE(A86,".",B86,".",C86,".",D86,".",E86) -> 1.2.2.4.2 | G86: V | H86: Impianti e macchinari del patrimonio indisponibile non in concessione | I86: SP-ATT-B.2.4_L_NOconc | J86: =SUMIF('1 PdC DLGS 118_2011_PE e PP'!$E$4:$E$5622,'2 Pdc unico (segm A)'!F86,'1 PdC DLGS 118_2011_PE e PP'!$H$4:$H$5622) -> 0 | L86: 0 | N86: =+J86+L86 -> 0
A87: 1 | B87: 2 | C87: 2 | D87: 5 | E87: 0 | F87: =CONCATENATE(A87,".",B87,".",C87,".",D87,".",E87) -> 1.2.2.5.0 | G87: IV | H87: Attrezzature del patrimonio indisponibile | I87: SP-ATT-B.2.5_L | J87: =SUM(J88:J89) -> 0 | L87: =SUM(L88:L89) -> 0 | N87: =SUM(N88:N89) -> 0
A88: 1 | B88: 2 | C88: 2 | D88: 5 | E88: 1 | F88: =CONCATENATE(A88,".",B88,".",C88,".",D88,".",E88) -> 1.2.2.5.1 | G88: V | H88: Attrezzature del patrimonio indisponibile acquisite in concessione | I88: SP-ATT-B.2.5_L_conc | J88: =SUMIF('1 PdC DLGS 118_2011_PE e PP'!$E$4:$E$5622,'2 Pdc unico (segm A)'!F88,'1 PdC DLGS 118_2011_PE e PP'!$H$4:$H$5622) -> 0 | L88: 0 | N88: =+J88+L88 -> 0
A89: 1 | B89: 2 | C89: 2 | D89: 5 | E89: 2 | F89: =CONCATENATE(A89,".",B89,".",C89,".",D89,".",E89) -> 1.2.2.5.2 | G89: V | H89: Attrezzature del patrimonio indisponibile non in concessione | I89: SP-ATT-B.2.5_L_NOconc | J89: =SUMIF('1 PdC DLGS 118_2011_PE e PP'!$E$4:$E$5622,'2 Pdc unico (segm A)'!F89,'1 PdC DLGS 118_2011_PE e PP'!$H$4:$H$5622) -> 0 | L89: 0 | N89: =+J89+L89 -> 0
A90: 1 | B90: 2 | C90: 2 | D90: 6 | E90: 0 | F90: =CONCATENATE(A90,".",B90,".",C90,".",D90,".",E90) -> 1.2.2.6.0 | G90: IV | H90: Mezzi di trasporto del patrimonio indisponibile (non militari) | I90: SP-ATT-B.2.6_L | J90: =SUM(J91:J92) -> 0 | L90: =SUM(L91:L92) -> 0 | N90: =SUM(N91:N92) -> 0
A91: 1 | B91: 2 | C91: 2 | D91: 6 | E91: 1 | F91: =CONCATENATE(A91,".",B91,".",C91,".",D91,".",E91) -> 1.2.2.6.1 | G91: V | H91: Mezzi di trasporto del patrimonio indisponibile (non militari) in concessione | I91: SP-ATT-B.2.6_L_conc | J91: =SUMIF('1 PdC DLGS 118_2011_PE e PP'!$E$4:$E$5622,'2 Pdc unico (segm A)'!F91,'1 PdC DLGS 118_2011_PE e PP'!$H$4:$H$5622) -> 0 | L91: 0 | N91: =+J91+L91 -> 0
A92: 1 | B92: 2 | C92: 2 | D92: 6 | E92: 2 | F92: =CONCATENATE(A92,".",B92,".",C92,".",D92,".",E92) -> 1.2.2.6.2 | G92: V | H92: Mezzi di trasporto del patrimonio indisponibile (non militari) non in concessione | I92: SP-ATT-B.2.6_L_NOconc | J92: =SUMIF('1 PdC DLGS 118_2011_PE e PP'!$E$4:$E$5622,'2 Pdc unico (segm A)'!F92,'1 PdC DLGS 118_2011_PE e PP'!$H$4:$H$5622) -> 0 | L92: 0 | N92: =+J92+L92 -> 0
A93: 1 | B93: 2 | C93: 2 | D93: 7 | E93: 0 | F93: =CONCATENATE(A93,".",B93,".",C93,".",D93,".",E93) -> 1.2.2.7.0 | G93: IV | H93: Macchine per ufficio e hardware del patrimonio indisponibile | I93: SP-ATT-B.2.7_L | J93: =SUM(J94:J95) -> 0 | L93: =SUM(L94:L95) -> 0 | N93: =SUM(N94:N95) -> 0
A94: 1 | B94: 2 | C94: 2 | D94: 7 | E94: 1 | F94: =CONCATENATE(A94,".",B94,".",C94,".",D94,".",E94) -> 1.2.2.7.1 | G94: V | H94: Macchine per ufficio e hardware del patrimonio indisponibile in concessione | I94: SP-ATT-B.2.7_L_conc | J94: =SUMIF('1 PdC DLGS 118_2011_PE e PP'!$E$4:$E$5622,'2 Pdc unico (segm A)'!F94,'1 PdC DLGS 118_2011_PE e PP'!$H$4:$H$5622) -> 0 | L94: 0 | N94: =+J94+L94 -> 0
A95: 1 | B95: 2 | C95: 2 | D95: 7 | E95: 2 | F95: =CONCATENATE(A95,".",B95,".",C95,".",D95,".",E95) -> 1.2.2.7.2 | G95: V | H95: Macchine per ufficio e hardware del patrimonio indisponibile non in concessione | I95: SP-ATT-B.2.7_L_NOconc | J95: =SUMIF('1 PdC DLGS 118_2011_PE e PP'!$E$4:$E$5622,'2 Pdc unico (segm A)'!F95,'1 PdC DLGS 118_2011_PE e PP'!$H$4:$H$5622) -> 0 | L95: 0 | N95: =+J95+L95 -> 0
A96: 1 | B96: 2 | C96: 2 | D96: 8 | E96: 0 | F96: =CONCATENATE(A96,".",B96,".",C96,".",D96,".",E96) -> 1.2.2.8.0 | G96: IV | H96: Miniere, cave e torbiere | I96: SP-ATT-B.2.8_L | J96: =SUM(J97:J98) -> 0 | L96: =SUM(L97:L98) -> 0 | N96: =SUM(N97:N98) -> 0
A97: 1 | B97: 2 | C97: 2 | D97: 8 | E97: 1 | F97: =CONCATENATE(A97,".",B97,".",C97,".",D97,".",E97) -> 1.2.2.8.1 | G97: V | H97: Miniere, cave e torbiere in concessione | I97: SP-ATT-B.2.8_L_conc | J97: =SUMIF('1 PdC DLGS 118_2011_PE e PP'!$E$4:$E$5622,'2 Pdc unico (segm A)'!F97,'1 PdC DLGS 118_2011_PE e PP'!$H$4:$H$5622) -> 0 | L97: 0 | N97: =+J97+L97 -> 0
A98: 1 | B98: 2 | C98: 2 | D98: 8 | E98: 2 | F98: =CONCATENATE(A98,".",B98,".",C98,".",D98,".",E98) -> 1.2.2.8.2 | G98: V | H98: Miniere, cave e torbiere non in concessione | I98: SP-ATT-B.2.8_L_NOconc | J98: =SUMIF('1 PdC DLGS 118_2011_PE e PP'!$E$4:$E$5622,'2 Pdc unico (segm A)'!F98,'1 PdC DLGS 118_2011_PE e PP'!$H$4:$H$5622) -> 0 | L98: 0 | N98: =+J98+L98 -> 0
A99: 1 | B99: 2 | C99: 2 | D99: 9 | E99: 0 | F99: =CONCATENATE(A99,".",B99,".",C99,".",D99,".",E99) -> 1.2.2.9.0 | G99: IV | H99: Caserme | I99: SP-ATT-B.2.9_L | J99: =SUMIF('1 PdC DLGS 118_2011_PE e PP'!$E$4:$E$5622,'2 Pdc unico (segm A)'!F99,'1 PdC DLGS 118_2011_PE e PP'!$H$4:$H$5622) -> 0 | L99: 0 | N99: =+J99+L99 -> 0
A100: 1 | B100: 2 | C100: 2 | D100: 9 | E100: 1 | F100: =CONCATENATE(A100,".",B100,".",C100,".",D100,".",E100) -> 1.2.2.9.1 | G100: V | H100: Caserme in concessione | I100: SP-ATT-B.2.9_L_conc | J100: =SUMIF('1 PdC DLGS 118_2011_PE e PP'!$E$4:$E$5622,'2 Pdc unico (segm A)'!F100,'1 PdC DLGS 118_2011_PE e PP'!$H$4:$H$5622) -> 0 | L100: 0 | N100: =+J100+L100 -> 0
...

Sheet 3 Stato Patrimoniale-All1ITAS1 
A1: ITAS 1_ ALL. 1 STATO PATRIMONIALE
A2: A T T I V O | C2: Anno 2025 (dati in €) | D2: Codice
A3: ATTIVITÀ NON CORRENTI | F3: Immobilizzazioni lorde TOTALI | I3: Fondi svalutazione | L3: Fondi ammortamento
A4: A | B4: Immobilizzazioni immateriali e avviamento [1] [2]
A5: 1 | B5: Diritti di brevetto e utilizzazione opere dell'ingegno | C5: =+G5-J5-M5 -> 0 | D5: SP-ATT-A.1 | F5: SP-ATT-A.1_L | G5: =SUMIF('2 Pdc unico (segm A)'!$I:$I,F5,'2 Pdc unico (segm A)'!$N:$N) -> 0 | I5: SP-ATT-A.1_FS | J5: =SUMIF('2 Pdc unico (segm A)'!$I:$I,I5,'2 Pdc unico (segm A)'!$N:$N) -> 0 | L5: SP-ATT-A.1_FA | M5: =SUMIF('2 Pdc unico (segm A)'!$I:$I,L5,'2 Pdc unico (segm A)'!$N:$N) -> 0
A6: 2 | B6: Concessioni, licenze, marchi | C6: =+G6-J6-M6 -> 0 | D6: SP-ATT-A.2 | F6: SP-ATT-A.2_L | G6: =SUMIF('2 Pdc unico (segm A)'!$I:$I,F6,'2 Pdc unico (segm A)'!$N:$N) -> 0 | I6: SP-ATT-A.2_FS | J6: =SUMIF('2 Pdc unico (segm A)'!$I:$I,I6,'2 Pdc unico (segm A)'!$N:$N) -> 0 | L6: SP-ATT-A.2_FA | M6: =SUMIF('2 Pdc unico (segm A)'!$I:$I,L6,'2 Pdc unico (segm A)'!$N:$N) -> 0
A7: 3 | B7: Altri diritti | C7: =+G7-J7-M7 -> 0 | D7: SP-ATT-A.3 | F7: SP-ATT-A.3_L | G7: =SUMIF('2 Pdc unico (segm A)'!$I:$I,F7,'2 Pdc unico (segm A)'!$N:$N) -> 0 | I7: SP-ATT-A.3_FS | J7: =SUMIF('2 Pdc unico (segm A)'!$I:$I,I7,'2 Pdc unico (segm A)'!$N:$N) -> 0 | L7: SP-ATT-A.3_FA | M7: =SUMIF('2 Pdc unico (segm A)'!$I:$I,L7,'2 Pdc unico (segm A)'!$N:$N) -> 0
A8: 4 | B8: Avviamento | C8: =+G8-J8-M8 -> 0 | D8: SP-ATT-A.4 | F8: SP-ATT-A.4_L | G8: =SUMIF('2 Pdc unico (segm A)'!$I:$I,F8,'2 Pdc unico (segm A)'!$N:$N) -> 0 | I8: SP-ATT-A.4_FS | J8: =SUMIF('2 Pdc unico (segm A)'!$I:$I,I8,'2 Pdc unico (segm A)'!$N:$N) -> 0 | L8: SP-ATT-A.4_FA | M8: =SUMIF('2 Pdc unico (segm A)'!$I:$I,L8,'2 Pdc unico (segm A)'!$N:$N) -> 0
A9: 5 | B9: Immobilizzazioni in corso e acconti | C9: =+G9-J9-M9 -> 0 | D9: SP-ATT-A.5 | F9: SP-ATT-A.5_L | G9: =SUMIF('2 Pdc unico (segm A)'!$I:$I,F9,'2 Pdc unico (segm A)'!$N:$N) -> 0 | I9: SP-ATT-A.5_FS | J9: =SUMIF('2 Pdc unico (segm A)'!$I:$I,I9,'2 Pdc unico (segm A)'!$N:$N) -> 0
A10: 6 | B10: Altre | C10: =+G10-J10-M10 -> 0 | D10: SP-ATT-A.6 | F10: SP-ATT-A.6_L | G10: =SUMIF('2 Pdc unico (segm A)'!$I:$I,F10,'2 Pdc unico (segm A)'!$N:$N) -> 0 | I10: SP-ATT-A.6_FS | J10: =SUMIF('2 Pdc unico (segm A)'!$I:$I,I10,'2 Pdc unico (segm A)'!$N:$N) -> 0 | L10: SP-ATT-A.6_FA | M10: =SUMIF('2 Pdc unico (segm A)'!$I:$I,L10,'2 Pdc unico (segm A)'!$N:$N) -> 0
B11: Totale Immobilizzazioni immateriali e avviamento | C11: =SUM(C5:C10) -> 0
A12: B | B12: Immobilizzazioni materiali
A13: 1 | B13: Beni demaniali [2] | C13: =SUM(C14:C25) -> 0
A14: 1.1 | B14: Terreni | C14: =+G14-J14-M14 -> 0 | D14: SP-ATT-B.1.1 | F14: SP-ATT-B.1.1_L | G14: =SUMIF('2 Pdc unico (segm A)'!$I:$I,F14,'2 Pdc unico (segm A)'!$N:$N) -> 0 | I14: SP-ATT-B.1.1_FS | J14: =SUMIF('2 Pdc unico (segm A)'!$I:$I,I14,'2 Pdc unico (segm A)'!$N:$N) -> 0
A15: 1.2 | B15: Fabbricati | C15: =+G15-J15-M15 -> 0 | D15: SP-ATT-B.1.2 | F15: SP-ATT-B.1.2_L | G15: =SUMIF('2 Pdc unico (segm A)'!$I:$I,F15,'2 Pdc unico (segm A)'!$N:$N) -> 0 | I15: SP-ATT-B.1.2_FS | J15: =SUMIF('2 Pdc unico (segm A)'!$I:$I,I15,'2 Pdc unico (segm A)'!$N:$N) -> 0 | L15: SP-ATT-B.1.2_FA | M15: =SUMIF('2 Pdc unico (segm A)'!$I:$I,L15,'2 Pdc unico (segm A)'!$N:$N) -> 0
A16: 1.3 | B16: Strade e autostrade | C16: =+G16-J16-M16 -> 0 | D16: SP-ATT-B.1.3 | F16: SP-ATT-B.1.3_L | G16: =SUMIF('2 Pdc unico (segm A)'!$I:$I,F16,'2 Pdc unico (segm A)'!$N:$N) -> 0 | I16: SP-ATT-B.1.3_FS | J16: =SUMIF('2 Pdc unico (segm A)'!$I:$I,I16,'2 Pdc unico (segm A)'!$N:$N) -> 0 | L16: SP-ATT-B.1.3_FA | M16: =SUMIF('2 Pdc unico (segm A)'!$I:$I,L16,'2 Pdc unico (segm A)'!$N:$N) -> 0
A17: 1.4 | B17: Strade ferrate | C17: =+G17-J17-M17 -> 0 | D17: SP-ATT-B.1.4 | F17: SP-ATT-B.1.4_L | G17: =SUMIF('2 Pdc unico (segm A)'!$I:$I,F17,'2 Pdc unico (segm A)'!$N:$N) -> 0 | I17: SP-ATT-B.1.4_FS | J17: =SUMIF('2 Pdc unico (segm A)'!$I:$I,I17,'2 Pdc unico (segm A)'!$N:$N) -> 0 | L17: SP-ATT-B.1.4_FA | M17: =SUMIF('2 Pdc unico (segm A)'!$I:$I,L17,'2 Pdc unico (segm A)'!$N:$N) -> 0
A18: 1.5 | B18: Opere destinate alla difesa nazionale | C18: =+G18-J18-M18 -> 0 | D18: SP-ATT-B.1.5 | F18: SP-ATT-B.1.5_L | G18: =SUMIF('2 Pdc unico (segm A)'!$I:$I,F18,'2 Pdc unico (segm A)'!$N:$N) -> 0 | I18: SP-ATT-B.1.5_FS | J18: =SUMIF('2 Pdc unico (segm A)'!$I:$I,I18,'2 Pdc unico (segm A)'!$N:$N) -> 0 | L18: SP-ATT-B.1.5_FA | M18: =SUMIF('2 Pdc unico (segm A)'!$I:$I,L18,'2 Pdc unico (segm A)'!$N:$N) -> 0
A19: 1.6 | B19: Porti e aerodromi | C19: =+G19-J19-M19 -> 0 | D19: SP-ATT-B.1.6 | F19: SP-ATT-B.1.6_L | G19: =SUMIF('2 Pdc unico (segm A)'!$I:$I,F19,'2 Pdc unico (segm A)'!$N:$N) -> 0 | I19: SP-ATT-B.1.6_FS | J19: =SUMIF('2 Pdc unico (segm A)'!$I:$I,I19,'2 Pdc unico (segm A)'!$N:$N) -> 0 | L19: SP-ATT-B.1.6_FA | M19: =SUMIF('2 Pdc unico (segm A)'!$I:$I,L19,'2 Pdc unico (segm A)'!$N:$N) -> 0
A20: 1.7 | B20: Acquedotti e infrastrutture idrauliche | C20: =+G20-J20-M20 -> 0 | D20: SP-ATT-B.1.7 | F20: SP-ATT-B.1.7_L | G20: =SUMIF('2 Pdc unico (segm A)'!$I:$I,F20,'2 Pdc unico (segm A)'!$N:$N) -> 0 | I20: SP-ATT-B.1.7_FS | J20: =SUMIF('2 Pdc unico (segm A)'!$I:$I,I20,'2 Pdc unico (segm A)'!$N:$N) -> 0 | L20: SP-ATT-B.1.7_FA | M20: =SUMIF('2 Pdc unico (segm A)'!$I:$I,L20,'2 Pdc unico (segm A)'!$N:$N) -> 0
A21: 1.8 | B21: Beni immobili culturali | C21: =+G21-J21-M21 -> 0 | D21: SP-ATT-B.1.8 | F21: SP-ATT-B.1.8_L | G21: =SUMIF('2 Pdc unico (segm A)'!$I:$I,F21,'2 Pdc unico (segm A)'!$N:$N) -> 0 | I21: SP-ATT-B.1.8_FS | J21: =SUMIF('2 Pdc unico (segm A)'!$I:$I,I21,'2 Pdc unico (segm A)'!$N:$N) -> 0
A22: 1.9 | B22: Beni mobili culturali | C22: =+G22-J22-M22 -> 0 | D22: SP-ATT-B.1.9 | F22: SP-ATT-B.1.9_L | G22: =SUMIF('2 Pdc unico (segm A)'!$I:$I,F22,'2 Pdc unico (segm A)'!$N:$N) -> 0 | I22: SP-ATT-B.1.9_FS | J22: =SUMIF('2 Pdc unico (segm A)'!$I:$I,I22,'2 Pdc unico (segm A)'!$N:$N) -> 0
A23: 1.10 | B23: Cimiteri | C23: =+G23-J23-M23 -> 0 | D23: SP-ATT-B.1.10 | F23: SP-ATT-B.1.10_L | G23: =SUMIF('2 Pdc unico (segm A)'!$I:$I,F23,'2 Pdc unico (segm A)'!$N:$N) -> 0 | I23: SP-ATT-B.1.10_FS | J23: =SUMIF('2 Pdc unico (segm A)'!$I:$I,I23,'2 Pdc unico (segm A)'!$N:$N) -> 0 | L23: SP-ATT-B.1.10_FA | M23: =SUMIF('2 Pdc unico (segm A)'!$I:$I,L23,'2 Pdc unico (segm A)'!$N:$N) -> 0
A24: 1.11 | B24: Mercati | C24: =+G24-J24-M24 -> 0 | D24: SP-ATT-B.1.11 | F24: SP-ATT-B.1.11_L | G24: =SUMIF('2 Pdc unico (segm A)'!$I:$I,F24,'2 Pdc unico (segm A)'!$N:$N) -> 0 | I24: SP-ATT-B.1.11_FS | J24: =SUMIF('2 Pdc unico (segm A)'!$I:$I,I24,'2 Pdc unico (segm A)'!$N:$N) -> 0 | L24: SP-ATT-B.1.11_FA | M24: =SUMIF('2 Pdc unico (segm A)'!$I:$I,L24,'2 Pdc unico (segm A)'!$N:$N) -> 0
A25: 1.12 | B25: Altri | C25: =+G25-J25-M25 -> 0 | D25: SP-ATT-B.1.12 | F25: SP-ATT-B.1.12_L | G25: =SUMIF('2 Pdc unico (segm A)'!$I:$I,F25,'2 Pdc unico (segm A)'!$N:$N) -> 0 | I25: SP-ATT-B.1.12_FS | J25: =SUMIF('2 Pdc unico (segm A)'!$I:$I,I25,'2 Pdc unico (segm A)'!$N:$N) -> 0 | L25: SP-ATT-B.1.12_FA | M25: =SUMIF('2 Pdc unico (segm A)'!$I:$I,L25,'2 Pdc unico (segm A)'!$N:$N) -> 0
A26: 2 | B26: Beni patrimoniali indisponibili [2] | C26: =SUM(C27:C38) -> 0
A27: 2.1 | B27: Terreni | C27: =+G27-J27-M27 -> 0 | D27: SP-ATT-B.2.1 | F27: SP-ATT-B.2.1_L | G27: =SUMIF('2 Pdc unico (segm A)'!$I:$I,F27,'2 Pdc unico (segm A)'!$N:$N) -> 0 | I27: SP-ATT-B.2.1_FS | J27: =SUMIF('2 Pdc unico (segm A)'!$I:$I,I27,'2 Pdc unico (segm A)'!$N:$N) -> 0
A28: 2.2 | B28: Mobili e arredi | C28: =+G28-J28-M28 -> 0 | D28: SP-ATT-B.2.2 | F28: SP-ATT-B.2.2_L | G28: =SUMIF('2 Pdc unico (segm A)'!$I:$I,F28,'2 Pdc unico (segm A)'!$N:$N) -> 0 | I28: SP-ATT-B.2.2_FS | J28: =SUMIF('2 Pdc unico (segm A)'!$I:$I,I28,'2 Pdc unico (segm A)'!$N:$N) -> 0 | L28: SP-ATT-B.2.2_FA | M28: =SUMIF('2 Pdc unico (segm A)'!$I:$I,L28,'2 Pdc unico (segm A)'!$N:$N) -> 0
A29: 2.3 | B29: Fabbricati destinati a sede di pubblici uffici | C29: =+G29-J29-M29 -> 0 | D29: SP-ATT-B.2.3 | F29: SP-ATT-B.2.3_L | G29: =SUMIF('2 Pdc unico (segm A)'!$I:$I,F29,'2 Pdc unico (segm A)'!$N:$N) -> 0 | I29: SP-ATT-B.2.3_FS | J29: =SUMIF('2 Pdc unico (segm A)'!$I:$I,I29,'2 Pdc unico (segm A)'!$N:$N) -> 0 | L29: SP-ATT-B.2.3_FA | M29: =SUMIF('2 Pdc unico (segm A)'!$I:$I,L29,'2 Pdc unico (segm A)'!$N:$N) -> 0
A30: 2.4 | B30: Impianti e macchinari | C30: =+G30-J30-M30 -> 0 | D30: SP-ATT-B.2.4 | F30: SP-ATT-B.2.4_L | G30: =SUMIF('2 Pdc unico (segm A)'!$I:$I,F30,'2 Pdc unico (segm A)'!$N:$N) -> 0 | I30: SP-ATT-B.2.4_FS | J30: =SUMIF('2 Pdc unico (segm A)'!$I:$I,I30,'2 Pdc unico (segm A)'!$N:$N) -> 0 | L30: SP-ATT-B.2.4_FA | M30: =SUMIF('2 Pdc unico (segm A)'!$I:$I,L30,'2 Pdc unico (segm A)'!$N:$N) -> 0
A31: 2.5 | B31: Attrezzature | C31: =+G31-J31-M31 -> 0 | D31: SP-ATT-B.2.5 | F31: SP-ATT-B.2.5_L | G31: =SUMIF('2 Pdc unico (segm A)'!$I:$I,F31,'2 Pdc unico (segm A)'!$N:$N) -> 0 | I31: SP-ATT-B.2.5_FS | J31: =SUMIF('2 Pdc unico (segm A)'!$I:$I,I31,'2 Pdc unico (segm A)'!$N:$N) -> 0 | L31: SP-ATT-B.2.5_FA | M31: =SUMIF('2 Pdc unico (segm A)'!$I:$I,L31,'2 Pdc unico (segm A)'!$N:$N) -> 0
A32: 2.6 | B32: Mezzi di trasporto | C32: =+G32-J32-M32 -> 0 | D32: SP-ATT-B.2.6 | F32: SP-ATT-B.2.6_L | G32: =SUMIF('2 Pdc unico (segm A)'!$I:$I,F32,'2 Pdc unico (segm A)'!$N:$N) -> 0 | I32: SP-ATT-B.2.6_FS | J32: =SUMIF('2 Pdc unico (segm A)'!$I:$I,I32,'2 Pdc unico (segm A)'!$N:$N) -> 0 | L32: SP-ATT-B.2.6_FA | M32: =SUMIF('2 Pdc unico (segm A)'!$I:$I,L32,'2 Pdc unico (segm A)'!$N:$N) -> 0
A33: 2.7 | B33: Macchine per ufficio e hardware | C33: =+G33-J33-M33 -> 0 | D33: SP-ATT-B.2.7 | F33: SP-ATT-B.2.7_L | G33: =SUMIF('2 Pdc unico (segm A)'!$I:$I,F33,'2 Pdc unico (segm A)'!$N:$N) -> 0 | I33: SP-ATT-B.2.7_FS | J33: =SUMIF('2 Pdc unico (segm A)'!$I:$I,I33,'2 Pdc unico (segm A)'!$N:$N) -> 0 | L33: SP-ATT-B.2.7_FA | M33: =SUMIF('2 Pdc unico (segm A)'!$I:$I,L33,'2 Pdc unico (segm A)'!$N:$N) -> 0
A34: 2.8 | B34: Miniere, cave e torbiere | C34: =+G34-J34-M34 -> 0 | D34: SP-ATT-B.2.8 | F34: SP-ATT-B.2.8_L | G34: =SUMIF('2 Pdc unico (segm A)'!$I:$I,F34,'2 Pdc unico (segm A)'!$N:$N) -> 0 | I34: SP-ATT-B.2.8_FS | J34: =SUMIF('2 Pdc unico (segm A)'!$I:$I,I34,'2 Pdc unico (segm A)'!$N:$N) -> 0 | L34: SP-ATT-B.2.8_FA
A35: 2.9 | B35: Caserme | C35: =+G35-J35-M35 -> 0 | D35: SP-ATT-B.2.9 | F35: SP-ATT-B.2.9_L | G35: =SUMIF('2 Pdc unico (segm A)'!$I:$I,F35,'2 Pdc unico (segm A)'!$N:$N) -> 0 | I35: SP-ATT-B.2.9_FS | J35: =SUMIF('2 Pdc unico (segm A)'!$I:$I,I35,'2 Pdc unico (segm A)'!$N:$N) -> 0 | L35: SP-ATT-B.2.9_FA | M35: =SUMIF('2 Pdc unico (segm A)'!$I:$I,L35,'2 Pdc unico (segm A)'!$N:$N) -> 0
A36: 2.10 | B36: Armamenti, aeromobili militari e navi da guerra | C36: =+G36-J36-M36 -> 0 | D36: SP-ATT-B.2.10 | F36: SP-ATT-B.2.10_L | G36: =SUMIF('2 Pdc unico (segm A)'!$I:$I,F36,'2 Pdc unico (segm A)'!$N:$N) -> 0 | I36: SP-ATT-B.2.10_FS | J36: =SUMIF('2 Pdc unico (segm A)'!$I:$I,I36,'2 Pdc unico (segm A)'!$N:$N) -> 0 | L36: SP-ATT-B.2.10_FA | M36: =SUMIF('2 Pdc unico (segm A)'!$I:$I,L36,'2 Pdc unico (segm A)'!$N:$N) -> 0
A37: 2.11 | B37: Beni culturali | C37: =+G37-J37-M37 -> 0 | D37: SP-ATT-B.2.11 | F37: SP-ATT-B.2.11_L | G37: =SUMIF('2 Pdc unico (segm A)'!$I:$I,F37,'2 Pdc unico (segm A)'!$N:$N) -> 0 | I37: SP-ATT-B.2.11_FS | J37: =SUMIF('2 Pdc unico (segm A)'!$I:$I,I37,'2 Pdc unico (segm A)'!$N:$N) -> 0
A38: 2.9 | B38: Altri | C38: =+G38-J38-M38 -> 0 | D38: SP-ATT-B.2.12 | F38: SP-ATT-B.2.12_L | G38: =SUMIF('2 Pdc unico (segm A)'!$I:$I,F38,'2 Pdc unico (segm A)'!$N:$N) -> 0 | I38: SP-ATT-B.2.12_FS | J38: =SUMIF('2 Pdc unico (segm A)'!$I:$I,I38,'2 Pdc unico (segm A)'!$N:$N) -> 0 | L38: SP-ATT-B.2.12_FA | M38: =SUMIF('2 Pdc unico (segm A)'!$I:$I,L38,'2 Pdc unico (segm A)'!$N:$N) -> 0
A39: 3 | B39: Beni patrimoniali disponibili [1] | C39: =SUM(C40:C49) -> 0
A40: 3.1 | B40: Investimenti immobiliari | C40: =+G40-J40-M40 -> 0 | D40: SP-ATT-B.3.1 | F40: SP-ATT-B.3.1_L | G40: =SUMIF('2 Pdc unico (segm A)'!$I:$I,F40,'2 Pdc unico (segm A)'!$N:$N) -> 0 | I40: SP-ATT-B.3.1_FS | J40: =SUMIF('2 Pdc unico (segm A)'!$I:$I,I40,'2 Pdc unico (segm A)'!$N:$N) -> 0 | L40: SP-ATT-B.3.1_FA | M40: =SUMIF('2 Pdc unico (segm A)'!$I:$I,L40,'2 Pdc unico (segm A)'!$N:$N) -> 0
A41: 3.2 | B41: Terreni | C41: =+G41-J41-M41 -> 0 | D41: SP-ATT-B.3.2 | F41: SP-ATT-B.3.2_L | G41: =SUMIF('2 Pdc unico (segm A)'!$I:$I,F41,'2 Pdc unico (segm A)'!$N:$N) -> 0 | I41: SP-ATT-B.3.2_FS | J41: =SUMIF('2 Pdc unico (segm A)'!$I:$I,I41,'2 Pdc unico (segm A)'!$N:$N) -> 0
A42: 3.3 | B42: Fabbricati | C42: =+G42-J42-M42 -> 0 | D42: SP-ATT-B.3.3 | F42: SP-ATT-B.3.3_L | G42: =SUMIF('2 Pdc unico (segm A)'!$I:$I,F42,'2 Pdc unico (segm A)'!$N:$N) -> 0 | I42: SP-ATT-B.3.3_FS | J42: =SUMIF('2 Pdc unico (segm A)'!$I:$I,I42,'2 Pdc unico (segm A)'!$N:$N) -> 0 | L42: SP-ATT-B.3.3_FA | M42: =SUMIF('2 Pdc unico (segm A)'!$I:$I,L42,'2 Pdc unico (segm A)'!$N:$N) -> 0
A43: 3.4 | B43: Impianti e macchinari | C43: =+G43-J43-M43 -> 0 | D43: SP-ATT-B.3.4 | F43: SP-ATT-B.3.4_L | G43: =SUMIF('2 Pdc unico (segm A)'!$I:$I,F43,'2 Pdc unico (segm A)'!$N:$N) -> 0 | I43: SP-ATT-B.3.4_FS | J43: =SUMIF('2 Pdc unico (segm A)'!$I:$I,I43,'2 Pdc unico (segm A)'!$N:$N) -> 0 | L43: SP-ATT-B.3.4_FA | M43: =SUMIF('2 Pdc unico (segm A)'!$I:$I,L43,'2 Pdc unico (segm A)'!$N:$N) -> 0
A44: 3.5 | B44: Attrezzature | C44: =+G44-J44-M44 -> 0 | D44: SP-ATT-B.3.5 | F44: SP-ATT-B.3.5_L | G44: =SUMIF('2 Pdc unico (segm A)'!$I:$I,F44,'2 Pdc unico (segm A)'!$N:$N) -> 0 | I44: SP-ATT-B.3.5_FS | J44: =SUMIF('2 Pdc unico (segm A)'!$I:$I,I44,'2 Pdc unico (segm A)'!$N:$N) -> 0 | L44: SP-ATT-B.3.5_FA | M44: =SUMIF('2 Pdc unico (segm A)'!$I:$I,L44,'2 Pdc unico (segm A)'!$N:$N) -> 0
A45: 3.6 | B45: Mezzi di trasporto | C45: =+G45-J45-M45 -> 0 | D45: SP-ATT-B.3.6 | F45: SP-ATT-B.3.6_L | G45: =SUMIF('2 Pdc unico (segm A)'!$I:$I,F45,'2 Pdc unico (segm A)'!$N:$N) -> 0 | I45: SP-ATT-B.3.6_FS | J45: =SUMIF('2 Pdc unico (segm A)'!$I:$I,I45,'2 Pdc unico (segm A)'!$N:$N) -> 0 | L45: SP-ATT-B.3.6_FA | M45: =SUMIF('2 Pdc unico (segm A)'!$I:$I,L45,'2 Pdc unico (segm A)'!$N:$N) -> 0
A46: 3.7 | B46: Macchine per ufficio e hardware | C46: =+G46-J46-M46 -> 0 | D46: SP-ATT-B.3.7 | F46: SP-ATT-B.3.7_L | G46: =SUMIF('2 Pdc unico (segm A)'!$I:$I,F46,'2 Pdc unico (segm A)'!$N:$N) -> 0 | I46: SP-ATT-B.3.7_FS | J46: =SUMIF('2 Pdc unico (segm A)'!$I:$I,I46,'2 Pdc unico (segm A)'!$N:$N) -> 0 | L46: SP-ATT-B.3.7_FA | M46: =SUMIF('2 Pdc unico (segm A)'!$I:$I,L46,'2 Pdc unico (segm A)'!$N:$N) -> 0
A47: 3.8 | B47: Mobili e arredi | C47: =+G47-J47-M47 -> 0 | D47: SP-ATT-B.3.8 | F47: SP-ATT-B.3.8_L | G47: =SUMIF('2 Pdc unico (segm A)'!$I:$I,F47,'2 Pdc unico (segm A)'!$N:$N) -> 0 | I47: SP-ATT-B.3.8_FS | J47: =SUMIF('2 Pdc unico (segm A)'!$I:$I,I47,'2 Pdc unico (segm A)'!$N:$N) -> 0 | L47: SP-ATT-B.3.8_FA | M47: =SUMIF('2 Pdc unico (segm A)'!$I:$I,L47,'2 Pdc unico (segm A)'!$N:$N) -> 0
A48: 3.9 | B48: Attività biologiche | C48: =+G48-J48-M48 -> 0 | D48: SP-ATT-B.3.9 | F48: SP-ATT-B.3.9_L | G48: =SUMIF('2 Pdc unico (segm A)'!$I:$I,F48,'2 Pdc unico (segm A)'!$N:$N) -> 0 | I48: SP-ATT-B.3.9_FS | J48: =SUMIF('2 Pdc unico (segm A)'!$I:$I,I48,'2 Pdc unico (segm A)'!$N:$N) -> 0 | L48: SP-ATT-B.3.9_FA | M48: =SUMIF('2 Pdc unico (segm A)'!$I:$I,L48,'2 Pdc unico (segm A)'!$N:$N) -> 0
A49: 3.10 | B49: Altri | C49: =+G49-J49-M49 -> 0 | D49: SP-ATT-B.3.10 | F49: SP-ATT-B.3.10_L | G49: =SUMIF('2 Pdc unico (segm A)'!$I:$I,F49,'2 Pdc unico (segm A)'!$N:$N) -> 0 | I49: SP-ATT-B.3.10_FS | J49: =SUMIF('2 Pdc unico (segm A)'!$I:$I,I49,'2 Pdc unico (segm A)'!$N:$N) -> 0 | L49: SP-ATT-B.3.10_FA | M49: =SUMIF('2 Pdc unico (segm A)'!$I:$I,L49,'2 Pdc unico (segm A)'!$N:$N) -> 0
A50: 4 | B50: Immobilizzazioni in corso e acconti | C50: =SUMIF('2 Pdc unico (segm A)'!I:I,D50,'2 Pdc unico (segm A)'!N:N) -> 0 | D50: SP-ATT-B.4
B51: Totale Immobilizzazioni materiali | C51: =C13+C26+C39++C50 -> 0
A52: C | B52: Immobilizzazioni Finanziarie
A53: 1 | B53: Partecipazioni in società controllate | C53: =+G53-J53-M53 -> 0 | D53: SP-ATT-C.1 | F53: SP-ATT-C.1_L | G53: =SUMIF('2 Pdc unico (segm A)'!$I:$I,F53,'2 Pdc unico (segm A)'!$N:$N) -> 0 | I53: SP-ATT-C.1_FS | J53: =SUMIF('2 Pdc unico (segm A)'!$I:$I,I53,'2 Pdc unico (segm A)'!$N:$N) -> 0
A54: 2 | B54: Partecipazioni in società collegate | C54: =+G54-J54-M54 -> 0 | D54: SP-ATT-C.2 | F54: SP-ATT-C.2_L | G54: =SUMIF('2 Pdc unico (segm A)'!$I:$I,F54,'2 Pdc unico (segm A)'!$N:$N) -> 0 | I54: SP-ATT-C.2_FS | J54: =SUMIF('2 Pdc unico (segm A)'!$I:$I,I54,'2 Pdc unico (segm A)'!$N:$N) -> 0
A55: 3 | B55: Partecipazioni in altri organismi | C55: =+G55-J55-M55 -> 0 | D55: SP-ATT-C.3 | F55: SP-ATT-C.3_L | G55: =SUMIF('2 Pdc unico (segm A)'!$I:$I,F55,'2 Pdc unico (segm A)'!$N:$N) -> 0 | I55: SP-ATT-C.3_FS | J55: =SUMIF('2 Pdc unico (segm A)'!$I:$I,I55,'2 Pdc unico (segm A)'!$N:$N) -> 0
A56: 4 | B56: Altri titoli | C56: =+G56-J56-M56 -> 0 | D56: SP-ATT-C.4 | F56: SP-ATT-C.4_L | G56: =SUMIF('2 Pdc unico (segm A)'!$I:$I,F56,'2 Pdc unico (segm A)'!$N:$N) -> 0 | I56: SP-ATT-C.4_FS | J56: =SUMIF('2 Pdc unico (segm A)'!$I:$I,I56,'2 Pdc unico (segm A)'!$N:$N) -> 0
A57: 5 | B57: Crediti di natura tributaria | C57: =+G57-J57-M57 -> 0 | D57: SP-ATT-C.5 | F57: SP-ATT-C.5_L | G57: =SUMIF('2 Pdc unico (segm A)'!$I:$I,F57,'2 Pdc unico (segm A)'!$N:$N) -> 0 | I57: SP-ATT-C.5_FS | J57: =SUMIF('2 Pdc unico (segm A)'!$I:$I,I57,'2 Pdc unico (segm A)'!$N:$N) -> 0
A58: 6 | B58: Crediti per trasferimenti [3] | C58: =+G58-J58-M58 -> 0 | D58: SP-ATT-C.6 | F58: SP-ATT-C.6_L | G58: =SUMIF('2 Pdc unico (segm A)'!$I:$I,F58,'2 Pdc unico (segm A)'!$N:$N) -> 0 | I58: SP-ATT-C.6_FS | J58: =SUMIF('2 Pdc unico (segm A)'!$I:$I,I58,'2 Pdc unico (segm A)'!$N:$N) -> 0
A59: 7 | B59: Crediti verso clienti e utenti | C59: =+G59-J59-M59 -> 0 | D59: SP-ATT-C.7 | F59: SP-ATT-C.7_L | G59: =SUMIF('2 Pdc unico (segm A)'!$I:$I,F59,'2 Pdc unico (segm A)'!$N:$N) -> 0 | I59: SP-ATT-C.7_FS | J59: =SUMIF('2 Pdc unico (segm A)'!$I:$I,I59,'2 Pdc unico (segm A)'!$N:$N) -> 0
A60: 8 | B60: Altri crediti | C60: =+G60-J60-M60 -> 0 | D60: SP-ATT-C.8 | F60: SP-ATT-C.8_L | G60: =SUMIF('2 Pdc unico (segm A)'!$I:$I,F60,'2 Pdc unico (segm A)'!$N:$N) -> 0 | I60: SP-ATT-C.8_FS | J60: =SUMIF('2 Pdc unico (segm A)'!$I:$I,I60,'2 Pdc unico (segm A)'!$N:$N) -> 0
B61: Totale Immobilizzazioni finanziarie | C61: =SUM(C53:C60) -> 0
A62: D | B62: Risconti
A63: 1 | B63: Risconti attivi | C63: =SUMIF('2 Pdc unico (segm A)'!$I:$I,$D63,'2 Pdc unico (segm A)'!$N:$N) -> 0 | D63: SP-ATT-D.1
B64: Totale Risconti | C64: =+C63 -> 0
B65: TOTALE ATTIVITÀ NON CORRENTI | C65: =C11+C51+C61+C64 -> 0
A66: ATTIVITÀ CORRENTI
A67: E | B67: Rimanenze e lavori in corso su ordinazione
A68: 1 | B68: Materie prime, sussidiarie e materiali di consumo | C68: =SUMIF('2 Pdc unico (segm A)'!$I:$I,$D68,'2 Pdc unico (segm A)'!$N:$N) -> 0 | D68: SP-ATT-E.1
A69: 2 | B69: Semilavorati e prodotti in corso di lavorazione | C69: =SUMIF('2 Pdc unico (segm A)'!$I:$I,$D69,'2 Pdc unico (segm A)'!$N:$N) -> 0 | D69: SP-ATT-E.2
A70: 3 | B70: Prodotti finiti e merci | C70: =SUMIF('2 Pdc unico (segm A)'!$I:$I,$D70,'2 Pdc unico (segm A)'!$N:$N) -> 0 | D70: SP-ATT-E.3
A71: 4 | B71: Attività biologiche | C71: =SUMIF('2 Pdc unico (segm A)'!$I:$I,$D71,'2 Pdc unico (segm A)'!$N:$N) -> 0 | D71: SP-ATT-E.4
A72: 5 | B72: Lavori in corso su ordinazione | C72: =SUMIF('2 Pdc unico (segm A)'!$I:$I,$D72,'2 Pdc unico (segm A)'!$N:$N) -> 0 | D72: SP-ATT-E.5
A73: 6 | B73: Acconti | C73: =SUMIF('2 Pdc unico (segm A)'!$I:$I,$D73,'2 Pdc unico (segm A)'!$N:$N) -> 0 | D73: SP-ATT-E.6
B74: Totale Rimanenze e lavori in corso su ordinazione | C74: =SUM(C68:C73) -> 0
A75: F | B75: Altre attività destinate alla vendita
A76: 1 | B76: Attività immateriali | C76: =SUMIF('2 Pdc unico (segm A)'!$I:$I,$D76,'2 Pdc unico (segm A)'!$N:$N) -> 0 | D76: SP-ATT-F.1
A77: 2 | B77: Attività materiali | C77: =SUMIF('2 Pdc unico (segm A)'!$I:$I,$D77,'2 Pdc unico (segm A)'!$N:$N) -> 0 | D77: SP-ATT-F.2
A78: 3 | B78: Attività finanziarie | C78: =SUMIF('2 Pdc unico (segm A)'!$I:$I,$D78,'2 Pdc unico (segm A)'!$N:$N) -> 0 | D78: SP-ATT-F.3
B79: Totale Altre attività destinate alla vendita | C79: =SUM(C76:C78) -> 0
A80: G | B80: Crediti
A81: 1 | B81: Crediti di natura tributaria | C81: =SUMIF('2 Pdc unico (segm A)'!$I:$I,$D81,'2 Pdc unico (segm A)'!$N:$N) -> 0 | D81: SP-ATT-G.1
A82: 2 | B82: Crediti per trasferimenti [3] | C82: =SUMIF('2 Pdc unico (segm A)'!$I:$I,$D82,'2 Pdc unico (segm A)'!$N:$N) -> 0 | D82: SP-ATT-G.2
A83: 3 | B83: Verso clienti e utenti | C83: =SUMIF('2 Pdc unico (segm A)'!$I:$I,$D83,'2 Pdc unico (segm A)'!$N:$N) -> 0 | D83: SP-ATT-G.3
A84: 4 | B84: Altri crediti | C84: =SUMIF('2 Pdc unico (segm A)'!$I:$I,$D84,'2 Pdc unico (segm A)'!$N:$N) -> 0 | D84: SP-ATT-G.4
B85: Totale Crediti | C85: =SUM(C81:C84) -> 0
A86: H | B86: Ratei e risconti
A87: 1 | B87: Ratei attivi | C87: =SUMIF('2 Pdc unico (segm A)'!$I:$I,$D87,'2 Pdc unico (segm A)'!$N:$N) -> 0 | D87: SP-ATT-H.1
A88: 2 | B88: Risconti attivi | C88: =SUMIF('2 Pdc unico (segm A)'!$I:$I,$D88,'2 Pdc unico (segm A)'!$N:$N) -> 0 | D88: SP-ATT-H.2
B89: Totale Ratei e risconti | C89: =C87+C88 -> 0
A90: I | B90: Disponibilità liquide
A91: 1 | B91: Conto di tesoreria | C91: =SUM(C92:C93) -> 0
A92: 1.1 | B92: presso Istituto cassiere (tesoriere) | C92: =SUMIF('2 Pdc unico (segm A)'!$I:$I,$D92,'2 Pdc unico (segm A)'!$N:$N) -> 0 | D92: SP-ATT-I.1.1
A93: 1.2 | B93: presso Banca d'Italia | C93: =SUMIF('2 Pdc unico (segm A)'!$I:$I,$D93,'2 Pdc unico (segm A)'!$N:$N) -> 0 | D93: SP-ATT-I.1.2
A94: 2 | B94: Altri depositi bancari e postali | C94: =SUMIF('2 Pdc unico (segm A)'!$I:$I,$D94,'2 Pdc unico (segm A)'!$N:$N) -> 0 | D94: SP-ATT-I.2
A95: 3 | B95: Denaro e valori in cassa | C95: =SUMIF('2 Pdc unico (segm A)'!$I:$I,$D95,'2 Pdc unico (segm A)'!$N:$N) -> 0 | D95: SP-ATT-I.3
A96: 4 | B96: Altri conti presso la tesoreria statale intestati all’amministrazione | C96: =SUMIF('2 Pdc unico (segm A)'!$I:$I,$D96,'2 Pdc unico (segm A)'!$N:$N) -> 0 | D96: SP-ATT-I.4
B97: Totale Disponibilità liquide | C97: =C91+C94+C95+C96 -> 0
B98: TOTALE ATTIVITÀ CORRENTI | C98: =C74+C79+C85+C89+C97 -> 0
A99: TOTALE ATTIVO (ATTIVITÀ NON CORRENTI + ATTIVITÀ CORRENTI) | C99: =C65+C98 -> 0
A101: [1] con separata indicazione degli importi relativi ai beni in leasing finanziario.
...

Sheet 4 Schema aggiuntivo SP
A1: ITAS 1_ ALL. 1 STATO PATRIMONIALE - schema aggiuntivo con dettagli relativi alle note apposte sullo schema di SP: [1],[2],[3],[4],[5]
A2: A T T I V O | C2: Anno 2025 (dati in €) | D2: Codice
A3: ATTIVITÀ NON CORRENTI - Dettagli importi relativi alle note [1] e [2] | F3: Immobilizazioni lorde - dettagli importi relativi alla nota [1] - beni in concessione e [2] - beni acquisiti in leasing fin | I3: FONDI SVALUTAZIONE - dettagli importi relativi alla nota [1] - beni in concessione e [2] - beni acquisiti in leasing fin | L3: FONDI AMMORTAMENTO - dettagli importi relativi alla nota [1] - beni in concessione e [2] - beni acquisiti in leasing fin
A4: A | B4: Immobilizzazioni immateriali e avviamento [1] - DETTAGLIO BENI IN CONCESSIONE
A5: 1 | B5: Diritti di brevetto e utilizzazione opere dell'ingegno | C5: =+G5-J5-M5 -> 0 | D5: SP-ATT-A.1_conc | F5: SP-ATT-A.1_L_conc | G5: =SUMIF('2 Pdc unico (segm A)'!$I:$I,F5,'2 Pdc unico (segm A)'!$N:$N) -> 0 | I5: SP-ATT-A.1_FS_conc | J5: =SUMIF('2 Pdc unico (segm A)'!$I:$I,I5,'2 Pdc unico (segm A)'!$N:$N) -> 0 | L5: SP-ATT-A.1_FA_conc | M5: =SUMIF('2 Pdc unico (segm A)'!$I:$I,L5,'2 Pdc unico (segm A)'!$N:$N) -> 0
A6: 2 | B6: Concessioni, licenze, marchi | C6: =+G6-J6-M6 -> 0 | D6: SP-ATT-A.2_conc | F6: SP-ATT-A.2_L_conc | G6: =SUMIF('2 Pdc unico (segm A)'!$I:$I,F6,'2 Pdc unico (segm A)'!$N:$N) -> 0 | I6: SP-ATT-A.2_FS_conc | J6: =SUMIF('2 Pdc unico (segm A)'!$I:$I,I6,'2 Pdc unico (segm A)'!$N:$N) -> 0 | L6: SP-ATT-A.2_FA_conc | M6: =SUMIF('2 Pdc unico (segm A)'!$I:$I,L6,'2 Pdc unico (segm A)'!$N:$N) -> 0
A7: 3 | B7: Altri diritti | C7: =+G7-J7-M7 -> 0 | D7: SP-ATT-A.3_conc | F7: SP-ATT-A.3_L_conc | G7: =SUMIF('2 Pdc unico (segm A)'!$I:$I,F7,'2 Pdc unico (segm A)'!$N:$N) -> 0 | I7: SP-ATT-A.3_FS_conc | J7: =SUMIF('2 Pdc unico (segm A)'!$I:$I,I7,'2 Pdc unico (segm A)'!$N:$N) -> 0 | L7: SP-ATT-A.3_FA_conc | M7: =SUMIF('2 Pdc unico (segm A)'!$I:$I,L7,'2 Pdc unico (segm A)'!$N:$N) -> 0
A8: 4 | B8: Avviamento | C8: =+G8-J8-M8 -> 0 | D8: SP-ATT-A.4_conc | F8: SP-ATT-A.4_L_conc | G8: =SUMIF('2 Pdc unico (segm A)'!$I:$I,F8,'2 Pdc unico (segm A)'!$N:$N) -> 0 | I8: SP-ATT-A.4_FS_conc | J8: =SUMIF('2 Pdc unico (segm A)'!$I:$I,I8,'2 Pdc unico (segm A)'!$N:$N) -> 0 | L8: SP-ATT-A.4_FA_conc | M8: =SUMIF('2 Pdc unico (segm A)'!$I:$I,L8,'2 Pdc unico (segm A)'!$N:$N) -> 0
A9: 5 | B9: Immobilizzazioni in corso e acconti | C9: =+G9-J9-M9 -> 0 | D9: SP-ATT-A.5_conc
A10: 6 | B10: Altre | C10: =+G10-J10-M10 -> 0 | D10: SP-ATT-A.6_conc | F10: SP-ATT-A.6_L_conc | G10: =SUMIF('2 Pdc unico (segm A)'!$I:$I,F10,'2 Pdc unico (segm A)'!$N:$N) -> 0 | I10: SP-ATT-A.6_FS_conc | J10: =SUMIF('2 Pdc unico (segm A)'!$I:$I,I10,'2 Pdc unico (segm A)'!$N:$N) -> 0 | L10: SP-ATT-A.6_FA_conc | M10: =SUMIF('2 Pdc unico (segm A)'!$I:$I,L10,'2 Pdc unico (segm A)'!$N:$N) -> 0
A11: A | B11: Immobilizzazioni immateriali e avviamento [2] - DETTAGLIO BENI ACQUISITI IN LEASING FINANZIARIO
A12: 1 | B12: Diritti di brevetto e utilizzazione opere dell'ingegno | C12: =+G12-J12-M12 -> 0 | D12: SP-ATT-A.1_leas | F12: SP-ATT-A.1_L_leas | G12: =SUMIF('2 Pdc unico (segm A)'!$I:$I,F12,'2 Pdc unico (segm A)'!$N:$N) -> 0 | I12: SP-ATT-A.1_FS_leas | J12: =SUMIF('2 Pdc unico (segm A)'!$I:$I,I12,'2 Pdc unico (segm A)'!$N:$N) -> 0 | L12: SP-ATT-A.1_FA_leas | M12: =SUMIF('2 Pdc unico (segm A)'!$I:$I,L12,'2 Pdc unico (segm A)'!$N:$N) -> 0
A13: 2 | B13: Concessioni, licenze, marchi | C13: =+G13-J13-M13 -> 0 | D13: SP-ATT-A.2_leas | F13: SP-ATT-A.2_L_leas | G13: =SUMIF('2 Pdc unico (segm A)'!$I:$I,F13,'2 Pdc unico (segm A)'!$N:$N) -> 0 | I13: SP-ATT-A.2_FS_leas | J13: =SUMIF('2 Pdc unico (segm A)'!$I:$I,I13,'2 Pdc unico (segm A)'!$N:$N) -> 0 | L13: SP-ATT-A.2_FA_leas | M13: =SUMIF('2 Pdc unico (segm A)'!$I:$I,L13,'2 Pdc unico (segm A)'!$N:$N) -> 0
A14: 3 | B14: Altri diritti | C14: =+G14-J14-M14 -> 0 | D14: SP-ATT-A.3_leas | F14: SP-ATT-A.3_L_leas | G14: =SUMIF('2 Pdc unico (segm A)'!$I:$I,F14,'2 Pdc unico (segm A)'!$N:$N) -> 0 | I14: SP-ATT-A.3_FS_leas | J14: =SUMIF('2 Pdc unico (segm A)'!$I:$I,I14,'2 Pdc unico (segm A)'!$N:$N) -> 0 | L14: SP-ATT-A.3_FA_leas | M14: =SUMIF('2 Pdc unico (segm A)'!$I:$I,L14,'2 Pdc unico (segm A)'!$N:$N) -> 0
A15: 4 | B15: Avviamento | C15: =+G15-J15-M15 -> 0 | D15: SP-ATT-A.4_leas | F15: SP-ATT-A.4_L_leas | G15: =SUMIF('2 Pdc unico (segm A)'!$I:$I,F15,'2 Pdc unico (segm A)'!$N:$N) -> 0 | I15: SP-ATT-A.4_FS_leas | J15: =SUMIF('2 Pdc unico (segm A)'!$I:$I,I15,'2 Pdc unico (segm A)'!$N:$N) -> 0 | L15: SP-ATT-A.4_FA_leas | M15: =SUMIF('2 Pdc unico (segm A)'!$I:$I,L15,'2 Pdc unico (segm A)'!$N:$N) -> 0
A16: 5 | B16: Immobilizzazioni in corso e acconti | C16: =+G16-J16-M16 -> 0 | D16: SP-ATT-A.5_leas
A17: 6 | B17: Altre | C17: =+G17-J17-M17 -> 0 | D17: SP-ATT-A.6_leas | F17: SP-ATT-A.6_L_leas | G17: =SUMIF('2 Pdc unico (segm A)'!$I:$I,F17,'2 Pdc unico (segm A)'!$N:$N) -> 0 | I17: SP-ATT-A.6_FS_leas | J17: =SUMIF('2 Pdc unico (segm A)'!$I:$I,I17,'2 Pdc unico (segm A)'!$N:$N) -> 0 | L17: SP-ATT-A.6_FA_leas | M17: =SUMIF('2 Pdc unico (segm A)'!$I:$I,L17,'2 Pdc unico (segm A)'!$N:$N) -> 0
A18: B | B18: Immobilizzazioni materiali
A19: 1 | B19: Beni demaniali [1] - DETTAGLIO BENI IN CONCESSIONE
A20: 1.1 | B20: Terreni | C20: =+G20-J20-M20 -> 0 | D20: SP-ATT-B.1.1_conc | F20: SP-ATT-B.1.1_L_conc | G20: =SUMIF('2 Pdc unico (segm A)'!$I:$I,F20,'2 Pdc unico (segm A)'!$N:$N) -> 0 | I20: SP-ATT-B.1.1_FS_conc | J20: =SUMIF('2 Pdc unico (segm A)'!$I:$I,I20,'2 Pdc unico (segm A)'!$N:$N) -> 0
A21: 1.2 | B21: Fabbricati | C21: =+G21-J21-M21 -> 0 | D21: SP-ATT-B.1.2_conc | F21: SP-ATT-B.1.2_L_conc | G21: =SUMIF('2 Pdc unico (segm A)'!$I:$I,F21,'2 Pdc unico (segm A)'!$N:$N) -> 0 | I21: SP-ATT-B.1.2_FS_conc | J21: =SUMIF('2 Pdc unico (segm A)'!$I:$I,I21,'2 Pdc unico (segm A)'!$N:$N) -> 0 | L21: SP-ATT-B.1.2_FA_conc | M21: =SUMIF('2 Pdc unico (segm A)'!$I:$I,L21,'2 Pdc unico (segm A)'!$N:$N) -> 0
A22: 1.3 | B22: Strade e autostrade | C22: =+G22-J22-M22 -> 0 | D22: SP-ATT-B.1.3_conc | F22: SP-ATT-B.1.3_L_conc | G22: =SUMIF('2 Pdc unico (segm A)'!$I:$I,F22,'2 Pdc unico (segm A)'!$N:$N) -> 0 | I22: SP-ATT-B.1.3_FS_conc | J22: =SUMIF('2 Pdc unico (segm A)'!$I:$I,I22,'2 Pdc unico (segm A)'!$N:$N) -> 0 | L22: SP-ATT-B.1.3_FA_conc | M22: =SUMIF('2 Pdc unico (segm A)'!$I:$I,L22,'2 Pdc unico (segm A)'!$N:$N) -> 0
A23: 1.4 | B23: Strade ferrate | C23: =+G23-J23-M23 -> 0 | D23: SP-ATT-B.1.4_conc | F23: SP-ATT-B.1.4_L_conc | G23: =SUMIF('2 Pdc unico (segm A)'!$I:$I,F23,'2 Pdc unico (segm A)'!$N:$N) -> 0 | I23: SP-ATT-B.1.4_FS_conc | J23: =SUMIF('2 Pdc unico (segm A)'!$I:$I,I23,'2 Pdc unico (segm A)'!$N:$N) -> 0 | L23: SP-ATT-B.1.4_FA_conc | M23: =SUMIF('2 Pdc unico (segm A)'!$I:$I,L23,'2 Pdc unico (segm A)'!$N:$N) -> 0
A24: 1.5 | B24: Opere destinate alla difesa nazionale | C24: =+G24-J24-M24 -> 0 | D24: SP-ATT-B.1.5_conc | F24: SP-ATT-B.1.5_L_conc | G24: =SUMIF('2 Pdc unico (segm A)'!$I:$I,F24,'2 Pdc unico (segm A)'!$N:$N) -> 0 | I24: SP-ATT-B.1.5_FS_conc | J24: =SUMIF('2 Pdc unico (segm A)'!$I:$I,I24,'2 Pdc unico (segm A)'!$N:$N) -> 0 | L24: SP-ATT-B.1.5_FA_conc | M24: =SUMIF('2 Pdc unico (segm A)'!$I:$I,L24,'2 Pdc unico (segm A)'!$N:$N) -> 0
A25: 1.6 | B25: Porti e aerodromi | C25: =+G25-J25-M25 -> 0 | D25: SP-ATT-B.1.6_conc | F25: SP-ATT-B.1.6_L_conc | G25: =SUMIF('2 Pdc unico (segm A)'!$I:$I,F25,'2 Pdc unico (segm A)'!$N:$N) -> 0 | I25: SP-ATT-B.1.6_FS_conc | J25: =SUMIF('2 Pdc unico (segm A)'!$I:$I,I25,'2 Pdc unico (segm A)'!$N:$N) -> 0 | L25: SP-ATT-B.1.6_FA_conc | M25: =SUMIF('2 Pdc unico (segm A)'!$I:$I,L25,'2 Pdc unico (segm A)'!$N:$N) -> 0
A26: 1.7 | B26: Acquedotti e infrastrutture idrauliche | C26: =+G26-J26-M26 -> 0 | D26: SP-ATT-B.1.7_conc | F26: SP-ATT-B.1.7_L_conc | G26: =SUMIF('2 Pdc unico (segm A)'!$I:$I,F26,'2 Pdc unico (segm A)'!$N:$N) -> 0 | I26: SP-ATT-B.1.7_FS_conc | J26: =SUMIF('2 Pdc unico (segm A)'!$I:$I,I26,'2 Pdc unico (segm A)'!$N:$N) -> 0 | L26: SP-ATT-B.1.7_FA_conc | M26: =SUMIF('2 Pdc unico (segm A)'!$I:$I,L26,'2 Pdc unico (segm A)'!$N:$N) -> 0
A27: 1.8 | B27: Beni immobili culturali | C27: =+G27-J27-M27 -> 0 | D27: SP-ATT-B.1.8_conc | F27: SP-ATT-B.1.8_L_conc | G27: =SUMIF('2 Pdc unico (segm A)'!$I:$I,F27,'2 Pdc unico (segm A)'!$N:$N) -> 0 | I27: SP-ATT-B.1.8_FS_conc | J27: =SUMIF('2 Pdc unico (segm A)'!$I:$I,I27,'2 Pdc unico (segm A)'!$N:$N) -> 0
A28: 1.9 | B28: Beni mobili culturali | C28: =+G28-J28-M28 -> 0 | D28: SP-ATT-B.1.9_conc | F28: SP-ATT-B.1.9_L_conc | G28: =SUMIF('2 Pdc unico (segm A)'!$I:$I,F28,'2 Pdc unico (segm A)'!$N:$N) -> 0 | I28: SP-ATT-B.1.9_FS_conc | J28: =SUMIF('2 Pdc unico (segm A)'!$I:$I,I28,'2 Pdc unico (segm A)'!$N:$N) -> 0
A29: 1.10 | B29: Cimiteri | C29: =+G29-J29-M29 -> 0 | D29: SP-ATT-B.1.10_conc | F29: SP-ATT-B.1.10_L_conc | G29: =SUMIF('2 Pdc unico (segm A)'!$I:$I,F29,'2 Pdc unico (segm A)'!$N:$N) -> 0 | I29: SP-ATT-B.1.10_FS_conc | J29: =SUMIF('2 Pdc unico (segm A)'!$I:$I,I29,'2 Pdc unico (segm A)'!$N:$N) -> 0 | L29: SP-ATT-B.1.10_FA_conc | M29: =SUMIF('2 Pdc unico (segm A)'!$I:$I,L29,'2 Pdc unico (segm A)'!$N:$N) -> 0
A30: 1.11 | B30: Mercati | C30: =+G30-J30-M30 -> 0 | D30: SP-ATT-B.1.11_conc | F30: SP-ATT-B.1.11_L_conc | G30: =SUMIF('2 Pdc unico (segm A)'!$I:$I,F30,'2 Pdc unico (segm A)'!$N:$N) -> 0 | I30: SP-ATT-B.1.11_FS_conc | J30: =SUMIF('2 Pdc unico (segm A)'!$I:$I,I30,'2 Pdc unico (segm A)'!$N:$N) -> 0 | L30: SP-ATT-B.1.11_FA_conc | M30: =SUMIF('2 Pdc unico (segm A)'!$I:$I,L30,'2 Pdc unico (segm A)'!$N:$N) -> 0
A31: 1.12 | B31: Altri | C31: =+G31-J31-M31 -> 0 | D31: SP-ATT-B.1.12_conc | F31: SP-ATT-B.1.12_L_conc | G31: =SUMIF('2 Pdc unico (segm A)'!$I:$I,F31,'2 Pdc unico (segm A)'!$N:$N) -> 0 | I31: SP-ATT-B.1.12_FS_conc | J31: =SUMIF('2 Pdc unico (segm A)'!$I:$I,I31,'2 Pdc unico (segm A)'!$N:$N) -> 0 | L31: SP-ATT-B.1.12_FA_conc | M31: =SUMIF('2 Pdc unico (segm A)'!$I:$I,L31,'2 Pdc unico (segm A)'!$N:$N) -> 0
A32: 2 | B32: Beni patrimoniali indisponibili [1] - DETTAGLIO BENI IN CONCESSIONE
A33: 2.1 | B33: Terreni | C33: =+G33-J33-M33 -> 0 | D33: SP-ATT-B.2.1_conc | F33: SP-ATT-B.2.1_L_conc | G33: =SUMIF('2 Pdc unico (segm A)'!$I:$I,F33,'2 Pdc unico (segm A)'!$N:$N) -> 0 | I33: SP-ATT-B.2.1_FS_conc | J33: =SUMIF('2 Pdc unico (segm A)'!$I:$I,I33,'2 Pdc unico (segm A)'!$N:$N) -> 0
A34: 2.2 | B34: Mobili e arredi | C34: =+G34-J34-M34 -> 0 | D34: SP-ATT-B.2.2_conc | F34: SP-ATT-B.2.2_L_conc | G34: =SUMIF('2 Pdc unico (segm A)'!$I:$I,F34,'2 Pdc unico (segm A)'!$N:$N) -> 0 | I34: SP-ATT-B.2.2_FS_conc | J34: =SUMIF('2 Pdc unico (segm A)'!$I:$I,I34,'2 Pdc unico (segm A)'!$N:$N) -> 0 | L34: SP-ATT-B.2.2_FA_conc | M34: =SUMIF('2 Pdc unico (segm A)'!$I:$I,L34,'2 Pdc unico (segm A)'!$N:$N) -> 0
A35: 2.3 | B35: Fabbricati destinati a sede di pubblici uffici | C35: =+G35-J35-M35 -> 0 | D35: SP-ATT-B.2.3_conc | F35: SP-ATT-B.2.3_L_conc | G35: =SUMIF('2 Pdc unico (segm A)'!$I:$I,F35,'2 Pdc unico (segm A)'!$N:$N) -> 0 | I35: SP-ATT-B.2.3_FS_conc | J35: =SUMIF('2 Pdc unico (segm A)'!$I:$I,I35,'2 Pdc unico (segm A)'!$N:$N) -> 0 | L35: SP-ATT-B.2.3_FA_conc | M35: =SUMIF('2 Pdc unico (segm A)'!$I:$I,L35,'2 Pdc unico (segm A)'!$N:$N) -> 0
A36: 2.4 | B36: Impianti e macchinari | C36: =+G36-J36-M36 -> 0 | D36: SP-ATT-B.2.4_conc | F36: SP-ATT-B.2.4_L_conc | G36: =SUMIF('2 Pdc unico (segm A)'!$I:$I,F36,'2 Pdc unico (segm A)'!$N:$N) -> 0 | I36: SP-ATT-B.2.4_FS_conc | J36: =SUMIF('2 Pdc unico (segm A)'!$I:$I,I36,'2 Pdc unico (segm A)'!$N:$N) -> 0 | L36: SP-ATT-B.2.4_FA_conc | M36: =SUMIF('2 Pdc unico (segm A)'!$I:$I,L36,'2 Pdc unico (segm A)'!$N:$N) -> 0
A37: 2.5 | B37: Attrezzature | C37: =+G37-J37-M37 -> 0 | D37: SP-ATT-B.2.5_conc | F37: SP-ATT-B.2.5_L_conc | G37: =SUMIF('2 Pdc unico (segm A)'!$I:$I,F37,'2 Pdc unico (segm A)'!$N:$N) -> 0 | I37: SP-ATT-B.2.5_FS_conc | J37: =SUMIF('2 Pdc unico (segm A)'!$I:$I,I37,'2 Pdc unico (segm A)'!$N:$N) -> 0 | L37: SP-ATT-B.2.5_FA_conc | M37: =SUMIF('2 Pdc unico (segm A)'!$I:$I,L37,'2 Pdc unico (segm A)'!$N:$N) -> 0
A38: 2.6 | B38: Mezzi di trasporto | C38: =+G38-J38-M38 -> 0 | D38: SP-ATT-B.2.6_conc | F38: SP-ATT-B.2.6_L_conc | G38: =SUMIF('2 Pdc unico (segm A)'!$I:$I,F38,'2 Pdc unico (segm A)'!$N:$N) -> 0 | I38: SP-ATT-B.2.6_FS_conc | J38: =SUMIF('2 Pdc unico (segm A)'!$I:$I,I38,'2 Pdc unico (segm A)'!$N:$N) -> 0 | L38: SP-ATT-B.2.6_FA_conc | M38: =SUMIF('2 Pdc unico (segm A)'!$I:$I,L38,'2 Pdc unico (segm A)'!$N:$N) -> 0
A39: 2.7 | B39: Macchine per ufficio e hardware | C39: =+G39-J39-M39 -> 0 | D39: SP-ATT-B.2.7_conc | F39: SP-ATT-B.2.7_L_conc | G39: =SUMIF('2 Pdc unico (segm A)'!$I:$I,F39,'2 Pdc unico (segm A)'!$N:$N) -> 0 | I39: SP-ATT-B.2.7_FS_conc | J39: =SUMIF('2 Pdc unico (segm A)'!$I:$I,I39,'2 Pdc unico (segm A)'!$N:$N) -> 0 | L39: SP-ATT-B.2.7_FA_conc | M39: =SUMIF('2 Pdc unico (segm A)'!$I:$I,L39,'2 Pdc unico (segm A)'!$N:$N) -> 0
A40: 2.8 | B40: Miniere, cave e torbiere | C40: =+G40-J40-M40 -> 0 | D40: SP-ATT-B.2.8_conc | F40: SP-ATT-B.2.8_L_conc | G40: =SUMIF('2 Pdc unico (segm A)'!$I:$I,F40,'2 Pdc unico (segm A)'!$N:$N) -> 0 | I40: SP-ATT-B.2.8_FS_conc | J40: =SUMIF('2 Pdc unico (segm A)'!$I:$I,I40,'2 Pdc unico (segm A)'!$N:$N) -> 0 | L40: SP-ATT-B.2.8_FA_conc | M40: =SUMIF('2 Pdc unico (segm A)'!$I:$I,L40,'2 Pdc unico (segm A)'!$N:$N) -> 0
A41: 2.9 | B41: Caserme | C41: =+G41-J41-M41 -> 0 | D41: SP-ATT-B.2.9_conc | F41: SP-ATT-B.2.9_L_conc | G41: =SUMIF('2 Pdc unico (segm A)'!$I:$I,F41,'2 Pdc unico (segm A)'!$N:$N) -> 0 | I41: SP-ATT-B.2.9_FS_conc | J41: =SUMIF('2 Pdc unico (segm A)'!$I:$I,I41,'2 Pdc unico (segm A)'!$N:$N) -> 0 | L41: SP-ATT-B.2.9_FA_conc | M41: =SUMIF('2 Pdc unico (segm A)'!$I:$I,L41,'2 Pdc unico (segm A)'!$N:$N) -> 0
A42: 2.10 | B42: Armamenti, aeromobili militari e navi da guerra | C42: =+G42-J42-M42 -> 0 | D42: SP-ATT-B.2.10_conc | F42: SP-ATT-B.2.10_L_conc | G42: =SUMIF('2 Pdc unico (segm A)'!$I:$I,F42,'2 Pdc unico (segm A)'!$N:$N) -> 0 | I42: SP-ATT-B.2.10_FS_conc | J42: =SUMIF('2 Pdc unico (segm A)'!$I:$I,I42,'2 Pdc unico (segm A)'!$N:$N) -> 0 | L42: SP-ATT-B.2.10_FA_conc | M42: =SUMIF('2 Pdc unico (segm A)'!$I:$I,L42,'2 Pdc unico (segm A)'!$N:$N) -> 0
A43: 2.11 | B43: Beni culturali | C43: =+G43-J43-M43 -> 0 | D43: SP-ATT-B.2.11_conc | F43: SP-ATT-B.2.11_L_conc | G43: =SUMIF('2 Pdc unico (segm A)'!$I:$I,F43,'2 Pdc unico (segm A)'!$N:$N) -> 0 | I43: SP-ATT-B.2.11_FS_conc | J43: =SUMIF('2 Pdc unico (segm A)'!$I:$I,I43,'2 Pdc unico (segm A)'!$N:$N) -> 0
A44: 2.9 | B44: Altri | C44: =+G44-J44-M44 -> 0 | D44: SP-ATT-B.2.12_conc | F44: SP-ATT-B.2.12_L_conc | G44: =SUMIF('2 Pdc unico (segm A)'!$I:$I,F44,'2 Pdc unico (segm A)'!$N:$N) -> 0 | I44: SP-ATT-B.2.12_FS_conc | J44: =SUMIF('2 Pdc unico (segm A)'!$I:$I,I44,'2 Pdc unico (segm A)'!$N:$N) -> 0 | L44: SP-ATT-B.2.12_FA_conc | M44: =SUMIF('2 Pdc unico (segm A)'!$I:$I,L44,'2 Pdc unico (segm A)'!$N:$N) -> 0
A45: 3 | B45: Beni patrimoniali disponibili [2] - DETTAGLIO BENI ACQUISITI IN LEASING FINANZIARIO
A46: 3.1 | B46: Investimenti immobiliari | C46: =+G46-J46-M46 -> 0 | D46: SP-ATT-B.3.1_leas | F46: SP-ATT-B.3.1_L_leas | G46: =SUMIF('2 Pdc unico (segm A)'!$I:$I,F46,'2 Pdc unico (segm A)'!$N:$N) -> 0 | I46: SP-ATT-B.3.1_FS_leas | J46: =SUMIF('2 Pdc unico (segm A)'!$I:$I,I46,'2 Pdc unico (segm A)'!$N:$N) -> 0 | L46: SP-ATT-B.3.1_FA_leas | M46: =SUMIF('2 Pdc unico (segm A)'!$I:$I,L46,'2 Pdc unico (segm A)'!$N:$N) -> 0
A47: 3.2 | B47: Terreni | C47: =+G47-J47-M47 -> 0 | D47: SP-ATT-B.3.2_leas | F47: SP-ATT-B.3.2_L_leas | G47: =SUMIF('2 Pdc unico (segm A)'!$I:$I,F47,'2 Pdc unico (segm A)'!$N:$N) -> 0 | I47: SP-ATT-B.3.2_FS_leas | J47: =SUMIF('2 Pdc unico (segm A)'!$I:$I,I47,'2 Pdc unico (segm A)'!$N:$N) -> 0
A48: 3.3 | B48: Fabbricati | C48: =+G48-J48-M48 -> 0 | D48: SP-ATT-B.3.3_leas | F48: SP-ATT-B.3.3_L_leas | G48: =SUMIF('2 Pdc unico (segm A)'!$I:$I,F48,'2 Pdc unico (segm A)'!$N:$N) -> 0 | I48: SP-ATT-B.3.3_FS_leas | J48: =SUMIF('2 Pdc unico (segm A)'!$I:$I,I48,'2 Pdc unico (segm A)'!$N:$N) -> 0 | L48: SP-ATT-B.3.3_FA_leas | M48: =SUMIF('2 Pdc unico (segm A)'!$I:$I,L48,'2 Pdc unico (segm A)'!$N:$N) -> 0
A49: 3.4 | B49: Impianti e macchinari | C49: =+G49-J49-M49 -> 0 | D49: SP-ATT-B.3.4_leas | F49: SP-ATT-B.3.4_L_leas | G49: =SUMIF('2 Pdc unico (segm A)'!$I:$I,F49,'2 Pdc unico (segm A)'!$N:$N) -> 0 | I49: SP-ATT-B.3.4_FS_leas | J49: =SUMIF('2 Pdc unico (segm A)'!$I:$I,I49,'2 Pdc unico (segm A)'!$N:$N) -> 0 | L49: SP-ATT-B.3.4_FA_leas | M49: =SUMIF('2 Pdc unico (segm A)'!$I:$I,L49,'2 Pdc unico (segm A)'!$N:$N) -> 0
A50: 3.5 | B50: Attrezzature | C50: =+G50-J50-M50 -> 0 | D50: SP-ATT-B.3.5_leas | F50: SP-ATT-B.3.5_L_leas | G50: =SUMIF('2 Pdc unico (segm A)'!$I:$I,F50,'2 Pdc unico (segm A)'!$N:$N) -> 0 | I50: SP-ATT-B.3.5_FS_leas | J50: =SUMIF('2 Pdc unico (segm A)'!$I:$I,I50,'2 Pdc unico (segm A)'!$N:$N) -> 0 | L50: SP-ATT-B.3.5_FA_leas | M50: =SUMIF('2 Pdc unico (segm A)'!$I:$I,L50,'2 Pdc unico (segm A)'!$N:$N) -> 0
A51: 3.6 | B51: Mezzi di trasporto | C51: =+G51-J51-M51 -> 0 | D51: SP-ATT-B.3.6_leas | F51: SP-ATT-B.3.6_L_leas | G51: =SUMIF('2 Pdc unico (segm A)'!$I:$I,F51,'2 Pdc unico (segm A)'!$N:$N) -> 0 | I51: SP-ATT-B.3.6_FS_leas | J51: =SUMIF('2 Pdc unico (segm A)'!$I:$I,I51,'2 Pdc unico (segm A)'!$N:$N) -> 0 | L51: SP-ATT-B.3.6_FA_leas | M51: =SUMIF('2 Pdc unico (segm A)'!$I:$I,L51,'2 Pdc unico (segm A)'!$N:$N) -> 0
A52: 3.7 | B52: Macchine per ufficio e hardware | C52: =+G52-J52-M52 -> 0 | D52: SP-ATT-B.3.7_leas | F52: SP-ATT-B.3.7_L_leas | G52: =SUMIF('2 Pdc unico (segm A)'!$I:$I,F52,'2 Pdc unico (segm A)'!$N:$N) -> 0 | I52: SP-ATT-B.3.7_FS_leas | J52: =SUMIF('2 Pdc unico (segm A)'!$I:$I,I52,'2 Pdc unico (segm A)'!$N:$N) -> 0 | L52: SP-ATT-B.3.7_FA_leas | M52: =SUMIF('2 Pdc unico (segm A)'!$I:$I,L52,'2 Pdc unico (segm A)'!$N:$N) -> 0
A53: 3.8 | B53: Mobili e arredi | C53: =+G53-J53-M53 -> 0 | D53: SP-ATT-B.3.8_leas | F53: SP-ATT-B.3.8_L_leas | G53: =SUMIF('2 Pdc unico (segm A)'!$I:$I,F53,'2 Pdc unico (segm A)'!$N:$N) -> 0 | I53: SP-ATT-B.3.8_FS_leas | J53: =SUMIF('2 Pdc unico (segm A)'!$I:$I,I53,'2 Pdc unico (segm A)'!$N:$N) -> 0 | L53: SP-ATT-B.3.8_FA_leas | M53: =SUMIF('2 Pdc unico (segm A)'!$I:$I,L53,'2 Pdc unico (segm A)'!$N:$N) -> 0
A54: 3.9 | B54: Attività biologiche | C54: =+G54-J54-M54 -> 0 | D54: SP-ATT-B.3.9_leas | F54: SP-ATT-B.3.9_L_leas | G54: =SUMIF('2 Pdc unico (segm A)'!$I:$I,F54,'2 Pdc unico (segm A)'!$N:$N) -> 0 | I54: SP-ATT-B.3.9_FS_leas | J54: =SUMIF('2 Pdc unico (segm A)'!$I:$I,I54,'2 Pdc unico (segm A)'!$N:$N) -> 0 | L54: SP-ATT-B.3.9_FA_leas | M54: =SUMIF('2 Pdc unico (segm A)'!$I:$I,L54,'2 Pdc unico (segm A)'!$N:$N) -> 0
A55: 3.10 | B55: Altri | C55: =+G55-J55-M55 -> 0 | D55: SP-ATT-B.3.10_leas | F55: SP-ATT-B.3.10_L_leas | G55: =SUMIF('2 Pdc unico (segm A)'!$I:$I,F55,'2 Pdc unico (segm A)'!$N:$N) -> 0 | I55: SP-ATT-B.3.10_FS_leas | J55: =SUMIF('2 Pdc unico (segm A)'!$I:$I,I55,'2 Pdc unico (segm A)'!$N:$N) -> 0 | L55: SP-ATT-B.3.10_FA_leas | M55: =SUMIF('2 Pdc unico (segm A)'!$I:$I,L55,'2 Pdc unico (segm A)'!$N:$N) -> 0
A56: ATTIVITÀ NON CORRENTI - Dettagli importi relativi alla nota [3]
A57: C | B57: Immobilizzazioni Finanziarie
A58: 6 | B58: Crediti (non correnti) per trasferimenti [3] - separata indicazione dei crediti per trasferimenti ottenuti e non riscossi e dei crediti per trasferimenti concessi | C58: =+'3 Stato Patrimoniale-All1ITAS1 '!C58 -> 0 | D58: SP-ATT-C.6
A59: 6.1 | B59: Crediti (non correnti) per trasferimenti ottenuti e non riscossi | C59: =SUMIF('2 Pdc unico (segm A)'!$F:$F,$E59,'2 Pdc unico (segm A)'!$N:$N) -> 0 | D59: SP-ATT-C.6.1 | E59: 1.3.6.0.0
A60: 6.2 | B60: Crediti (non correnti) per trasferimenti condizionati concessi | C60: =SUMIF('2 Pdc unico (segm A)'!$F:$F,$E60,'2 Pdc unico (segm A)'!$N:$N) -> 0 | D60: SP-ATT-C.6.2 | E60: 1.3.7.0.0
A61: ATTIVITÀ CORRENTI - Dettagli importi relativi alla nota [3]
A62: G | B62: Crediti
A63: 6 | B63: Crediti (correnti) per trasferimenti [3] - separata indicazione dei crediti per trasferimenti ottenuti e non riscossi e dei crediti per trasferimenti concessi | C63: =+'3 Stato Patrimoniale-All1ITAS1 '!C82 -> 0 | D63: SP-ATT-G.2
A64: 6.1 | B64: Crediti (correnti) per trasferimenti ottenuti e non riscossi | C64: =SUMIF('2 Pdc unico (segm A)'!$F:$F,$E64,'2 Pdc unico (segm A)'!$N:$N) -> 0 | D64: SP-ATT-G.2.1 | E64: 2.3.2.0.0
A65: 6.2 | B65: Crediti (correnti) per trasferimenti condizionati concessi | C65: =SUMIF('2 Pdc unico (segm A)'!$F:$F,$E65,'2 Pdc unico (segm A)'!$N:$N) -> 0 | D65: SP-ATT-G.2.2 | E65: 2.3.3.0.0
A67: P A S S I V O | C67: Anno 2025 (dati in €)
A68: PASSIVITÀ NON CORRENTI - Dettagli importi relativi alle note [4] e [5]
A69: E | B69: Debiti
A70: 4 | B70: Verso altre amministrazioni pubbliche [4] - separata indicazione dei debiti per trasferimenti concessi e non erogati e dei debiti per trasferimenti ricevuti | C70: =+'3 Stato Patrimoniale-All1ITAS1 '!C122 -> 0 | D70: SP-PASS-E.4
A71: 4.1 | B71: Debiti (non correnti) verso amministrazioni pubbliche per trasferimenti ottenuti e non riscossi | C71: =SUMIF('2 Pdc unico (segm A)'!$I:$I,$D71,'2 Pdc unico (segm A)'!$N:$N) -> 0 | D71: SP-PASS-E.4.1
A72: 4.2 | B72: Debiti (non correnti) verso amministrazioni pubbliche per trasferimenti condizionati concessi | C72: =SUMIF('2 Pdc unico (segm A)'!$I:$I,$D72,'2 Pdc unico (segm A)'!$N:$N) -> 0 | D72: SP-PASS-E.4.2
A73: 4.3 | B73: Altri debiti (non correnti) verso amministrazioni pubbliche | C73: =SUMIF('2 Pdc unico (segm A)'!$I:$I,$D73,'2 Pdc unico (segm A)'!$N:$N) -> 0 | D73: SP-PASS-E.4.3
A74: 6 | B74: Verso concessionari di servizi [5] - separata indicazione dei debiti di cui al modello della passività finanziaria | C74: =+'3 Stato Patrimoniale-All1ITAS1 '!C144 -> 0 | D74: SP-PASS-E.6
A75: 6.1 | B75: Debiti (non correnti) verso concessionari di servizi (Modello della passività finanziaria) | C75: =SUMIF('2 Pdc unico (segm A)'!$I:$I,$D75,'2 Pdc unico (segm A)'!$N:$N) -> 0 | D75: SP-PASS-E.6.1
A76: 6.2 | B76: Debiti (non correnti) per conferimento di un diritto relativo a servizi in concessione (Modello del conferimento di un diritto al concessionario) | C76: =SUMIF('2 Pdc unico (segm A)'!$I:$I,$D76,'2 Pdc unico (segm A)'!$N:$N) -> 0 | D76: SP-PASS-E.6.2
A77: PASSIVITÀ CORRENTI - Dettagli importi relativi alle note [4] e [5]
A78: H | B78: Debiti
A79: 4 | B79: Verso altre amministrazioni pubbliche [4] - separata indicazione dei debiti per trasferimenti concessi e non erogati e dei debiti per trasferimenti ricevuti | C79: =SUMIF('2 Pdc unico (segm A)'!$I:$I,$D79,'2 Pdc unico (segm A)'!$N:$N) -> 0 | D79: SP-PASS-H.4
A80: 4.1 | B80: Debiti (correnti) verso amministrazioni pubbliche per trasferimenti ottenuti e non riscossi | C80: =SUMIF('2 Pdc unico (segm A)'!$I:$I,$D80,'2 Pdc unico (segm A)'!$N:$N) -> 0 | D80: SP-PASS-H.4.1
A81: 4.2 | B81: Debiti (correnti) verso amministrazioni pubbliche per trasferimenti condizionati concessi | C81: =SUMIF('2 Pdc unico (segm A)'!$I:$I,$D81,'2 Pdc unico (segm A)'!$N:$N) -> 0 | D81: SP-PASS-H.4.2
A82: 4.3 | B82: Altri debiti (correnti) verso amministrazioni pubbliche | C82: =SUMIF('2 Pdc unico (segm A)'!$I:$I,$D82,'2 Pdc unico (segm A)'!$N:$N) -> 0 | D82: SP-PASS-H.4.3
A83: 6 | B83: Verso concessionari di servizi [5] - separata indicazione dei debiti di cui al modello della passività finanziaria | C83: =SUMIF('2 Pdc unico (segm A)'!$I:$I,$D83,'2 Pdc unico (segm A)'!$N:$N) -> 0 | D83: SP-PASS-H.6
A84: 6.1 | B84: Debiti (correnti) verso concessionari di servizi (Modello della passività finanziaria) | C84: =SUMIF('2 Pdc unico (segm A)'!$I:$I,$D84,'2 Pdc unico (segm A)'!$N:$N) -> 0 | D84: SP-PASS-H.6.1
A85: 6.2 | B85: Debiti (correnti) per conferimento di un diritto relativo a servizi in concessione (Modello del conferimento di un diritto al concessionario) | C85: =SUMIF('2 Pdc unico (segm A)'!$I:$I,$D85,'2 Pdc unico (segm A)'!$N:$N) -> 0 | D85: SP-PASS-H.6.2

Sheet 5 Conto Economico-All2 ITAS1
A1: ITAS 1_ ALL. 2 CONTO ECONOMICO
A2: CONTO ECONOMICO | C2: Anno 2025 (dati in €) | E2: Codice
A3: A) PROVENTI E RICAVI DELLA GESTIONE OPERATIVA
A4: 1 | B4: Proventi da tributi | C4: =SUMIF('2 Pdc unico (segm A)'!$I:$I,$E4,'2 Pdc unico (segm A)'!$N:$N) -> 0 | E4: CE-A.1
A5: 2 | B5: Proventi da contributi per prestazioni sociali | C5: =SUMIF('2 Pdc unico (segm A)'!$I:$I,$E5,'2 Pdc unico (segm A)'!$N:$N) -> 0 | E5: CE-A.2
A6: 3 | B6: Trasferimenti | C6: =+C7+C8 -> 0
A7: 3.1 | B7: Trasferimenti attivi in conto esercizio | C7: =SUMIF('2 Pdc unico (segm A)'!$I:$I,$E7,'2 Pdc unico (segm A)'!$N:$N) -> 0 | E7: CE-A.3.1
A8: 3.2 | B8: Trasferimenti attivi in conto investimenti | C8: =SUMIF('2 Pdc unico (segm A)'!$I:$I,$E8,'2 Pdc unico (segm A)'!$N:$N) -> 0 | E8: CE-A.3.2
A9: 4 | B9: Ricavi delle vendite e prestazioni e proventi da servizi pubblici | C9: =SUM(C10+C11+C12) -> 0
A10: 4.1 | B10: Ricavi della vendita di beni | C10: =SUMIF('2 Pdc unico (segm A)'!$I:$I,$E10,'2 Pdc unico (segm A)'!$N:$N) -> 0 | E10: CE-A.4.1
A11: 4.2 | B11: Ricavi e proventi dalla prestazione di servizi | C11: =SUMIF('2 Pdc unico (segm A)'!$I:$I,$E11,'2 Pdc unico (segm A)'!$N:$N) -> 0 | E11: CE-A.4.2
A12: 4.3 | B12: Ricavi per lavori in corso su ordinazione | C12: =SUMIF('2 Pdc unico (segm A)'!$I:$I,$E12,'2 Pdc unico (segm A)'!$N:$N) -> 0 | E12: CE-A.4.3
A13: 5 | B13: Ricavi da partecipazioni | C13: =SUMIF('2 Pdc unico (segm A)'!$I:$I,$E13,'2 Pdc unico (segm A)'!$N:$N) -> 0 | E13: CE-A.5
A14: 6 | B14: Altri proventi e ricavi diversi | C14: =SUMIF('2 Pdc unico (segm A)'!$I:$I,$E14,'2 Pdc unico (segm A)'!$N:$N) -> 0 | E14: CE-A.6
A15: TOTALE PROVENTI E RICAVI DELLA GESTIONE OPERATIVA (A) | C15: =SUM(C4+C5+C6+C9+C13+C14) -> 0
A16: B) COSTI E ONERI DELLA GESTIONE OPERATIVA
A17: 7 | B17: Acquisto di materie prime, materiali di consumo e merci | C17: =SUMIF('2 Pdc unico (segm A)'!$I:$I,$E17,'2 Pdc unico (segm A)'!$N:$N) -> 0 | E17: CE-B.7
A18: 8 | B18: (+/-) Variazioni delle rimanenze di materie prime, materiali di consumo e merci | C18: =SUMIF('2 Pdc unico (segm A)'!$I:$I,$E18,'2 Pdc unico (segm A)'!$N:$N) -> 0 | E18: CE-B.8
A19: 9 | B19: Acquisto di servizi | C19: =SUMIF('2 Pdc unico (segm A)'!$I:$I,$E19,'2 Pdc unico (segm A)'!$N:$N) -> 0 | E19: CE-B.9
A20: 10 | B20: Utilizzo di beni di terzi | C20: =SUMIF('2 Pdc unico (segm A)'!$I:$I,$E20,'2 Pdc unico (segm A)'!$N:$N) -> 0 | E20: CE-B.10
A21: 11 | B21: Trasferimenti | C21: =SUM(C22+C23) -> 0
A22: 11.1 | B22: Trasferimenti in conto esercizio | C22: =SUMIF('2 Pdc unico (segm A)'!$I:$I,$E22,'2 Pdc unico (segm A)'!$N:$N) -> 0 | E22: CE-B.11.1
A23: 11.2 | B23: Trasferimenti in conto investimenti | C23: =SUMIF('2 Pdc unico (segm A)'!$I:$I,$E23,'2 Pdc unico (segm A)'!$N:$N) -> 0 | E23: CE-B.11.2
A24: 12 | B24: Personale | C24: =SUMIF('2 Pdc unico (segm A)'!$I:$I,$E24,'2 Pdc unico (segm A)'!$N:$N) -> 0 | E24: CE-B.12
A25: 13 | B25: Ammortamenti | C25: =SUMIF('2 Pdc unico (segm A)'!$I:$I,$E25,'2 Pdc unico (segm A)'!$N:$N) -> 0 | E25: CE-B.13
A26: 14 | B26: Accantonamenti | C26: =SUMIF('2 Pdc unico (segm A)'!$I:$I,$E26,'2 Pdc unico (segm A)'!$N:$N) -> 0 | E26: CE-B.14
A27: 15 | B27: Oneri diversi dalla gestione | C27: =SUMIF('2 Pdc unico (segm A)'!$I:$I,$E27,'2 Pdc unico (segm A)'!$N:$N) -> 0 | E27: CE-B.15
A28: 16 | B28: (+/-) Variazioni nelle rimanenze di semilavorati, prodotti in corso di lavorazione e di prodotti finiti | C28: =SUMIF('2 Pdc unico (segm A)'!$I:$I,$E28,'2 Pdc unico (segm A)'!$N:$N) -> 0 | E28: CE-B.16
A29: 17 | B29: (‐) Incrementi di immobilizzazioni per lavori interni | C29: =SUMIF('2 Pdc unico (segm A)'!$I:$I,$E29,'2 Pdc unico (segm A)'!$N:$N) -> 0 | E29: CE-B.17
B30: TOTALE COSTI E ONERI DELLA GESTIONE OPERATIVA (B) | C30: =+C17+C18+C19+C20+C21+C24+C25+C26+C27+C28+C29 -> 0
A31: C) RETTIFICHE DI VALORE DI ATTIVITA' E PASSIVITA'
A32: 18 | B32: Rivalutazioni | C32: =SUMIF('2 Pdc unico (segm A)'!$I:$I,$E32,'2 Pdc unico (segm A)'!$N:$N) -> 0 | E32: CE-C.18
A33: 19 | B33: Svalutazioni | C33: =SUMIF('2 Pdc unico (segm A)'!$I:$I,$E33,'2 Pdc unico (segm A)'!$N:$N) -> 0 | E33: CE-C.19
B34: TOTALE RETTIFICHE DI VALORE DI ATTIVITA' E PASSIVITA' (C) | C34: =+C32-C33 -> 0
B35: RISULTATO ECONOMICO DELLA GESTIONE OPERATIVA (A‐B+/‐C) | C35: =+C15-C30+C34 -> 0
A36: D) RICAVI E COSTI DELLA GESTIONE FINANZIARIA
A37: 20 | B37: Interessi attivi | C37: =SUMIF('2 Pdc unico (segm A)'!$I:$I,$E37,'2 Pdc unico (segm A)'!$N:$N) -> 0 | E37: CE-D.20
A38: 21 | B38: Altri ricavi finanziari | C38: =SUMIF('2 Pdc unico (segm A)'!$I:$I,$E38,'2 Pdc unico (segm A)'!$N:$N) -> 0 | E38: CE-D.21
B39: Totale ricavi finanziari | C39: =+C38+C37 -> 0
A40: 22 | B40: Interessi passivi | C40: =SUMIF('2 Pdc unico (segm A)'!$I:$I,$E40,'2 Pdc unico (segm A)'!$N:$N) -> 0 | E40: CE-D.22
A41: 23 | B41: Altri costi finanziari | C41: =SUMIF('2 Pdc unico (segm A)'!$I:$I,$E41,'2 Pdc unico (segm A)'!$N:$N) -> 0 | E41: CE-D.23
B42: Totale costi finanziari | C42: =C40+C41 -> 0
B43: RISULTATO ECONOMICO DELLA GESTIONE FINANZIARIA (D) | C43: =+C39-C42 -> 0
B44: RISULTATO ECONOMICO DELLA GESTIONE ORDINARIA (A‐B+/‐C+/‐D) | C44: =+C35+C43 -> 0
A45: E) RICAVI/PROVENTI E COSTI/ONERI DELLA GESTIONE STRAORDINARIA
A46: 24 | B46: Ricavi e proventi straordinari | C46: =+C47+C48 -> 0
A47: 24.1 | B47: Sopravvenienze attive e insussistenze del passivo | C47: =SUMIF('2 Pdc unico (segm A)'!$I:$I,$E47,'2 Pdc unico (segm A)'!$N:$N) -> 0 | E47: CE-E.24.1
A48: 24.2 | B48: Altri ricavi e proventi straordinari | C48: =SUMIF('2 Pdc unico (segm A)'!$I:$I,$E48,'2 Pdc unico (segm A)'!$N:$N) -> 0 | E48: CE-E.24.2
A49: 25 | B49: Costi e oneri straordinari | C49: =+C50+C51 -> 0
A50: 25.1 | B50: Sopravvenienze passive e insussistenze dell'attivo | C50: =SUMIF('2 Pdc unico (segm A)'!$I:$I,$E50,'2 Pdc unico (segm A)'!$N:$N) -> 0 | E50: CE-E.25.1
A51: 25.2 | B51: Altri costi e oneri straordinari | C51: =SUMIF('2 Pdc unico (segm A)'!$I:$I,$E51,'2 Pdc unico (segm A)'!$N:$N) -> 0 | E51: CE-E.25.2
B52: RISULTATO ECONOMICO DELLA GESTIONE STRAORDINARIA (E) | C52: =+C46-C49 -> 0
B53: RISULTATO ECONOMICO PRIMA DELLE IMPOSTE (A‐B+/‐C+/‐D+/‐E) | C53: =+C44+C52 -> 0
A54: 26 | B54: Imposte d'esercizio | C54: =SUMIF('2 Pdc unico (segm A)'!$I:$I,$E54,'2 Pdc unico (segm A)'!$N:$N) -> 0 | E54: CE-26
A55: 27 | B55: RISULTATO ECONOMICO DELL'ESERCIZIO | C55: =+C53-C54 -> 0

Sheet 6 Pdc unico completo
A1: PIANO DEI CONTI UNICO (Aggiornamento, approvato con decisioni del Comitato Direttivo della Struttura di governance del 17 aprile 2025, del Piano dei conti adottato con Determina del Ragioniere generale dello Stato n. 176775 del 27 giugno 2024 )
B2: Codice delle voci | H2: Voci del SEGMENTO A (ITAS) | J2: Voci del SEGMENTO B (statistico/conoscitivo)
A3: Numero progressivo voce | B3: Cod Liv I | C3: Cod Liv II | D3: Cod Liv III | E3: Cod Liv IV | F3: Cod Liv V | G3: Codice puntato completo v0425 | H3: Livello voce Segm A | I3: Descrizione voce Segmento A | J3: Livello voce Segm B | K3: Descrizione voce Segmento B | L3: Collegamento delle voci del segmento A con le voci degli schemi di bilancio ITAS1
A4: 1 | B4: 1 | C4: 0 | D4: 0 | E4: 0 | F4: 0 | G4: =CONCATENATE(B4,".",C4,".",D4,".",E4,".",F4) -> 1.0.0.0.0 | H4: I | I4: ATTIVITA' NON CORRENTI
A5: 2 | B5: 1 | C5: 1 | D5: 0 | E5: 0 | F5: 0 | G5: =CONCATENATE(B5,".",C5,".",D5,".",E5,".",F5) -> 1.1.0.0.0 | H5: II | I5: Immobilizzazioni immateriali e avviamento | L5: SP-ATT-A_L
A6: 3 | B6: 1 | C6: 1 | D6: 1 | E6: 0 | F6: 0 | G6: =CONCATENATE(B6,".",C6,".",D6,".",E6,".",F6) -> 1.1.1.0.0 | H6: III | I6: Diritti di brevetto industriale e diritti di utilizzazione di opere dell'ingegno | L6: SP-ATT-A.1_L
B7: 1 | C7: 1 | D7: 1 | E7: 1 | F7: 0 | G7: =CONCATENATE(B7,".",C7,".",D7,".",E7,".",F7) -> 1.1.1.1.0 | H7: IV | I7: Diritti di brevetto industriale e diritti di utilizzazione di opere dell'ingegno acquisiti con leasing finanziario | L7: SP-ATT-A.1_L_leas
A8: 4 | B8: 1 | C8: 1 | D8: 1 | E8: 1 | F8: 1 | G8: =CONCATENATE(B8,".",C8,".",D8,".",E8,".",F8) -> 1.1.1.1.1 | J8: V | K8: Software applicativo acquisito con leasing finanziario
A9: 5 | B9: 1 | C9: 1 | D9: 1 | E9: 1 | F9: 2 | G9: =CONCATENATE(B9,".",C9,".",D9,".",E9,".",F9) -> 1.1.1.1.2 | J9: V | K9: Altri brevetti industriali e diritti di utilizzazione di opere di ingegno acquisiti con leasing finanziario
B10: 1 | C10: 1 | D10: 1 | E10: 2 | F10: 0 | G10: =CONCATENATE(B10,".",C10,".",D10,".",E10,".",F10) -> 1.1.1.2.0 | H10: IV | I10: Diritti di brevetto industriale e diritti di utilizzazione di opere dell'ingegno in concessione a terzi | L10: SP-ATT-A.1_L_conc
A11: 4 | B11: 1 | C11: 1 | D11: 1 | E11: 2 | F11: 1 | G11: =CONCATENATE(B11,".",C11,".",D11,".",E11,".",F11) -> 1.1.1.2.1 | J11: V | K11: Software applicativo in concessione a terzi
A12: 5 | B12: 1 | C12: 1 | D12: 1 | E12: 2 | F12: 2 | G12: =CONCATENATE(B12,".",C12,".",D12,".",E12,".",F12) -> 1.1.1.2.2 | J12: V | K12: Altri brevetti industriali e diritti di utilizzazione di opere di ingegno in concessione a terzi
B13: 1 | C13: 1 | D13: 1 | E13: 3 | F13: 0 | G13: =CONCATENATE(B13,".",C13,".",D13,".",E13,".",F13) -> 1.1.1.3.0 | H13: IV | I13: Diritti di brevetto industriale e diritti di utilizzazione di opere dell'ingegno non in concessione e non acquisiti con leasing finanziario | L13: SP-ATT-A.1_L_Noleasconc
A14: 4 | B14: 1 | C14: 1 | D14: 1 | E14: 3 | F14: 1 | G14: =CONCATENATE(B14,".",C14,".",D14,".",E14,".",F14) -> 1.1.1.3.1 | J14: V | K14: Software applicativo autoprodotto
A15: 5 | B15: 1 | C15: 1 | D15: 1 | E15: 3 | F15: 2 | G15: =CONCATENATE(B15,".",C15,".",D15,".",E15,".",F15) -> 1.1.1.3.2 | J15: V | K15: Software applicativo acquisito da terzi a titolo definitivo
A16: 6 | B16: 1 | C16: 1 | D16: 1 | E16: 3 | F16: 3 | G16: =CONCATENATE(B16,".",C16,".",D16,".",E16,".",F16) -> 1.1.1.3.3 | J16: V | K16: Altri brevetti industriali e diritti di utilizzazione di opere di ingegno
A17: 8 | B17: 1 | C17: 1 | D17: 2 | E17: 0 | F17: 0 | G17: =CONCATENATE(B17,".",C17,".",D17,".",E17,".",F17) -> 1.1.2.0.0 | H17: III | I17: Concessioni, licenze, marchi | L17: SP-ATT-A.2_L
B18: 1 | C18: 1 | D18: 2 | E18: 1 | F18: 0 | G18: =CONCATENATE(B18,".",C18,".",D18,".",E18,".",F18) -> 1.1.2.1.0 | H18: IV | I18: Concessioni, licenze, marchi acquisiti con leasing finanziario | L18: SP-ATT-A.2_L_leas
B19: 1 | C19: 1 | D19: 2 | E19: 2 | F19: 0 | G19: =CONCATENATE(B19,".",C19,".",D19,".",E19,".",F19) -> 1.1.2.2.0 | H19: IV | I19: Concessioni, licenze, marchi in concessione a terzi | L19: SP-ATT-A.2_L_conc
B20: 1 | C20: 1 | D20: 2 | E20: 3 | F20: 0 | G20: =CONCATENATE(B20,".",C20,".",D20,".",E20,".",F20) -> 1.1.2.3.0 | H20: IV | I20: Concessioni, licenze, marchi non in concessione e non acquisiti con leasing finanziario | L20: SP-ATT-A.2_L_Noleasconc
A21: 12 | B21: 1 | C21: 1 | D21: 3 | E21: 0 | F21: 0 | G21: =CONCATENATE(B21,".",C21,".",D21,".",E21,".",F21) -> 1.1.3.0.0 | H21: III | I21: Altri diritti | L21: SP-ATT-A.3_L
B22: 1 | C22: 1 | D22: 3 | E22: 1 | F22: 0 | G22: =CONCATENATE(B22,".",C22,".",D22,".",E22,".",F22) -> 1.1.3.1.0 | H22: IV | I22: Altri diritti acquisiti con leasing finanziario | L22: SP-ATT-A.3_L_leas
B23: 1 | C23: 1 | D23: 3 | E23: 2 | F23: 0 | G23: =CONCATENATE(B23,".",C23,".",D23,".",E23,".",F23) -> 1.1.3.2.0 | H23: IV | I23: Altri diritti in concessione a terzi | L23: SP-ATT-A.3_L_conc
B24: 1 | C24: 1 | D24: 3 | E24: 3 | F24: 0 | G24: =CONCATENATE(B24,".",C24,".",D24,".",E24,".",F24) -> 1.1.3.3.0 | H24: IV | I24: Altri diritti non in concessione e non acquisiti con leasing finanziario | L24: SP-ATT-A.3_L_Noleasconc
A25: 15 | B25: 1 | C25: 1 | D25: 4 | E25: 0 | F25: 0 | G25: =CONCATENATE(B25,".",C25,".",D25,".",E25,".",F25) -> 1.1.4.0.0 | H25: III | I25: Avviamento | L25: SP-ATT-A.4_L
B26: 1 | C26: 1 | D26: 4 | E26: 1 | F26: 0 | G26: =CONCATENATE(B26,".",C26,".",D26,".",E26,".",F26) -> 1.1.4.1.0 | H26: IV | I26: Avviamento acquisito con leasing finanziario | L26: SP-ATT-A.4_L_leas
B27: 1 | C27: 1 | D27: 4 | E27: 2 | F27: 0 | G27: =CONCATENATE(B27,".",C27,".",D27,".",E27,".",F27) -> 1.1.4.2.0 | H27: IV | I27: Avviamento in concessione a terzi | L27: SP-ATT-A.4_L_conc
B28: 1 | C28: 1 | D28: 4 | E28: 3 | F28: 0 | G28: =CONCATENATE(B28,".",C28,".",D28,".",E28,".",F28) -> 1.1.4.3.0 | H28: IV | I28: Avviamento non in concessione e non acquisito con leasing finanziario | L28: SP-ATT-A.4_L_Noleasconc
A29: 16 | B29: 1 | C29: 1 | D29: 5 | E29: 0 | F29: 0 | G29: =CONCATENATE(B29,".",C29,".",D29,".",E29,".",F29) -> 1.1.5.0.0 | H29: III | I29: Immobilizzazioni immateriali in corso e acconti | L29: SP-ATT-A.5_L
A30: 17 | B30: 1 | C30: 1 | D30: 5 | E30: 1 | F30: 0 | G30: =CONCATENATE(B30,".",C30,".",D30,".",E30,".",F30) -> 1.1.5.1.0 | J30: IV | K30: Immobilizzazioni Immateriali in corso
A31: 18 | B31: 1 | C31: 1 | D31: 5 | E31: 2 | F31: 0 | G31: =CONCATENATE(B31,".",C31,".",D31,".",E31,".",F31) -> 1.1.5.2.0 | J31: IV | K31: Acconti per la realizzazione di Immobilizzazioni Immateriali
A32: 19 | B32: 1 | C32: 1 | D32: 6 | E32: 0 | F32: 0 | G32: =CONCATENATE(B32,".",C32,".",D32,".",E32,".",F32) -> 1.1.6.0.0 | H32: III | I32: Altre immobilizzazioni immateriali | L32: SP-ATT-A.6_L
B33: 1 | C33: 1 | D33: 6 | E33: 1 | F33: 0 | G33: =CONCATENATE(B33,".",C33,".",D33,".",E33,".",F33) -> 1.1.6.1.0 | H33: IV | I33: Altre immobilizzazioni immateriali acquisiti con leasing finanziario | L33: SP-ATT-A.6_L_leas
B34: 1 | C34: 1 | D34: 6 | E34: 2 | F34: 0 | G34: =CONCATENATE(B34,".",C34,".",D34,".",E34,".",F34) -> 1.1.6.2.0 | H34: IV | I34: Altre immobilizzazioni immateriali in concessione a terzi | L34: SP-ATT-A.6_L_conc
B35: 1 | C35: 1 | D35: 6 | E35: 3 | F35: 0 | G35: =CONCATENATE(B35,".",C35,".",D35,".",E35,".",F35) -> 1.1.6.3.0 | H35: IV | I35: Altre immobilizzazioni immateriali non in concessione e non acquisiti con leasing finanziario | L35: SP-ATT-A.6_L_Noleasconc
A36: 23 | B36: 1 | C36: 2 | D36: 0 | E36: 0 | F36: 0 | G36: =CONCATENATE(B36,".",C36,".",D36,".",E36,".",F36) -> 1.2.0.0.0 | H36: II | I36: Immobilizzazioni materiali | L36: SP-ATT-B_L
A37: 24 | B37: 1 | C37: 2 | D37: 1 | E37: 0 | F37: 0 | G37: =CONCATENATE(B37,".",C37,".",D37,".",E37,".",F37) -> 1.2.1.0.0 | H37: III | I37: Beni demaniali | L37: SP-ATT-B.1_L
A38: 25 | B38: 1 | C38: 2 | D38: 1 | E38: 1 | F38: 0 | G38: =CONCATENATE(B38,".",C38,".",D38,".",E38,".",F38) -> 1.2.1.1.0 | H38: IV | I38: Terreni demaniali | L38: SP-ATT-B.1.1_L
A39: 26 | B39: 1 | C39: 2 | D39: 1 | E39: 1 | F39: 1 | G39: =CONCATENATE(B39,".",C39,".",D39,".",E39,".",F39) -> 1.2.1.1.1 | H39: V | I39: Terreni demaniali in concessione | L39: SP-ATT-B.1.1_L_conc
A40: 27 | B40: 1 | C40: 2 | D40: 1 | E40: 1 | F40: 2 | G40: =CONCATENATE(B40,".",C40,".",D40,".",E40,".",F40) -> 1.2.1.1.2 | H40: V | I40: Terreni demaniali non in concessione | L40: SP-ATT-B.1.1_L_NOconc
A41: 28 | B41: 1 | C41: 2 | D41: 1 | E41: 2 | F41: 0 | G41: =CONCATENATE(B41,".",C41,".",D41,".",E41,".",F41) -> 1.2.1.2.0 | H41: IV | I41: Fabbricati demaniali | L41: SP-ATT-B.1.2_L
A42: 29 | B42: 1 | C42: 2 | D42: 1 | E42: 2 | F42: 1 | G42: =CONCATENATE(B42,".",C42,".",D42,".",E42,".",F42) -> 1.2.1.2.1 | H42: V | I42: Fabbricati demaniali in concessione | L42: SP-ATT-B.1.2_L_conc
A43: 30 | B43: 1 | C43: 2 | D43: 1 | E43: 2 | F43: 2 | G43: =CONCATENATE(B43,".",C43,".",D43,".",E43,".",F43) -> 1.2.1.2.2 | H43: V | I43: Fabbricati demaniali non in concessione | L43: SP-ATT-B.1.2_L_NOconc
A44: 31 | B44: 1 | C44: 2 | D44: 1 | E44: 3 | F44: 0 | G44: =CONCATENATE(B44,".",C44,".",D44,".",E44,".",F44) -> 1.2.1.3.0 | H44: IV | I44: Strade e autostrade (demanio stradale) | L44: SP-ATT-B.1.3_L
A45: 32 | B45: 1 | C45: 2 | D45: 1 | E45: 3 | F45: 1 | G45: =CONCATENATE(B45,".",C45,".",D45,".",E45,".",F45) -> 1.2.1.3.1 | H45: V | I45: Strade e autostrade (demanio stradale) in concessione | L45: SP-ATT-B.1.3_L_conc
A46: 33 | B46: 1 | C46: 2 | D46: 1 | E46: 3 | F46: 2 | G46: =CONCATENATE(B46,".",C46,".",D46,".",E46,".",F46) -> 1.2.1.3.2 | H46: V | I46: Strade e autostrade (demanio stradale) non in concessione | L46: SP-ATT-B.1.3_L_NOconc
A47: 34 | B47: 1 | C47: 2 | D47: 1 | E47: 4 | F47: 0 | G47: =CONCATENATE(B47,".",C47,".",D47,".",E47,".",F47) -> 1.2.1.4.0 | H47: IV | I47: Strade ferrate non militari (demanio ferroviario) | L47: SP-ATT-B.1.4_L
... A116: 95 | B116: 1 | C116: 2 | D116: 2 | E116: 11 | F116: 2 | G116: =CONCATENATE(B116,".",C116,".",D116,".",E116,".",F116) -> 1.2.2.11.2 | H116: V | I116: Beni culturali non demaniali non in concessione | L116: SP-ATT-B.2.11_L_NOconc
B117: 1 | C117: 2 | D117: 2 | E117: 12 | F117: 0 | G117: =CONCATENATE(B117,".",C117,".",D117,".",E117,".",F117) -> 1.2.2.12.0 | H117: IV | I117: Foreste | L117: SP-ATT-B.2.12_L
B118: 1 | C118: 2 | D118: 2 | E118: 12 | F118: 1 | G118: =CONCATENATE(B118,".",C118,".",D118,".",E118,".",F118) -> 1.2.2.12.1 | H118: V | I118: Foreste in concessione | L118: SP-ATT-B.2.12_L_conc
B119: 1 | C119: 2 | D119: 2 | E119: 12 | F119: 2 | G119: =CONCATENATE(B119,".",C119,".",D119,".",E119,".",F119) -> 1.2.2.12.2 | H119: V | I119: Foreste non in concessione | L119: SP-ATT-B.2.12_L_NOconc
A120: 96 | B120: 1 | C120: 2 | D120: 2 | E120: 13 | F120: 0 | G120: =CONCATENATE(B120,".",C120,".",D120,".",E120,".",F120) -> 1.2.2.13.0 | H120: IV | I120: Altri beni del patrimonio indisponibile | L120: SP-ATT-B.2.12_L
A121: 97 | B121: 1 | C121: 2 | D121: 2 | E121: 13 | F121: 1 | G121: =CONCATENATE(B121,".",C121,".",D121,".",E121,".",F121) -> 1.2.2.13.1 | H121: V | I121: Altri beni del patrimonio indisponibile in concessione | L121: SP-ATT-B.2.12_L_conc
A122: 98 | B122: 1 | C122: 2 | D122: 2 | E122: 13 | F122: 2 | G122: =CONCATENATE(B122,".",C122,".",D122,".",E122,".",F122) -> 1.2.2.13.2 | H122: V | I122: Altri beni del patrimonio indisponibile non in concessione | L122: SP-ATT-B.2.12_L_NOconc
A123: 99 | B123: 1 | C123: 2 | D123: 3 | E123: 0 | F123: 0 | G123: =CONCATENATE(B123,".",C123,".",D123,".",E123,".",F123) -> 1.2.3.0.0 | H123: III | I123: Beni del patrimonio disponibile | L123: SP-ATT-B.3_L
A124: 100 | B124: 1 | C124: 2 | D124: 3 | E124: 1 | F124: 0 | G124: =CONCATENATE(B124,".",C124,".",D124,".",E124,".",F124) -> 1.2.3.1.0 | H124: IV | I124: Investimenti immobiliari | L124: SP-ATT-B.3.1_L
A125: 101 | B125: 1 | C125: 2 | D125: 3 | E125: 1 | F125: 1 | G125: =CONCATENATE(B125,".",C125,".",D125,".",E125,".",F125) -> 1.2.3.1.1 | H125: V | I125: Investimenti immobiliari acquisiti con leasing finanziario | L125: SP-ATT-B.3.1_L_leas
A126: 102 | B126: 1 | C126: 2 | D126: 3 | E126: 1 | F126: 2 | G126: =CONCATENATE(B126,".",C126,".",D126,".",E126,".",F126) -> 1.2.3.1.2 | H126: V | I126: Investimenti immobiliari non acquisiti con leasing finanziario | L126: SP-ATT-B.3.1_L_NOleas
A127: 103 | B127: 1 | C127: 2 | D127: 3 | E127: 2 | F127: 0 | G127: =CONCATENATE(B127,".",C127,".",D127,".",E127,".",F127) -> 1.2.3.2.0 | H127: IV | I127: Terreni del patrimonio disponibile | L127: SP-ATT-B.3.2_L
A128: 104 | B128: 1 | C128: 2 | D128: 3 | E128: 2 | F128: 1 | G128: =CONCATENATE(B128,".",C128,".",D128,".",E128,".",F128) -> 1.2.3.2.1 | H128: V | I128: Terreni del patrimonio disponibile acquisiti con leasing finanziario | L128: SP-ATT-B.3.2_L_leas
A129: 105 | B129: 1 | C129: 2 | D129: 3 | E129: 2 | F129: 2 | G129: =CONCATENATE(B129,".",C129,".",D129,".",E129,".",F129) -> 1.2.3.2.2 | H129: V | I129: Terreni del patrimonio disponibile non acquisiti con leasing finanziario | L129: SP-ATT-B.3.2_L_NOleas
A130: 106 | B130: 1 | C130: 2 | D130: 3 | E130: 3 | F130: 0 | G130: =CONCATENATE(B130,".",C130,".",D130,".",E130,".",F130) -> 1.2.3.3.0 | H130: IV | I130: Fabbricati non destinati a sede di uffici pubblici o a all'erogazione di servizi pubblici | L130: SP-ATT-B.3.3_L
A131: 107 | B131: 1 | C131: 2 | D131: 3 | E131: 3 | F131: 1 | G131: =CONCATENATE(B131,".",C131,".",D131,".",E131,".",F131) -> 1.2.3.3.1 | H131: V | I131: Fabbricati non destinati ad uffici pubblici o a all'erogazione di servizi pubblici acquisiti con leasing finanziario | L131: SP-ATT-B.3.3_L_leas
... A154: 130 | B154: 1 | C154: 2 | D154: 4 | E154: 0 | F154: 0 | G154: =CONCATENATE(B154,".",C154,".",D154,".",E154,".",F154) -> 1.2.4.0.0 | H154: III | I154: Immobilizzazioni materiali in corso e acconti | L154: SP-ATT-B.4
A155: 131 | B155: 1 | C155: 2 | D155: 4 | E155: 1 | F155: 0 | G155: =CONCATENATE(B155,".",C155,".",D155,".",E155,".",F155) -> 1.2.4.1.0 | J155: IV | K155: Immobilizzazioni materiali in corso
A156: 132 | B156: 1 | C156: 2 | D156: 4 | E156: 2 | F156: 0 | G156: =CONCATENATE(B156,".",C156,".",D156,".",E156,".",F156) -> 1.2.4.2.0 | J156: IV | K156: Acconti per la realizzazione di Immobilizzazioni materiali
A157: 133 | B157: 1 | C157: 3 | D157: 0 | E157: 0 | F157: 0 | G157: =CONCATENATE(B157,".",C157,".",D157,".",E157,".",F157) -> 1.3.0.0.0 | H157: II | I157: Immobilizzazioni finanziarie | L157: SP-ATT-C
A158: 134 | B158: 1 | C158: 3 | D158: 1 | E158: 0 | F158: 0 | G158: =CONCATENATE(B158,".",C158,".",D158,".",E158,".",F158) -> 1.3.1.0.0 | H158: III | I158: Partecipazioni in organismi controllati che costituiscono immobilizzazioni finanziarie | L158: SP-ATT-C.1_L
A159: 135 | B159: 1 | C159: 3 | D159: 1 | E159: 1 | F159: 0 | G159: =CONCATENATE(B159,".",C159,".",D159,".",E159,".",F159) -> 1.3.1.1.0 | J159: IV | K159: Partecipazioni in organismi controllati inclusi fra le amministrazioni centrali
A160: 136 | B160: 1 | C160: 3 | D160: 1 | E160: 2 | F160: 0 | G160: =CONCATENATE(B160,".",C160,".",D160,".",E160,".",F160) -> 1.3.1.2.0 | J160: IV | K160: Partecipazioni in organismi controllati inclusi fra le amministrazioni locali
A161: 137 | B161: 1 | C161: 3 | D161: 1 | E161: 3 | F161: 0 | G161: =CONCATENATE(B161,".",C161,".",D161,".",E161,".",F161) -> 1.3.1.3.0 | J161: IV | K161: Partecipazioni in altri organismi controllati
A162: 138 | B162: 1 | C162: 3 | D162: 2 | E162: 0 | F162: 0 | G162: =CONCATENATE(B162,".",C162,".",D162,".",E162,".",F162) -> 1.3.2.0.0 | H162: III | I162: Partecipazioni in organismi collegati che costituiscono immobilizzazioni finanziarie | L162: SP-ATT-C.2_L
A163: 139 | B163: 1 | C163: 3 | D163: 3 | E163: 0 | F163: 0 | G163: =CONCATENATE(B163,".",C163,".",D163,".",E163,".",F163) -> 1.3.3.0.0 | H163: III | I163: Partecipazioni in altri organismi che costituiscono immobilizzazioni finanziarie | L163: SP-ATT-C.3_L
A164: 140 | B164: 1 | C164: 3 | D164: 3 | E164: 1 | F164: 0 | G164: =CONCATENATE(B164,".",C164,".",D164,".",E164,".",F164) -> 1.3.3.1.0 | J164: IV | K164: Partecipazioni in altri organismi inclusi fra le Amministrazioni Centrali che costituiscono immobilizzazioni
A165: 141 | B165: 1 | C165: 3 | D165: 3 | E165: 2 | F165: 0 | G165: =CONCATENATE(B165,".",C165,".",D165,".",E165,".",F165) -> 1.3.3.2.0 | J165: IV | K165: Partecipazioni in altri organismi inclusi fra le Amministrazioni Locali che costituiscono immobilizzazioni
A166: 142 | B166: 1 | C166: 3 | D166: 3 | E166: 3 | F166: 0 | G166: =CONCATENATE(B166,".",C166,".",D166,".",E166,".",F166) -> 1.3.3.3.0 | J166: IV | K166: Partecipazioni in altri organismi inclusi fra gli Enti di Previdenza e Assistenza che costituiscono immobilizzazioni
A167: 143 | B167: 1 | C167: 3 | D167: 3 | E167: 4 | F167: 0 | G167: =CONCATENATE(B167,".",C167,".",D167,".",E167,".",F167) -> 1.3.3.4.0 | J167: IV | K167: Partecipazioni in Organismi internazionali che costituiscono immobilizzazioni
A168: 144 | B168: 1 | C168: 3 | D168: 3 | E168: 5 | F168: 0 | G168: =CONCATENATE(B168,".",C168,".",D168,".",E168,".",F168) -> 1.3.3.5.0 | J168: IV | K168: Partecipazioni in altri organismi non inclusi fra le Amministrazioni Pubbliche che costituiscono immobilizzazioni
A169: 145 | B169: 1 | C169: 3 | D169: 4 | E169: 0 | F169: 0 | G169: =CONCATENATE(B169,".",C169,".",D169,".",E169,".",F169) -> 1.3.4.0.0 | H169: III | I169: Altri titoli che costituiscono immobilizzazioni finanziarie | L169: SP-ATT-C.4_L
A170: 146 | B170: 1 | C170: 3 | D170: 4 | E170: 1 | F170: 0 | G170: =CONCATENATE(B170,".",C170,".",D170,".",E170,".",F170) -> 1.3.4.1.0 | J170: IV | K170: Titoli che costituiscono immobilizzazioni emessi dallo Stato
A171: 147 | B171: 1 | C171: 3 | D171: 4 | E171: 2 | F171: 0 | G171: =CONCATENATE(B171,".",C171,".",D171,".",E171,".",F171) -> 1.3.4.2.0 | J171: IV | K171: Titoli che costituiscono immobilizzazioni emessi da organismi controllati inclusi fra le amministrazioni centrali
A172: 148 | B172: 1 | C172: 3 | D172: 4 | E172: 3 | F172: 0 | G172: =CONCATENATE(B172,".",C172,".",D172,".",E172,".",F172) -> 1.3.4.3.0 | J172: IV | K172: Titoli che costituiscono immobilizzazioni emessi da organismi controllati inclusi fra le amministrazioni locali
A173: 149 | B173: 1 | C173: 3 | D173: 4 | E173: 4 | F173: 0 | G173: =CONCATENATE(B173,".",C173,".",D173,".",E173,".",F173) -> 1.3.4.4.0 | J173: IV | K173: Titoli che costituiscono immobilizzazioni emessi da imprese controllate
A174: 150 | B174: 1 | C174: 3 | D174: 4 | E174: 5 | F174: 0 | G174: =CONCATENATE(B174,".",C174,".",D174,".",E174,".",F174) -> 1.3.4.5.0 | J174: IV | K174: Titoli che costituiscono immobilizzazioni emessi da imprese collegate
A175: 151 | B175: 1 | C175: 3 | D175: 4 | E175: 6 | F175: 0 | G175: =CONCATENATE(B175,".",C175,".",D175,".",E175,".",F175) -> 1.3.4.6.0 | J175: IV | K175: Titoli che costituiscono immobilizzazioni emessi da altre società non incluse fra le amministrazioni pubbliche
A176: 152 | B176: 1 | C176: 3 | D176: 4 | E176: 7 | F176: 0 | G176: =CONCATENATE(B176,".",C176,".",D176,".",E176,".",F176) -> 1.3.4.7.0 | J176: IV | K176: Titoli che costituiscono immobilizzazioni emessi da altre Amministrazioni Centrali
A177: 153 | B177: 1 | C177: 3 | D177: 4 | E177: 8 | F177: 0 | G177: =CONCATENATE(B177,".",C177,".",D177,".",E177,".",F177) -> 1.3.4.8.0 | J177: IV | K177: Titoli che costituiscono immobilizzazioni emessi da altre Amministrazioni Locali
A178: 154 | B178: 1 | C178: 3 | D178: 4 | E178: 9 | F178: 0 | G178: =CONCATENATE(B178,".",C178,".",D178,".",E178,".",F178) -> 1.3.4.9.0 | J178: IV | K178: Titoli che costituiscono immobilizzazioni emessi da Enti di Previdenza e Assistenza
A179: 155 | B179: 1 | C179: 3 | D179: 4 | E179: 10 | F179: 0 | G179: =CONCATENATE(B179,".",C179,".",D179,".",E179,".",F179) -> 1.3.4.10.0 | J179: IV | K179: Titoli che costituiscono immobilizzazioni emessi da Stati esteri
A180: 156 | B180: 1 | C180: 3 | D180: 4 | E180: 11 | F180: 0 | G180: =CONCATENATE(B180,".",C180,".",D180,".",E180,".",F180) -> 1.3.4.11.0 | J180: IV | K180: Quote di fondi di investimento che costituiscono immobilizzazioni
A181: 157 | B181: 1 | C181: 3 | D181: 4 | E181: 12 | F181: 0 | G181: =CONCATENATE(B181,".",C181,".",D181,".",E181,".",F181) -> 1.3.4.12.0 | J181: IV | K181: Strumenti finanziari derivati attivi che costituiscono immobilizzazioni
A182: 158 | B182: 1 | C182: 3 | D182: 5 | E182: 0 | F182: 0 | G182: =CONCATENATE(B182,".",C182,".",D182,".",E182,".",F182) -> 1.3.5.0.0 | H182: III | I182: Crediti di natura tributaria che costituiscono immobilizzazioni finanziarie | L182: SP-ATT-C.5_L
A183: 159 | B183: 1 | C183: 3 | D183: 5 | E183: 1 | F183: 0 | G183: =CONCATENATE(B183,".",C183,".",D183,".",E183,".",F183) -> 1.3.5.1.0 | J183: IV | K183: Crediti che costituiscono immobilizzazioni per imposte correnti statali sul reddito e sul patrimonio
A184: 160 | B184: 1 | C184: 3 | D184: 5 | E184: 1 | F184: 1 | G184: =CONCATENATE(B184,".",C184,".",D184,".",E184,".",F184) -> 1.3.5.1.1 | J184: V | K184: Crediti che costituiscono immobilizzazioni per Ires
A185: 161 | B185: 1 | C185: 3 | D185: 5 | E185: 1 | F185: 2 | G185: =CONCATENATE(B185,".",C185,".",D185,".",E185,".",F185) -> 1.3.5.1.2 | J185: V | K185: Crediti che costituiscono immobilizzazioni per Irpef
A186: 162 | B186: 1 | C186: 3 | D186: 5 | E186: 2 | F186: 0 | G186: =CONCATENATE(B186,".",C186,".",D186,".",E186,".",F186) -> 1.3.5.2.0 | J186: IV | K186: Crediti che costituiscono immobilizzazioni per imposte correnti sul reddito e sul patrimonio proprie degli enti territoriali
A187: 163 | B187: 1 | C187: 3 | D187: 5 | E187: 2 | F187: 1 | G187: =CONCATENATE(B187,".",C187,".",D187,".",E187,".",F187) -> 1.3.5.2.1 | J187: V | K187: Crediti che costituiscono immobilizzazioni per addizionale regionale all'Irpef
A188: 164 | B188: 1 | C188: 3 | D188: 5 | E188: 2 | F188: 2 | G188: =CONCATENATE(B188,".",C188,".",D188,".",E188,".",F188) -> 1.3.5.2.2 | J188: V | K188: Crediti che costituiscono immobilizzazioni per addizionale comunale all'Irpef
A189: 165 | B189: 1 | C189: 3 | D189: 5 | E189: 2 | F189: 3 | G189: =CONCATENATE(B189,".",C189,".",D189,".",E189,".",F189) -> 1.3.5.2.3 | J189: V | K189: Crediti che costituiscono immobilizzazioni per IMU
A190: 166 | B190: 1 | C190: 3 | D190: 5 | E190: 2 | F190: 4 | G190: =CONCATENATE(B190,".",C190,".",D190,".",E190,".",F190) -> 1.3.5.2.4 | J190: V | K190: Crediti che costituiscono immobilizzazioni per altre imposte correnti sul reddito e sul patrimonio proprie degli enti territoriali
...
